Workbook

Sheet Introdução

Sheet TabAux
B3: Mês | C3: Salário | D3: Bônus | E3: Hora Extra | F3: Aluguel | G3: Pensão | H3: Outros | I3: Ganhos | W3: Mês | X3: Habitação | Y3: Alimentação | Z3: Saúde | AA3: Transporte | AB3: Educação | AC3: Lazer | AD3: Impostos | AE3: Aparelhos Pessoais | AF3: Acessórios | AG3: Cuidados Estéticos | AH3: Outros | AJ3: Ano
B4: Janeiro | C4: =Receita!$E$3 | D4: =Receita!$E4 | E4: =Receita!$E5 | F4: =Receita!$E6 | G4: =Receita!$E7 | H4: =Receita!$E8 | I4: =Geral!F$113 -> 0 | W4: Janeiro | X4: =Geral!$F$8+Geral!$F$53 -> 0 | Y4: =Geral!F$13+Geral!F$57 -> 0 | Z4: =Geral!F65+Geral!F23 -> 0 | AA4: =Geral!$F$18+Geral!$F$61 -> 0 | AB4: =Geral!$F$28+Geral!$F$69 -> 0 | AC4: =Geral!$F$33+Geral!$F$73 -> 0 | AD4: =Geral!$F$38 -> 0 | AE4: =Geral!$F$77 -> 0 | AF4: =Geral!$F$85 -> 0 | AG4: =Geral!$F$89 -> 0 | AH4: =Geral!$F$43+Geral!$F$93 -> 0 | AJ4: =SUM(X4:AI4) -> 0
B5: Fevereiro | C5: =Receita!$F$3 | D5: =Receita!$F$4 | E5: =Receita!$F$5 | F5: =Receita!$F$6 | G5: =Receita!$F$7 | H5: =Receita!$F$8 | I5: =Geral!G$113 -> 0 | W5: Fevereiro | X5: =Geral!$G$8+Geral!$G$53 -> 0 | Y5: =Geral!G$13+Geral!G$57 -> 0 | Z5: =Geral!$G$23+Geral!$G$65 -> 0 | AA5: =Geral!$G$18+Geral!$G$61 -> 0 | AB5: =Geral!$G$28+Geral!$G$69 -> 0 | AC5: =Geral!$G$33+Geral!$G$73 -> 0 | AD5: =Geral!$G$38 -> 0 | AE5: =Geral!$G$77 -> 0 | AF5: =Geral!$G$85 -> 0 | AG5: =Geral!$G$89 -> 0 | AH5: =Geral!$G$43+Geral!$G$93 -> 0 | AJ5: =SUM(X5:AI5) -> 0
B6: Março | C6: =Receita!$G$3 | D6: =Receita!$G$4 | E6: =Receita!$G$5 | F6: =Receita!$G$6 | G6: =Receita!$G$7 | H6: =Receita!$G$8 | I6: =Geral!H$113 -> 0 | W6: Março | X6: =Geral!$H$8+Geral!$H$53 -> 0 | Y6: =Geral!H$13+Geral!H$57 -> 0 | Z6: =Geral!$H$23+Geral!$H$65 -> 0 | AA6: =Geral!$H$18+Geral!$H$61 -> 0 | AB6: =Geral!$H$28+Geral!$H$69 -> 0 | AC6: =Geral!$H$33+Geral!$H$73 -> 0 | AD6: =Geral!$H$38 -> 0 | AE6: =Geral!$H$77 -> 0 | AF6: =Geral!$H$85 -> 0 | AG6: =Geral!$H$89 -> 0 | AH6: =Geral!$H$43+Geral!$H$93 -> 0 | AJ6: =SUM(X6:AI6) -> 0
B7: Abril | C7: =Receita!$H$3 | D7: =Receita!$H$4 | E7: =Receita!$H$5 | F7: =Receita!$H$6 | G7: =Receita!$H$7 | H7: =Receita!$H$8 | I7: =Geral!I$113 -> 0 | W7: Abril | X7: =Geral!$I$8+Geral!$I$53 -> 0 | Y7: =Geral!I$13+Geral!I$57 -> 0 | Z7: =Geral!$I$23+Geral!$I$65 -> 0 | AA7: =Geral!$I$18+Geral!$I$61 -> 0 | AB7: =Geral!$I$28+Geral!$I$69 -> 0 | AC7: =Geral!$I$33+Geral!$I$73 -> 0 | AD7: =Geral!$I$38 -> 0 | AE7: =Geral!$I$77 -> 0 | AF7: =Geral!$I$85 -> 0 | AG7: =Geral!$I$89 -> 0 | AH7: =Geral!$I$43+Geral!$I$93 -> 0 | AJ7: =SUM(X7:AI7) -> 0
B8: Maio | C8: =Receita!$I$3 | D8: =Receita!$I$4 | E8: =Receita!$I$5 | F8: =Receita!$I$6 | G8: =Receita!$I$7 | H8: =Receita!$I$8 | I8: =Geral!J$113 -> 0 | W8: Maio | X8: =Geral!$J$8+Geral!$J$53 -> 0 | Y8: =Geral!J$13+Geral!J$57 -> 0 | Z8: =Geral!$J$23+Geral!$J$65 -> 0 | AA8: =Geral!$J$18+Geral!$J$61 -> 0 | AB8: =Geral!$J$28+Geral!$J$69 -> 0 | AC8: =Geral!$J$33+Geral!$J$73 -> 0 | AD8: =Geral!$J$38 -> 0 | AE8: =Geral!$J$77 -> 0 | AF8: =Geral!$J$85 -> 0 | AG8: =Geral!$J$89 -> 0 | AH8: =Geral!$J$43+Geral!$J$93 -> 0 | AJ8: =SUM(X8:AI8) -> 0
B9: Junho | C9: =Receita!$J$3 | D9: =Receita!$J$4 | E9: =Receita!$J$5 | F9: =Receita!$J$6 | G9: =Receita!$J$7 | H9: =Receita!$J$8 | I9: =Geral!K$113 -> 0 | W9: Junho | X9: =Geral!$K$8+Geral!$K$53 -> 0 | Y9: =Geral!K$13+Geral!K$57 -> 0 | Z9: =Geral!$K$23+Geral!$K$65 -> 0 | AA9: =Geral!$K$18+Geral!$K$61 -> 0 | AB9: =Geral!$K$28+Geral!$K$69 -> 0 | AC9: =Geral!$K$33+Geral!$K$73 -> 0 | AD9: =Geral!$K$38 -> 0 | AE9: =Geral!$K$77 -> 0 | AF9: =Geral!$K$85 -> 0 | AG9: =Geral!$K$89 -> 0 | AH9: =Geral!$K$43+Geral!$K$93 -> 0 | AJ9: =SUM(X9:AI9) -> 0
B10: Julho | C10: =Receita!$K$3 | D10: =Receita!$K$4 | E10: =Receita!$K$5 | F10: =Receita!$K$6 | G10: =Receita!$K$7 | H10: =Receita!$K$8 | I10: =Geral!L$113 -> 0 | W10: Julho | X10: =Geral!$L$8+Geral!$L$53 -> 0 | Y10: =Geral!L$13+Geral!L$57 -> 0 | Z10: =Geral!$L$23+Geral!$L$65 -> 0 | AA10: =Geral!$L$18+Geral!$L$61 -> 0 | AB10: =Geral!$L$28+Geral!$L$69 -> 0 | AC10: =Geral!$L$33+Geral!$L$73 -> 0 | AD10: =Geral!$L$38 -> 0 | AE10: =Geral!$L$77 -> 0 | AF10: =Geral!$L$85 -> 0 | AG10: =Geral!$L$89 -> 0 | AH10: =Geral!$L$43+Geral!$L$93 -> 0 | AJ10: =SUM(X10:AI10) -> 0
B11: Agosto | C11: =Receita!$L$3 | D11: =Receita!$L$4 | E11: =Receita!$L$5 | F11: =Receita!$L$6 | G11: =Receita!$L$7 | H11: =Receita!$L$8 | I11: =Geral!M$113 -> 0 | W11: Agosto | X11: =Geral!$M$8+Geral!$M$53 -> 0 | Y11: =Geral!M$13+Geral!M$57 -> 0 | Z11: =Geral!$M$23+Geral!$M$65 -> 0 | AA11: =Geral!$M$18+Geral!$M$61 -> 0 | AB11: =Geral!$M$28+Geral!$M$69 -> 0 | AC11: =Geral!$M$33+Geral!$M$73 -> 0 | AD11: =Geral!$M$38 -> 0 | AE11: =Geral!$M$77 -> 0 | AF11: =Geral!$M$85 -> 0 | AG11: =Geral!$M$89 -> 0 | AH11: =Geral!$M$43+Geral!$M$93 -> 0 | AJ11: =SUM(X11:AI11) -> 0
B12: Setembro | C12: =Receita!$M$3 | D12: =Receita!$M$4 | E12: =Receita!$M$5 | F12: =Receita!$M$6 | G12: =Receita!$M$7 | H12: =Receita!$M$8 | I12: =Geral!N$113 -> 0 | W12: Setembro | X12: =Geral!$N$8+Geral!$N$53 -> 0 | Y12: =Geral!N$13+Geral!N$57 -> 0 | Z12: =Geral!$N$23+Geral!$N$65 -> 0 | AA12: =Geral!$N$18+Geral!$N$61 -> 0 | AB12: =Geral!$N$28+Geral!$N$69 -> 0 | AC12: =Geral!$N$33+Geral!$N$73 -> 0 | AD12: =Geral!$N$38 -> 0 | AE12: =Geral!$N$77 -> 0 | AF12: =Geral!$N$85 -> 0 | AG12: =Geral!$N$89 -> 0 | AH12: =Geral!$N$43+Geral!$N$93 -> 0 | AJ12: =SUM(X12:AI12) -> 0
B13: Outubro | C13: =Receita!$N$3 | D13: =Receita!$N$4 | E13: =Receita!$N$5 | F13: =Receita!$N$6 | G13: =Receita!$N$7 | H13: =Receita!$N$8 | I13: =Geral!O$113 -> 0 | W13: Outubro | X13: =Geral!$O$8+Geral!$O$53 -> 0 | Y13: =Geral!O$13+Geral!O$57 -> 0 | Z13: =Geral!$O$23+Geral!$O$65 -> 0 | AA13: =Geral!$O$18+Geral!$O$61 -> 0 | AB13: =Geral!$O$28+Geral!$O$69 -> 0 | AC13: =Geral!$O$33+Geral!$O$73 -> 0 | AD13: =Geral!$O$38 -> 0 | AE13: =Geral!$O$77 -> 0 | AF13: =Geral!$O$85 -> 0 | AG13: =Geral!$O$89 -> 0 | AH13: =Geral!$O$43+Geral!$O$93 -> 0 | AJ13: =SUM(X13:AI13) -> 0
B14: Novembro | C14: =Receita!$O$3 | D14: =Receita!$O$4 | E14: =Receita!$O$5 | F14: =Receita!$O$6 | G14: =Receita!$O$7 | H14: =Receita!$O$8 | I14: =Geral!P$113 -> 0 | W14: Novembro | X14: =Geral!$P$8+Geral!$P$53 -> 0 | Y14: =Geral!P$13+Geral!P$57 -> 0 | Z14: =Geral!$P$23+Geral!$P$65 -> 0 | AA14: =Geral!$P$18+Geral!$P$61 -> 0 | AB14: =Geral!$P$28+Geral!$P$69 -> 0 | AC14: =Geral!$P$33+Geral!$P$73 -> 0 | AD14: =Geral!$P$38 -> 0 | AE14: =Geral!$P$77 -> 0 | AF14: =Geral!$P$85 -> 0 | AG14: =Geral!$P$89 -> 0 | AH14: =Geral!$P$43+Geral!$P$93 -> 0 | AJ14: =SUM(X14:AI14) -> 0
B15: Dezembro | C15: =Receita!$P$3 | D15: =Receita!$P$4 | E15: =Receita!$P$5 | F15: =Receita!$P$6 | G15: =Receita!$P$7 | H15: =Receita!$P$8 | I15: =Geral!Q$113 -> 0 | L15: 1 | W15: Dezembro | X15: =Geral!$Q$8+Geral!$Q$53 -> 0 | Y15: =Geral!Q$13+Geral!Q$57 -> 0 | Z15: =Geral!$Q$23+Geral!$Q$65 -> 0 | AA15: =Geral!$Q$18+Geral!$Q$61 -> 0 | AB15: =Geral!$Q$28+Geral!$Q$69 -> 0 | AC15: =Geral!$Q$33+Geral!$Q$73 -> 0 | AD15: =Geral!$Q$38 -> 0 | AE15: =Geral!$Q$77 -> 0 | AF15: =Geral!$Q$85 -> 0 | AG15: =Geral!$Q$89 -> 0 | AH15: =Geral!$Q$43+Geral!$Q$93 -> 0 | AJ15: =SUM(X15:AI15) -> 0
B16: Ano | C16: =Receita!$E$3 | D16: =SUM(D4:D15) -> 0 | E16: =SUM(E4:E15) -> 0 | F16: =SUM(F4:F15) -> 0 | G16: =SUM(G4:G15) -> 0 | H16: =SUM(H4:H15) -> 0 | I16: =SUM(I4:I15) -> 0 | W16: Ano | X16: =SUM(X4:X15) -> 0 | Y16: =SUM(Y4:Y15) -> 0 | Z16: =SUM(Z4:Z15) -> 0 | AA16: =SUM(AA4:AA15) -> 0 | AB16: =SUM(AB4:AB15) -> 0 | AC16: =SUM(AC4:AC15) -> 0 | AD16: =SUM(AD4:AD15) -> 0 | AE16: =SUM(AE4:AE15) -> 0 | ... AH16: =SUM(AH4:AH15) -> 0 | AJ16: =SUM(X16:AI16) -> 0
C17: 2 | D17: 3 | E17: 4 | F17: 5 | G17: 6 | H17: 7 | I17: 8 | X17: 2 | Y17: 3 | Z17: 4 | AA17: 5 | AB17: 6 | AC17: 7 | AD17: 8 | AE17: 9 | AF17: 10 | AG17: 11 | AH17: 12
B18: {=INDEX(B4:B16,L15)} -> Janeiro | C18: Salário | D18: Bônus | E18: Hora Extra | F18: Aluguel | G18: Pensão | H18: Outros | I18: Ganhos | W18: {=INDEX(W4:W15,X22)} -> Janeiro | X18: Habitação | Y18: Alimentação | Z18: Saúde | AA18: Transporte | AB18: Educação | AC18: Lazer | AD18: Impostos | AE18: Aparelhos Pessoais | AF18: Acessórios | AG18: Cuidados Estéticos | AH18: Outros
C19: =VLOOKUP($B$18,$B$3:$I$16,C$17,0) | D19: =VLOOKUP($B$18,$B$3:$I$16,D$17,0) | E19: =VLOOKUP($B$18,$B$3:$I$16,E$17,0) | F19: =VLOOKUP($B$18,$B$3:$I$16,F$17,0) | G19: =VLOOKUP($B$18,$B$3:$I$16,G$17,0) | H19: =VLOOKUP($B$18,$B$3:$I$16,H$17,0) | I19: =VLOOKUP($B$18,$B$3:$I$16,I$17,0) -> 0 | J19: =VLOOKUP($B$7,$A$11:$N$20,J$6,0) -> #VALUE! | K19: =VLOOKUP($B$7,$A$11:$N$20,K$6,0) -> #VALUE! | L19: =VLOOKUP($B$7,$A$11:$N$20,L$6,0) -> #VALUE! | M19: =VLOOKUP($B$7,$A$11:$N$20,M$6,0) -> #VALUE! | N19: =VLOOKUP($B$7,$A$11:$N$20,N$6,0) -> #VALUE! | X19: =VLOOKUP($W$18,$W$4:$AH$15,X17,0) -> 0 | Y19: =VLOOKUP($W$18,$W$4:$AH$15,Y17,0) -> 0 | Z19: =VLOOKUP($W$18,$W$4:$AH$15,Z17,0) -> 0 | AA19: =VLOOKUP($W$18,$W$4:$AH$15,AA17,0) -> 0 | AB19: =VLOOKUP($W$18,$W$4:$AH$15,AB17,0) -> 0 | AC19: =VLOOKUP($W$18,$W$4:$AH$15,AC17,0) -> 0 | AD19: =VLOOKUP($W$18,$W$4:$AH$15,AD17,0) -> 0 | AE19: =VLOOKUP($W$18,$W$4:$AH$15,AE17,0) -> 0 | ... AH19: =VLOOKUP($W$18,$W$4:$AH$15,AH17,0) -> 0
X22: 1
V30: Tipos de despesa | W30: Janeiro | X30: Fevereiro | Y30: Março | Z30: Abril | AA30: Maio | AB30: Junho | AC30: Julho | AD30: Agosto | AE30: Setembro | AF30: Outubro | AG30: Novembro | AH30: Dezembro | AI30: Ano
V31: Habitação | W31: =Geral!$F$8+Geral!$F$53 -> 0 | X31: =Geral!$G$8+Geral!$G$53 -> 0 | Y31: =Geral!$H$8+Geral!$H$53 -> 0 | Z31: =Geral!$I$8+Geral!$I$53 -> 0 | AA31: =Geral!$J$8+Geral!$J$53 -> 0 | AB31: =Geral!$K$8+Geral!$K$53 -> 0 | AC31: =Geral!$L$8+Geral!$L$53 -> 0 | AD31: =Geral!$M$8+Geral!$M$53 -> 0 | AE31: =Geral!$N$8+Geral!$N$53 -> 0 | AF31: =Geral!$O$8+Geral!$O$53 -> 0 | AG31: =Geral!$P$8+Geral!$P$53 -> 0 | AH31: =Geral!$Q$8+Geral!$Q$53 -> 0 | AI31: =SUM(W31:AH31) -> 0
V32: Saúde | W32: =Geral!$F$9+Geral!$F$54 -> #DIV/0! | X32: =Geral!$G$23+Geral!$G$65 -> 0 | Y32: =Geral!$H$23+Geral!$H$65 -> 0 | Z32: =Geral!$I$23+Geral!$I$65 -> 0 | AA32: =Geral!$J$23+Geral!$J$65 -> 0 | AB32: =Geral!$K$23+Geral!$K$65 -> 0 | AC32: =Geral!$L$23+Geral!$L$65 -> 0 | AD32: =Geral!$M$23+Geral!$M$65 -> 0 | AE32: =Geral!$N$23+Geral!$N$65 -> 0 | AF32: =Geral!$O$23+Geral!$O$65 -> 0 | AG32: =Geral!$P$23+Geral!$P$65 -> 0 | AH32: =Geral!$Q$23+Geral!$Q$65 -> 0 | AI32: =SUM(W32:AH32) -> #DIV/0!
V33: Transporte | W33: =Geral!$F$12+Geral!$F$57 -> 0 | X33: =Geral!$G$18+Geral!$G$61 -> 0 | Y33: =Geral!$H$18+Geral!$H$61 -> 0 | Z33: =Geral!$I$18+Geral!$I$61 -> 0 | AA33: =Geral!$J$18+Geral!$J$61 -> 0 | AB33: =Geral!$K$18+Geral!$K$61 -> 0 | AC33: =Geral!$L$18+Geral!$L$61 -> 0 | AD33: =Geral!$M$18+Geral!$M$61 -> 0 | AE33: =Geral!$N$18+Geral!$N$61 -> 0 | AF33: =Geral!$O$18+Geral!$O$61 -> 0 | AG33: =Geral!$P$18+Geral!$P$61 -> 0 | AH33: =Geral!$Q$18+Geral!$Q$61 -> 0 | AI33: =SUM(W33:AH33) -> 0
B34: Origem/Mês | C34: Janeiro | D34: Fevereiro | E34: Março | F34: Abril | G34: Maio | H34: Junho | I34: Julho | J34: Agosto | K34: Setembro | L34: Outubro | M34: Novembro | N34: Dezembro | O34: Ano | V34: Educação | W34: =Geral!$F$28+Geral!$F$69 -> 0 | X34: =Geral!$G$28+Geral!$G$69 -> 0 | Y34: =Geral!$H$28+Geral!$H$69 -> 0 | Z34: =Geral!$I$28+Geral!$I$69 -> 0 | AA34: =Geral!$J$28+Geral!$J$69 -> 0 | AB34: =Geral!$K$28+Geral!$K$69 -> 0 | AC34: =Geral!$L$28+Geral!$L$69 -> 0 | AD34: =Geral!$M$28+Geral!$M$69 -> 0 | AE34: =Geral!$N$28+Geral!$N$69 -> 0 | AF34: =Geral!$O$28+Geral!$O$69 -> 0 | AG34: =Geral!$P$28+Geral!$P$69 -> 0 | AH34: =Geral!$Q$28+Geral!$Q$69 -> 0 | AI34: =SUM(W34:AH34) -> 0
B35: Salário | C35: 200 | D35: 200 | E35: 200 | F35: 200 | G35: 200 | H35: 200 | I35: 200 | J35: 200 | K35: 200 | L35: 200 | M35: 200 | N35: 200 | O35: =SUM(C35:N35) -> 2400 | V35: Lazer | W35: =Geral!$F$33+Geral!$F$73 -> 0 | X35: =Geral!$G$33+Geral!$G$73 -> 0 | Y35: =Geral!$H$33+Geral!$H$73 -> 0 | Z35: =Geral!$I$33+Geral!$I$73 -> 0 | AA35: =Geral!$J$33+Geral!$J$73 -> 0 | AB35: =Geral!$K$33+Geral!$K$73 -> 0 | AC35: =Geral!$L$33+Geral!$L$73 -> 0 | AD35: =Geral!$M$33+Geral!$M$73 -> 0 | AE35: =Geral!$N$33+Geral!$N$73 -> 0 | AF35: =Geral!$O$33+Geral!$O$73 -> 0 | AG35: =Geral!$P$33+Geral!$P$73 -> 0 | AH35: =Geral!$Q$33+Geral!$Q$73 -> 0 | AI35: =SUM(W35:AH35) -> 0
B36: Bônus | O36: =SUM(C36:N36) -> 0 | V36: Impostos | W36: =Geral!$F$38 -> 0 | X36: =Geral!$G$38 -> 0 | Y36: =Geral!$H$38 -> 0 | Z36: =Geral!$I$38 -> 0 | AA36: =Geral!$J$38 -> 0 | AB36: =Geral!$K$38 -> 0 | AC36: =Geral!$L$38 -> 0 | AD36: =Geral!$M$38 -> 0 | AE36: =Geral!$N$38 -> 0 | AF36: =Geral!$O$38 -> 0 | AG36: =Geral!$P$38 -> 0 | AH36: =Geral!$Q$38 -> 0 | AI36: =SUM(W36:AH36) -> 0
B37: Hora Extra | D37: 10 | O37: =SUM(C37:N37) -> 10 | V37: Aparelhos Pessoais | W37: =Geral!$F$77 -> 0 | X37: =Geral!$G$77 -> 0 | Y37: =Geral!$H$77 -> 0 | Z37: =Geral!$I$77 -> 0 | AA37: =Geral!$J$77 -> 0 | AB37: =Geral!$K$77 -> 0 | AC37: =Geral!$L$77 -> 0 | AD37: =Geral!$M$77 -> 0 | AE37: =Geral!$N$77 -> 0 | AF37: =Geral!$O$77 -> 0 | AG37: =Geral!$P$77 -> 0 | AH37: =Geral!$Q$77 -> 0 | AI37: =SUM(W37:AH37) -> 0
B38: Aluguel | K38: 300 | M38: 300 | N38: 300 | O38: =SUM(C38:N38) -> 900 | V38: Acessórios | W38: =Geral!$F$85 -> 0 | X38: =Geral!$G$85 -> 0 | Y38: =Geral!$H$85 -> 0 | Z38: =Geral!$I$85 -> 0 | AA38: =Geral!$J$85 -> 0 | AB38: =Geral!$K$85 -> 0 | AC38: =Geral!$L$85 -> 0 | AD38: =Geral!$M$85 -> 0 | AE38: =Geral!$N$85 -> 0 | AF38: =Geral!$O$85 -> 0 | AG38: =Geral!$P$85 -> 0 | AH38: =Geral!$Q$85 -> 0 | AI38: =SUM(W38:AH38) -> 0
B39: Pensão | C39: 40 | I39: 20 | O39: =SUM(C39:N39) -> 60 | V39: Cuidados Estéticos | W39: =Geral!$F$89 -> 0 | X39: =Geral!$G$89 -> 0 | Y39: =Geral!$H$89 -> 0 | Z39: =Geral!$I$89 -> 0 | AA39: =Geral!$J$89 -> 0 | AB39: =Geral!$K$89 -> 0 | AC39: =Geral!$L$89 -> 0 | AD39: =Geral!$M$89 -> 0 | AE39: =Geral!$N$89 -> 0 | AF39: =Geral!$O$89 -> 0 | AG39: =Geral!$P$89 -> 0 | AH39: =Geral!$Q$89 -> 0 | AI39: =SUM(W39:AH39) -> 0
B40: Outros | N40: 150 | O40: =SUM(C40:N40) -> 150 | V40: Outros | W40: =Geral!$F$43+Geral!$F$93 -> 0 | X40: =Geral!$G$43+Geral!$G$93 -> 0 | Y40: =Geral!$H$43+Geral!$H$93 -> 0 | Z40: =Geral!$I$43+Geral!$I$93 -> 0 | AA40: =Geral!$J$43+Geral!$J$93 -> 0 | AB40: =Geral!$K$43+Geral!$K$93 -> 0 | AC40: =Geral!$L$43+Geral!$L$93 -> 0 | AD40: =Geral!$M$43+Geral!$M$93 -> 0 | AE40: =Geral!$N$43+Geral!$N$93 -> 0 | AF40: =Geral!$O$43+Geral!$O$93 -> 0 | AG40: =Geral!$P$43+Geral!$P$93 -> 0 | AH40: =Geral!$Q$43+Geral!$Q$93 -> 0 | AI40: =SUM(W40:AH40) -> 0
V41: Alimentação | W41: =Geral!F$13+Geral!F$57 -> 0 | X41: =Geral!G$13+Geral!G$57 -> 0 | Y41: =Geral!H$13+Geral!H$57 -> 0 | Z41: =Geral!I$13+Geral!I$57 -> 0 | AA41: =Geral!J$13+Geral!J$57 -> 0 | AB41: =Geral!K$13+Geral!K$57 -> 0 | AC41: =Geral!L$13+Geral!L$57 -> 0 | AD41: =Geral!M$13+Geral!M$57 -> 0 | ... AH41: =Geral!Q$13+Geral!Q$57 -> 0 | AI41: =SUM(W41:AH41) -> 0
E55: 1 | F55: 1

Sheet Gráficos Receita
L11: 11
N20: *Selecione o mês que deseja analisar com o botão acima.
N21: *Se adicionar uma origem para Receita, esse gráfico não irá incluir.

Sheet Gráficos Despesa
K20: *Selecione o mês que deseja analisar no botão acima.
K21: *O gráfico computará as despesas incluídas dentro de cada categoria.

Sheet Gráficos Investimentos

Sheet Gráficos Resultado

Sheet Geral
E2: Origem/Mês | F2: Janeiro | G2: Fevereiro | H2: Março | I2: Abril | J2: Maio | K2: Junho | L2: Julho | M2: Agosto | N2: Setembro | O2: Outubro | P2: Novembro | Q2: Dezembro | R2: Ano
B3: Receita | E3: Receita Recebida sem Ganhos de Investimento | F3: =Receita!E9 -> 0 | G3: =Receita!F9 -> 0 | H3: =Receita!G9 -> 0 | I3: =Receita!H9 -> 0 | J3: =Receita!I9 -> 0 | K3: =Receita!J9 -> 0 | L3: =Receita!K9 -> 0 | M3: =Receita!L9 -> 0 | ... Q3: =Receita!P9 -> 0 | R3: =SUM(F3:Q3) -> 0
E4: Receita Recebida com Ganhos de Investimento | F4: =F3+F113 -> 0 | G4: =G3+G113 -> 0 | H4: =H3+H113 -> 0 | I4: =I3+I113 -> 0 | J4: =J3+J113 -> 0 | K4: =K3+K113 -> 0 | L4: =L3+L113 -> 0 | M4: =M3+M113 -> 0 | ... R4: =R3+R113 -> 0
E5: Meta da Receita | R5: =SUM(F5:Q5) -> 0
E6: % de Recebido sobre Meta | F6: =F3/F5 -> #DIV/0! | G6: =G3/G5 -> #DIV/0! | H6: =H3/H5 -> #DIV/0! | I6: =I3/I5 -> #DIV/0! | J6: =J3/J5 -> #DIV/0! | K6: =K3/K5 -> #DIV/0! | L6: =L3/L5 -> #DIV/0! | M6: =M3/M5 -> #DIV/0! | ... R6: =R3/R5 -> #DIV/0!
B8: Despesa | C8: Despesa Fixa (Ir para aba "Despesa Fixa") | D8: Habitação | E8: Total Habitação | F8: ='Despesa Fixa'!E14 -> 0 | G8: ='Despesa Fixa'!F14 -> 0 | H8: ='Despesa Fixa'!G14 -> 0 | I8: ='Despesa Fixa'!H14 -> 0 | J8: ='Despesa Fixa'!I14 -> 0 | K8: ='Despesa Fixa'!J14 -> 0 | L8: ='Despesa Fixa'!K14 -> 0 | M8: ='Despesa Fixa'!L14 -> 0 | ... Q8: ='Despesa Fixa'!P14 -> 0 | R8: =SUM(F8:Q8) -> 0
E9: % da Receita Recebida com Ganhos | F9: =F8/F$4 -> #DIV/0! | G9: =G8/G$4 -> #DIV/0! | H9: =H8/H$4 -> #DIV/0! | I9: =I8/I$4 -> #DIV/0! | J9: =J8/J$4 -> #DIV/0! | K9: =K8/K$4 -> #DIV/0! | L9: =L8/L$4 -> #DIV/0! | M9: =M8/M$4 -> #DIV/0! | ... R9: =R8/R$4 -> #DIV/0!
E10: Meta | R10: =SUM(F10:Q10) -> 0
E11: % da Meta | F11: =F8/F10 -> #DIV/0! | G11: =G8/G10 -> #DIV/0! | H11: =H8/H10 -> #DIV/0! | I11: =I8/I10 -> #DIV/0! | J11: =J8/J10 -> #DIV/0! | K11: =K8/K10 -> #DIV/0! | L11: =L8/L10 -> #DIV/0! | M11: =M8/M10 -> #DIV/0! | ... R11: =R8/R10 -> #DIV/0!
D13: Alimentação | E13: Total Alimentação | F13: ='Despesa Fixa'!E24 -> 0 | G13: ='Despesa Fixa'!F24 -> 0 | H13: ='Despesa Fixa'!G24 -> 0 | I13: ='Despesa Fixa'!H24 -> 0 | J13: ='Despesa Fixa'!I24 -> 0 | K13: ='Despesa Fixa'!J24 -> 0 | L13: ='Despesa Fixa'!K24 -> 0 | M13: ='Despesa Fixa'!L24 -> 0 | ... Q13: ='Despesa Fixa'!P24 -> 0 | R13: =SUM(F13:Q13) -> 0
E14: % da Receita Recebida com Ganhos | F14: =F13/F$4 -> #DIV/0! | G14: =G13/G$4 -> #DIV/0! | H14: =H13/H$4 -> #DIV/0! | I14: =I13/I$4 -> #DIV/0! | J14: =J13/J$4 -> #DIV/0! | K14: =K13/K$4 -> #DIV/0! | L14: =L13/L$4 -> #DIV/0! | M14: =M13/M$4 -> #DIV/0! | ... R14: =R13/R$4 -> #DIV/0!
E15: Meta | R15: =SUM(F15:Q15) -> 0
E16: % da Meta | F16: =F13/F15 -> #DIV/0! | G16: =G13/G15 -> #DIV/0! | H16: =H13/H15 -> #DIV/0! | I16: =I13/I15 -> #DIV/0! | J16: =J13/J15 -> #DIV/0! | K16: =K13/K15 -> #DIV/0! | L16: =L13/L15 -> #DIV/0! | M16: =M13/M15 -> #DIV/0! | ... R16: =R13/R15 -> #DIV/0!
D18: Transporte | E18: Total Transporte | F18: ='Despesa Fixa'!E30 -> 0 | G18: ='Despesa Fixa'!F30 -> 0 | H18: ='Despesa Fixa'!G30 -> 0 | I18: ='Despesa Fixa'!H30 -> 0 | J18: ='Despesa Fixa'!I30 -> 0 | K18: ='Despesa Fixa'!J30 -> 0 | L18: ='Despesa Fixa'!K30 -> 0 | M18: ='Despesa Fixa'!L30 -> 0 | ... Q18: ='Despesa Fixa'!P30 -> 0 | R18: =SUM(F18:Q18) -> 0
E19: % da Receita Recebida com Ganhos | F19: =F18/F$4 -> #DIV/0! | G19: =G18/G$4 -> #DIV/0! | H19: =H18/H$4 -> #DIV/0! | I19: =I18/I$4 -> #DIV/0! | J19: =J18/J$4 -> #DIV/0! | K19: =K18/K$4 -> #DIV/0! | L19: =L18/L$4 -> #DIV/0! | M19: =M18/M$4 -> #DIV/0! | ... R19: =R18/R$4 -> #DIV/0!
E20: Meta | R20: =SUM(F20:Q20) -> 0
E21: % da Meta | F21: =F18/F20 -> #DIV/0! | G21: =G18/G20 -> #DIV/0! | H21: =H18/H20 -> #DIV/0! | I21: =I18/I20 -> #DIV/0! | J21: =J18/J20 -> #DIV/0! | K21: =K18/K20 -> #DIV/0! | L21: =L18/L20 -> #DIV/0! | M21: =M18/M20 -> #DIV/0! | ... R21: =R18/R20 -> #DIV/0!
D23: Saúde | E23: Total Saúde | F23: ='Despesa Fixa'!E37 -> 0 | G23: ='Despesa Fixa'!F37 -> 0 | H23: ='Despesa Fixa'!G37 -> 0 | I23: ='Despesa Fixa'!H37 -> 0 | J23: ='Despesa Fixa'!I37 -> 0 | K23: ='Despesa Fixa'!J37 -> 0 | L23: ='Despesa Fixa'!K37 -> 0 | M23: ='Despesa Fixa'!L37 -> 0 | ... Q23: ='Despesa Fixa'!P37 -> 0 | R23: =SUM(F23:Q23) -> 0
E24: % da Receita Recebida com Ganhos | F24: =F23/F$4 -> #DIV/0! | G24: =G23/G$4 -> #DIV/0! | H24: =H23/H$4 -> #DIV/0! | I24: =I23/I$4 -> #DIV/0! | J24: =J23/J$4 -> #DIV/0! | K24: =K23/K$4 -> #DIV/0! | L24: =L23/L$4 -> #DIV/0! | M24: =M23/M$4 -> #DIV/0! | ... R24: =R23/R$4 -> #DIV/0!
E25: Meta | R25: =SUM(F25:Q25) -> 0
E26: % da Meta | F26: =F23/F25 -> #DIV/0! | G26: =G23/G25 -> #DIV/0! | H26: =H23/H25 -> #DIV/0! | I26: =I23/I25 -> #DIV/0! | J26: =J23/J25 -> #DIV/0! | K26: =K23/K25 -> #DIV/0! | L26: =L23/L25 -> #DIV/0! | M26: =M23/M25 -> #DIV/0! | ... R26: =R23/R25 -> #DIV/0!
D28: Educação | E28: Total Educação | F28: ='Despesa Fixa'!E44 -> 0 | G28: ='Despesa Fixa'!F44 -> 0 | H28: ='Despesa Fixa'!G44 -> 0 | I28: ='Despesa Fixa'!H44 -> 0 | J28: ='Despesa Fixa'!I44 -> 0 | K28: ='Despesa Fixa'!J44 -> 0 | L28: ='Despesa Fixa'!K44 -> 0 | M28: ='Despesa Fixa'!L44 -> 0 | ... Q28: ='Despesa Fixa'!P44 -> 0 | R28: =SUM(F28:Q28) -> 0
E29: % da Receita Recebida com Ganhos | F29: =F28/F$4 -> #DIV/0! | G29: =G28/G$4 -> #DIV/0! | H29: =H28/H$4 -> #DIV/0! | I29: =I28/I$4 -> #DIV/0! | J29: =J28/J$4 -> #DIV/0! | K29: =K28/K$4 -> #DIV/0! | L29: =L28/L$4 -> #DIV/0! | M29: =M28/M$4 -> #DIV/0! | ... R29: =R28/R$4 -> #DIV/0!
E30: Meta | R30: =SUM(F30:Q30) -> 0
E31: % da Meta | F31: =F28/F30 -> #DIV/0! | G31: =G28/G30 -> #DIV/0! | H31: =H28/H30 -> #DIV/0! | I31: =I28/I30 -> #DIV/0! | J31: =J28/J30 -> #DIV/0! | K31: =K28/K30 -> #DIV/0! | L31: =L28/L30 -> #DIV/0! | M31: =M28/M30 -> #DIV/0! | ... R31: =R28/R30 -> #DIV/0!
D33: Lazer | E33: Total Lazer | F33: ='Despesa Fixa'!E51 -> 0 | G33: ='Despesa Fixa'!F51 -> 0 | H33: ='Despesa Fixa'!G51 -> 0 | I33: ='Despesa Fixa'!H51 -> 0 | J33: ='Despesa Fixa'!I51 -> 0 | K33: ='Despesa Fixa'!J51 -> 0 | L33: ='Despesa Fixa'!K51 -> 0 | M33: ='Despesa Fixa'!L51 -> 0 | ... Q33: ='Despesa Fixa'!P51 -> 0 | R33: =SUM(F33:Q33) -> 0
E34: % da Receita Recebida com Ganhos | F34: =F33/F$4 -> #DIV/0! | G34: =G33/G$4 -> #DIV/0! | H34: =H33/H$4 -> #DIV/0! | I34: =I33/I$4 -> #DIV/0! | J34: =J33/J$4 -> #DIV/0! | K34: =K33/K$4 -> #DIV/0! | L34: =L33/L$4 -> #DIV/0! | M34: =M33/M$4 -> #DIV/0! | ... R34: =R33/R$4 -> #DIV/0!
E35: Meta | R35: =SUM(F35:Q35) -> 0
E36: % da Meta | F36: =F33/F35 -> #DIV/0! | G36: =G33/G35 -> #DIV/0! | H36: =H33/H35 -> #DIV/0! | I36: =I33/I35 -> #DIV/0! | J36: =J33/J35 -> #DIV/0! | K36: =K33/K35 -> #DIV/0! | L36: =L33/L35 -> #DIV/0! | M36: =M33/M35 -> #DIV/0! | ... R36: =R33/R35 -> #DIV/0!
D38: Impostos | E38: Total Impostos | F38: ='Despesa Fixa'!E57 -> 0 | G38: ='Despesa Fixa'!F57 -> 0 | H38: ='Despesa Fixa'!G57 -> 0 | I38: ='Despesa Fixa'!H57 -> 0 | J38: ='Despesa Fixa'!I57 -> 0 | K38: ='Despesa Fixa'!J57 -> 0 | L38: ='Despesa Fixa'!K57 -> 0 | M38: ='Despesa Fixa'!L57 -> 0 | ... Q38: ='Despesa Fixa'!P57 -> 0 | R38: =SUM(F38:Q38) -> 0
E39: % da Receita Recebida com Ganhos | F39: =F38/F$4 -> #DIV/0! | G39: =G38/G$4 -> #DIV/0! | H39: =H38/H$4 -> #DIV/0! | I39: =I38/I$4 -> #DIV/0! | J39: =J38/J$4 -> #DIV/0! | K39: =K38/K$4 -> #DIV/0! | L39: =L38/L$4 -> #DIV/0! | M39: =M38/M$4 -> #DIV/0! | ... R39: =R38/R$4 -> #DIV/0!
E40: Meta | R40: =SUM(F40:Q40) -> 0
E41: % da Meta | F41: =F38/F40 -> #DIV/0! | G41: =G38/G40 -> #DIV/0! | H41: =H38/H40 -> #DIV/0! | I41: =I38/I40 -> #DIV/0! | J41: =J38/J40 -> #DIV/0! | K41: =K38/K40 -> #DIV/0! | L41: =L38/L40 -> #DIV/0! | M41: =M38/M40 -> #DIV/0! | ... R41: =R38/R40 -> #DIV/0!
D43: Outros | E43: Total Outros | F43: ='Despesa Fixa'!E62 -> 0 | G43: ='Despesa Fixa'!F62 -> 0 | H43: ='Despesa Fixa'!G62 -> 0 | I43: ='Despesa Fixa'!H62 -> 0 | J43: ='Despesa Fixa'!I62 -> 0 | K43: ='Despesa Fixa'!J62 -> 0 | L43: ='Despesa Fixa'!K62 -> 0 | M43: ='Despesa Fixa'!L62 -> 0 | ... Q43: ='Despesa Fixa'!P62 -> 0 | R43: =SUM(F43:Q43) -> 0
E44: % da Receita Recebida com Ganhos | F44: =F43/F$4 -> #DIV/0! | G44: =G43/G$4 -> #DIV/0! | H44: =H43/H$4 -> #DIV/0! | I44: =I43/I$4 -> #DIV/0! | J44: =J43/J$4 -> #DIV/0! | K44: =K43/K$4 -> #DIV/0! | L44: =L43/L$4 -> #DIV/0! | M44: =M43/M$4 -> #DIV/0! | ... R44: =R43/R$4 -> #DIV/0!
E45: Meta | R45: =SUM(F45:Q45) -> 0
E46: % da Meta | F46: =F43/F45 -> #DIV/0! | G46: =G43/G45 -> #DIV/0! | H46: =H43/H45 -> #DIV/0! | I46: =I43/I45 -> #DIV/0! | J46: =J43/J45 -> #DIV/0! | K46: =K43/K45 -> #DIV/0! | L46: =L43/L45 -> #DIV/0! | M46: =M43/M45 -> #DIV/0! | ... R46: =R43/R45 -> #DIV/0!
E48: Total Fixa | F48: =SUM(F43,F38,F33,F28,F23,F18,F8) -> 0 | G48: =SUM(G43,G38,G33,G28,G23,G18,G8) -> 0 | H48: =SUM(H43,H38,H33,H28,H23,H18,H8) -> 0 | I48: =SUM(I43,I38,I33,I28,I23,I18,I8) -> 0 | J48: =SUM(J43,J38,J33,J28,J23,J18,J8) -> 0 | K48: =SUM(K43,K38,K33,K28,K23,K18,K8) -> 0 | L48: =SUM(L43,L38,L33,L28,L23,L18,L8) -> 0 | M48: =SUM(M43,M38,M33,M28,M23,M18,M8) -> 0 | ... R48: =SUM(R43,R38,R33,R28,R23,R18,R8) -> 0
E49: % da Receita Recebida com Ganhos | F49: =F48/F3 -> #DIV/0! | G49: =G48/G3 -> #DIV/0! | H49: =H48/H3 -> #DIV/0! | I49: =I48/I3 -> #DIV/0! | J49: =J48/J3 -> #DIV/0! | K49: =K48/K3 -> #DIV/0! | L49: =L48/L3 -> #DIV/0! | M49: =M48/M3 -> #DIV/0! | ... R49: =R48/R3 -> #DIV/0!
E50: Meta | R50: =SUM(F50:Q50) -> 0
E51: % da Meta | F51: =F48/F50 -> #DIV/0! | G51: =G48/G50 -> #DIV/0! | H51: =H48/H50 -> #DIV/0! | I51: =I48/I50 -> #DIV/0! | J51: =J48/J50 -> #DIV/0! | K51: =K48/K50 -> #DIV/0! | L51: =L48/L50 -> #DIV/0! | M51: =M48/M50 -> #DIV/0! | ... R51: =R48/R50 -> #DIV/0!
C53: Variável (ir para aba "Janeiro") | D53: Habitação | E53: Total Habitação | F53: =Janeiro!$AJ$34 -> 0 | G53: =Fevereiro!$AJ$29 -> 0 | H53: ='Março'!$AJ$29 -> 0 | I53: =Abril!$AJ$29 -> 0 | J53: =Maio!$AJ$29 -> 0 | K53: =Junho!$AJ$29 -> 0 | L53: =Julho!$AJ$29 -> 0 | M53: =Agosto!$AJ$29 -> 0 | N53: =Setembro!$AJ$29 -> 0 | O53: =Outubro!$AJ$29 -> 0 | P53: =Novembro!$AJ$29 -> 0 | Q53: =Dezembro!$AJ$29 -> 0 | R53: =SUM(F53:Q53) -> 0
E54: % da Receita Recebida com Ganhos | F54: =F53/F$4 -> #DIV/0! | G54: =G53/G$4 -> #DIV/0! | H54: =H53/H$4 -> #DIV/0! | I54: =I53/I$4 -> #DIV/0! | J54: =J53/J$4 -> #DIV/0! | K54: =K53/K$4 -> #DIV/0! | L54: =L53/L$4 -> #DIV/0! | M54: =M53/M$4 -> #DIV/0! | ... R54: =R53/R$4 -> #DIV/0!
E55: Meta | R55: =SUM(F55:Q55) -> 0
E56: % da Meta | F56: =F53/F55 -> #DIV/0! | G56: =G53/G55 -> #DIV/0! | H56: =H53/H55 -> #DIV/0! | I56: =I53/I55 -> #DIV/0! | J56: =J53/J55 -> #DIV/0! | K56: =K53/K55 -> #DIV/0! | L56: =L53/L55 -> #DIV/0! | M56: =M53/M55 -> #DIV/0! | ... R56: =R53/R55 -> #DIV/0!
D57: Alimentação | E57: Total Alimentação | F57: =Janeiro!$AJ$11 -> 0 | G57: =Fevereiro!$AJ$10 -> 0 | H57: ='Março'!$AJ$10 -> 0 | I57: =Abril!$AJ$10 -> 0 | J57: =Maio!$AJ$10 -> 0 | K57: =Junho!$AJ$10 -> 0 | L57: =Julho!$AJ$10 -> 0 | M57: =Agosto!$AJ$10 -> 0 | N57: =Setembro!$AJ$10 -> 0 | O57: =Outubro!$AJ$10 -> 0 | P57: =Novembro!$AJ$10 -> 0 | Q57: =Dezembro!$AJ$10 -> 0 | R57: =SUM(F57:Q57) -> 0
E58: % da Receita Recebida com Ganhos | F58: =F57/F$4 -> #DIV/0! | G58: =G57/G$4 -> #DIV/0! | H58: =H57/H$4 -> #DIV/0! | I58: =I57/I$4 -> #DIV/0! | J58: =J57/J$4 -> #DIV/0! | K58: =K57/K$4 -> #DIV/0! | L58: =L57/L$4 -> #DIV/0! | M58: =M57/M$4 -> #DIV/0! | ... R58: =R57/R$4 -> #DIV/0!
E59: Meta | R59: =SUM(F59:Q59) -> 0
E60: % da Meta | F60: =F57/F59 -> #DIV/0! | G60: =G57/G59 -> #DIV/0! | H60: =H57/H59 -> #DIV/0! | I60: =I57/I59 -> #DIV/0! | J60: =J57/J59 -> #DIV/0! | K60: =K57/K59 -> #DIV/0! | L60: =L57/L59 -> #DIV/0! | M60: =M57/M59 -> #DIV/0! | ... R60: =R57/R59 -> #DIV/0!
D61: Transporte | E61: Total Transporte | F61: =Janeiro!$AJ$21 -> 0 | G61: =Fevereiro!$AJ$19 -> 0 | H61: ='Março'!$AJ$19 -> 0 | I61: =Abril!$AJ$19 -> 0 | J61: =Maio!$AJ$19 -> 0 | K61: =Junho!$AJ$19 -> 0 | L61: =Julho!$AJ$19 -> 0 | M61: =Agosto!$AJ$19 -> 0 | N61: =Setembro!$AJ$19 -> 0 | O61: =Outubro!$AJ$19 -> 0 | P61: =Novembro!$AJ$19 -> 0 | Q61: =Dezembro!$AJ$19 -> 0 | R61: =SUM(F61:Q61) -> 0
E62: % da Receita Recebida com Ganhos | F62: =F61/F$4 -> #DIV/0! | G62: =G61/G$4 -> #DIV/0! | H62: =H61/H$4 -> #DIV/0! | I62: =I61/I$4 -> #DIV/0! | J62: =J61/J$4 -> #DIV/0! | K62: =K61/K$4 -> #DIV/0! | L62: =L61/L$4 -> #DIV/0! | M62: =M61/M$4 -> #DIV/0! | ... R62: =R61/R$4 -> #DIV/0!
E63: Meta | R63: =SUM(F63:Q63) -> 0
E64: % da Meta | F64: =F61/F63 -> #DIV/0! | G64: =G61/G63 -> #DIV/0! | H64: =H61/H63 -> #DIV/0! | I64: =I61/I63 -> #DIV/0! | J64: =J61/J63 -> #DIV/0! | K64: =K61/K63 -> #DIV/0! | L64: =L61/L63 -> #DIV/0! | M64: =M61/M63 -> #DIV/0! | ... R64: =R61/R63 -> #DIV/0!
D65: Saúde | E65: Total Saúde | F65: =Janeiro!$AJ$25 -> 0 | G65: =Fevereiro!$AJ$22 -> 0 | H65: ='Março'!$AJ$22 -> 0 | I65: =Abril!$AJ$22 -> 0 | J65: =Maio!$AJ$22 -> 0 | K65: =Junho!$AJ$22 -> 0 | L65: =Julho!$AJ$22 -> 0 | M65: =Agosto!$AJ$22 -> 0 | N65: =Setembro!$AJ$22 -> 0 | O65: =Outubro!$AJ$22 -> 0 | P65: =Novembro!$AJ$22 -> 0 | Q65: =Dezembro!$AJ$22 -> 0 | R65: =SUM(F65:Q65) -> 0
E66: % da Receita Recebida com Ganhos | F66: =F65/F$4 -> #DIV/0! | G66: =G65/G$4 -> #DIV/0! | H66: =H65/H$4 -> #DIV/0! | I66: =I65/I$4 -> #DIV/0! | J66: =J65/J$4 -> #DIV/0! | K66: =K65/K$4 -> #DIV/0! | L66: =L65/L$4 -> #DIV/0! | M66: =M65/M$4 -> #DIV/0! | ... R66: =R65/R$4 -> #DIV/0!
E67: Meta | R67: =SUM(F67:Q67) -> 0
E68: % da Meta | F68: =F65/F67 -> #DIV/0! | G68: =G65/G67 -> #DIV/0! | H68: =H65/H67 -> #DIV/0! | I68: =I65/I67 -> #DIV/0! | J68: =J65/J67 -> #DIV/0! | K68: =K65/K67 -> #DIV/0! | L68: =L65/L67 -> #DIV/0! | M68: =M65/M67 -> #DIV/0! | ... R68: =R65/R67 -> #DIV/0!
D69: Educação | E69: Total Educação | F69: =Janeiro!$AJ$30 -> 0 | G69: =Fevereiro!$AJ$26 -> 0 | H69: ='Março'!$AJ$26 -> 0 | I69: =Abril!$AJ$26 -> 0 | J69: =Maio!$AJ$26 -> 0 | K69: =Junho!$AJ$26 -> 0 | L69: =Julho!$AJ$26 -> 0 | M69: =Agosto!$AJ$26 -> 0 | N69: =Setembro!$AJ$26 -> 0 | O69: =Outubro!$AJ$26 -> 0 | P69: =Novembro!$AJ$26 -> 0 | Q69: =Dezembro!$AJ$26 -> 0 | R69: =SUM(F69:Q69) -> 0
E70: % da Receita Recebida com Ganhos | F70: =F69/F$4 -> #DIV/0! | G70: =G69/G$4 -> #DIV/0! | H70: =H69/H$4 -> #DIV/0! | I70: =I69/I$4 -> #DIV/0! | J70: =J69/J$4 -> #DIV/0! | K70: =K69/K$4 -> #DIV/0! | L70: =L69/L$4 -> #DIV/0! | M70: =M69/M$4 -> #DIV/0! | ... R70: =R69/R$4 -> #DIV/0!
E71: Meta | R71: =SUM(F71:Q71) -> 0
E72: % da Meta | F72: =F69/F71 -> #DIV/0! | G72: =G69/G71 -> #DIV/0! | H72: =H69/H71 -> #DIV/0! | I72: =I69/I71 -> #DIV/0! | J72: =J69/J71 -> #DIV/0! | K72: =K69/K71 -> #DIV/0! | L72: =L69/L71 -> #DIV/0! | M72: =M69/M71 -> #DIV/0! | ... R72: =R69/R71 -> #DIV/0!
D73: Lazer | E73: Total Lazer | F73: =Janeiro!$AJ$42 -> 0 | G73: =Fevereiro!$AJ$35 -> 0 | H73: ='Março'!$AJ$35 -> 0 | I73: =Abril!$AJ$35 -> 0 | J73: =Maio!$AJ$35 -> 0 | K73: =Junho!$AJ$35 -> 0 | L73: =Julho!$AJ$35 -> 0 | M73: =Agosto!$AJ$35 -> 0 | N73: =Setembro!$AJ$35 -> 0 | O73: =Outubro!$AJ$35 -> 0 | P73: =Novembro!$AJ$35 -> 0 | Q73: =Dezembro!$AJ$35 -> 0 | R73: =SUM(F73:Q73) -> 0
E74: % da Receita Recebida com Ganhos | F74: =F73/F$4 -> #DIV/0! | G74: =G73/G$4 -> #DIV/0! | H74: =H73/H$4 -> #DIV/0! | I74: =I73/I$4 -> #DIV/0! | J74: =J73/J$4 -> #DIV/0! | K74: =K73/K$4 -> #DIV/0! | L74: =L73/L$4 -> #DIV/0! | M74: =M73/M$4 -> #DIV/0! | ... R74: =R73/R$4 -> #DIV/0!
E75: Meta | R75: =SUM(F75:Q75) -> 0
E76: % da Meta | F76: =F73/F75 -> #DIV/0! | G76: =G73/G75 -> #DIV/0! | H76: =H73/H75 -> #DIV/0! | I76: =I73/I75 -> #DIV/0! | J76: =J73/J75 -> #DIV/0! | K76: =K73/K75 -> #DIV/0! | L76: =L73/L75 -> #DIV/0! | M76: =M73/M75 -> #DIV/0! | ... R76: =R73/R75 -> #DIV/0!
D77: Aparelhos pessoais | E77: Total Aparelhos Pessoais | F77: =Janeiro!$AJ$46 -> 0 | G77: =Fevereiro!$AJ$38 -> 0 | H77: ='Março'!$AJ$38 -> 0 | I77: =Abril!$AJ$38 -> 0 | J77: =Maio!$AJ$38 -> 0 | K77: =Junho!$AJ$38 -> 0 | L77: =Julho!$AJ$38 -> 0 | M77: =Agosto!$AJ$38 -> 0 | N77: =Setembro!$AJ$38 -> 0 | O77: =Outubro!$AJ$38 -> 0 | P77: =Novembro!$AJ$38 -> 0 | Q77: =Dezembro!$AJ$38 -> 0 | R77: =SUM(F77:Q77) -> 0
E78: % da Receita Recebida com Ganhos | F78: =F77/F$4 -> #DIV/0! | G78: =G77/G$4 -> #DIV/0! | H78: =H77/H$4 -> #DIV/0! | I78: =I77/I$4 -> #DIV/0! | J78: =J77/J$4 -> #DIV/0! | K78: =K77/K$4 -> #DIV/0! | L78: =L77/L$4 -> #DIV/0! | M78: =M77/M$4 -> #DIV/0! | ... R78: =R77/R$4 -> #DIV/0!
E79: Meta | R79: =SUM(F79:Q79) -> 0
E80: % da Meta | F80: =F77/F79 -> #DIV/0! | G80: =G77/G79 -> #DIV/0! | H80: =H77/H79 -> #DIV/0! | I80: =I77/I79 -> #DIV/0! | J80: =J77/J79 -> #DIV/0! | K80: =K77/K79 -> #DIV/0! | L80: =L77/L79 -> #DIV/0! | M80: =M77/M79 -> #DIV/0! | ... R80: =R77/R79 -> #DIV/0!
D81: Vestuário | E81: Total Vestuário | F81: =Janeiro!$AJ$50 -> 0 | G81: =Fevereiro!$AJ$42 -> 0 | H81: ='Março'!$AJ$42 -> 0 | I81: =Abril!$AJ$42 -> 0 | J81: =Maio!$AJ$42 -> 0 | K81: =Junho!$AJ$42 -> 0 | L81: =Julho!$AJ$42 -> 0 | M81: =Agosto!$AJ$42 -> 0 | N81: =Setembro!$AJ$42 -> 0 | O81: =Outubro!$AJ$42 -> 0 | P81: =Novembro!$AJ$42 -> 0 | Q81: =Dezembro!$AJ$42 -> 0 | R81: =SUM(F81:Q81) -> 0
E82: % da Receita Recebida com Ganhos | F82: =F81/F$4 -> #DIV/0! | G82: =G81/G$4 -> #DIV/0! | H82: =H81/H$4 -> #DIV/0! | I82: =I81/I$4 -> #DIV/0! | J82: =J81/J$4 -> #DIV/0! | K82: =K81/K$4 -> #DIV/0! | L82: =L81/L$4 -> #DIV/0! | M82: =M81/M$4 -> #DIV/0! | ... R82: =R81/R$4 -> #DIV/0!
E83: Meta | R83: =SUM(F83:Q83) -> 0
E84: % da Meta | F84: =F81/F83 -> #DIV/0! | G84: =G81/G83 -> #DIV/0! | H84: =H81/H83 -> #DIV/0! | I84: =I81/I83 -> #DIV/0! | J84: =J81/J83 -> #DIV/0! | K84: =K81/K83 -> #DIV/0! | L84: =L81/L83 -> #DIV/0! | M84: =M81/M83 -> #DIV/0! | ... R84: =R81/R83 -> #DIV/0!
D85: Acessórios | E85: Total Acessórios | F85: =Janeiro!$AJ$55 -> 0 | G85: =Fevereiro!$AJ$47 -> 0 | H85: ='Março'!$AJ$47 -> 0 | I85: =Abril!$AJ$47 -> 0 | J85: =Maio!$AJ$47 -> 0 | K85: =Junho!$AJ$47 -> 0 | L85: =Julho!$AJ$47 -> 0 | M85: =Agosto!$AJ$47 -> 0 | N85: =Setembro!$AJ$47 -> 0 | O85: =Outubro!$AJ$47 -> 0 | P85: =Novembro!$AJ$47 -> 0 | Q85: =Dezembro!$AJ$47 -> 0 | R85: =SUM(F85:Q85) -> 0
E86: % da Receita Recebida com Ganhos | F86: =F85/F$4 -> #DIV/0! | G86: =G85/G$4 -> #DIV/0! | H86: =H85/H$4 -> #DIV/0! | I86: =I85/I$4 -> #DIV/0! | J86: =J85/J$4 -> #DIV/0! | K86: =K85/K$4 -> #DIV/0! | L86: =L85/L$4 -> #DIV/0! | M86: =M85/M$4 -> #DIV/0! | ... R86: =R85/R$4 -> #DIV/0!
E87: Meta | R87: =SUM(F87:Q87) -> 0
E88: % da Meta | F88: =F85/F87 -> #DIV/0! | G88: =G85/G87 -> #DIV/0! | H88: =H85/H87 -> #DIV/0! | I88: =I85/I87 -> #DIV/0! | J88: =J85/J87 -> #DIV/0! | K88: =K85/K87 -> #DIV/0! | L88: =L85/L87 -> #DIV/0! | M88: =M85/M87 -> #DIV/0! | ... R88: =R85/R87 -> #DIV/0!
D89: Cuidados Estéticos | E89: Total Cuidados Estéticos | F89: =Janeiro!$AJ$59 -> 0 | G89: =Fevereiro!$AJ$51 -> 0 | H89: ='Março'!$AJ$51 -> 0 | I89: =Abril!$AJ$51 -> 0 | J89: =Maio!$AJ$51 -> 0 | K89: =Junho!$AJ$51 -> 0 | L89: =Julho!$AJ$51 -> 0 | M89: =Agosto!$AJ$51 -> 0 | N89: =Setembro!$AJ$51 -> 0 | O89: =Outubro!$AJ$51 -> 0 | P89: =Novembro!$AJ$51 -> 0 | Q89: =Dezembro!$AJ$51 -> 0
E90: % da Receita Recebida com Ganhos | F90: =F89/F$4 -> #DIV/0! | G90: =G89/G$4 -> #DIV/0! | H90: =H89/H$4 -> #DIV/0! | I90: =I89/I$4 -> #DIV/0! | J90: =J89/J$4 -> #DIV/0! | K90: =K89/K$4 -> #DIV/0! | L90: =L89/L$4 -> #DIV/0! | M90: =M89/M$4 -> #DIV/0! | ... R90: =R89/R$4 -> #DIV/0!
E91: Meta | F91: 1000 | R91: =SUM(F91:Q91) -> 1000
E92: % da Meta | F92: =F89/F91 -> 0 | G92: =G89/G91 -> #DIV/0! | H92: =H89/H91 -> #DIV/0! | I92: =I89/I91 -> #DIV/0! | J92: =J89/J91 -> #DIV/0! | K92: =K89/K91 -> #DIV/0! | L92: =L89/L91 -> #DIV/0! | M92: =M89/M91 -> #DIV/0! | ... R92: =R89/R91 -> 0
D93: Outros | E93: Total Outros | F93: =Janeiro!$AJ$63 -> 0 | G93: =Fevereiro!$AJ$54 -> 0 | H93: ='Março'!$AJ$54 -> 0 | I93: =Abril!$AJ$54 -> 0 | J93: =Maio!$AJ$54 -> 0 | K93: =Junho!$AJ$54 -> 0 | L93: =Julho!$AJ$54 -> 0 | M93: =Agosto!$AJ$54 -> 0 | N93: =Setembro!$AJ$54 -> 0 | O93: =Outubro!$AJ$54 -> 0 | P93: =Novembro!$AJ$54 -> 0 | Q93: =Dezembro!$AJ$54 -> 0 | R93: =SUM(F93:Q93) -> 0
E94: % da Receita Recebida com Ganhos | F94: =F93/F$4 -> #DIV/0! | G94: =G93/G$4 -> #DIV/0! | H94: =H93/H$4 -> #DIV/0! | I94: =I93/I$4 -> #DIV/0! | J94: =J93/J$4 -> #DIV/0! | K94: =K93/K$4 -> #DIV/0! | L94: =L93/L$4 -> #DIV/0! | M94: =M93/M$4 -> #DIV/0! | ... R94: =R93/R$4 -> #DIV/0!
E95: Meta | R95: =SUM(F95:Q95) -> 0
E96: % da Meta | F96: =F93/F95 -> #DIV/0! | G96: =G93/G95 -> #DIV/0! | H96: =H93/H95 -> #DIV/0! | I96: =I93/I95 -> #DIV/0! | J96: =J93/J95 -> #DIV/0! | K96: =K93/K95 -> #DIV/0! | L96: =L93/L95 -> #DIV/0! | M96: =M93/M95 -> #DIV/0! | ... R96: =R93/R95 -> #DIV/0!
E98: Total Variável | F98: =SUM(F53,F57,F61,F65,F69,F73,F77,F81,F85,F89,F93) -> 0 | G98: =SUM(G53,G57,G61,G65,G69,G73,G77,G81,G85,G89,G93) -> 0 | H98: =SUM(H53,H57,H61,H65,H69,H73,H77,H81,H85,H89,H93) -> 0 | I98: =SUM(I53,I57,I61,I65,I69,I73,I77,I81,I85,I89,I93) -> 0 | J98: =SUM(J53,J57,J61,J65,J69,J73,J77,J81,J85,J89,J93) -> 0 | K98: =SUM(K53,K57,K61,K65,K69,K73,K77,K81,K85,K89,K93) -> 0 | L98: =SUM(L53,L57,L61,L65,L69,L73,L77,L81,L85,L89,L93) -> 0 | M98: =SUM(M53,M57,M61,M65,M69,M73,M77,M81,M85,M89,M93) -> 0 | ... R98: =SUM(R53,R57,R61,R65,R69,R73,R77,R81,R85,R89,R93) -> 0
E99: % da Receita Recebida com Ganhos | F99: =F98/F$4 -> #DIV/0! | G99: =G98/G$4 -> #DIV/0! | H99: =H98/H$4 -> #DIV/0! | I99: =I98/I$4 -> #DIV/0! | J99: =J98/J$4 -> #DIV/0! | K99: =K98/K$4 -> #DIV/0! | L99: =L98/L$4 -> #DIV/0! | M99: =M98/M$4 -> #DIV/0! | ... R99: =R98/R$4 -> #DIV/0!
E100: Meta | R100: =SUM(F100:Q100) -> 0
E101: % da Meta | F101: =F98/F100 -> #DIV/0! | G101: =G98/G100 -> #DIV/0! | H101: =H98/H100 -> #DIV/0! | I101: =I98/I100 -> #DIV/0! | J101: =J98/J100 -> #DIV/0! | K101: =K98/K100 -> #DIV/0! | L101: =L98/L100 -> #DIV/0! | M101: =M98/M100 -> #DIV/0! | ... R101: =R98/R100 -> #DIV/0!
E103: Total Despesas | F103: =SUM(F48,F98) -> 0 | G103: =SUM(G48,G98) -> 0 | H103: =SUM(H48,H98) -> 0 | I103: =SUM(I48,I98) -> 0 | J103: =SUM(J48,J98) -> 0 | K103: =SUM(K48,K98) -> 0 | L103: =SUM(L48,L98) -> 0 | M103: =SUM(M48,M98) -> 0 | ... Q103: =SUM(Q48,Q98) -> 0 | R103: =SUM(F103:Q103) -> 0
E104: % da Receita Recebida com Ganhos | F104: =F103/F$4 -> #DIV/0! | G104: =G103/G$4 -> #DIV/0! | H104: =H103/H$4 -> #DIV/0! | I104: =I103/I$4 -> #DIV/0! | J104: =J103/J$4 -> #DIV/0! | K104: =K103/K$4 -> #DIV/0! | L104: =L103/L$4 -> #DIV/0! | M104: =M103/M$4 -> #DIV/0! | ... R104: =R103/R$4 -> #DIV/0!
E105: Meta | R105: =SUM(F105:Q105) -> 0
E106: % da Meta | F106: =F103/F105 -> #DIV/0! | G106: =G103/G105 -> #DIV/0! | H106: =H103/H105 -> #DIV/0! | I106: =I103/I105 -> #DIV/0! | J106: =J103/J105 -> #DIV/0! | K106: =K103/K105 -> #DIV/0! | L106: =L103/L105 -> #DIV/0! | M106: =M103/M105 -> #DIV/0! | ... R106: =R103/R105 -> #DIV/0!
B108: Investimentos (ir para aba "Investimentos") | D108: Aportes | E108: Total Aportado | F108: =Investimentos!F8 -> 0 | G108: =Investimentos!G8 -> 0 | H108: =Investimentos!H8 -> 0 | I108: =Investimentos!I8 -> 0 | J108: =Investimentos!J8 -> 0 | K108: =Investimentos!K8 -> 0 | L108: =Investimentos!L8 -> 0 | M108: =Investimentos!M8 -> 0 | ... Q108: =Investimentos!Q8 -> 0 | R108: =SUM(F108:Q108) -> 0
E109: % da Receita Recebida com Ganhos | F109: =F108/F$4 -> #DIV/0! | G109: =G108/G$4 -> #DIV/0! | H109: =H108/H$4 -> #DIV/0! | I109: =I108/I$4 -> #DIV/0! | J109: =J108/J$4 -> #DIV/0! | K109: =K108/K$4 -> #DIV/0! | L109: =L108/L$4 -> #DIV/0! | M109: =M108/M$4 -> #DIV/0! | ... R109: =R108/R$4 -> #DIV/0!
E110: Meta | R110: =SUM(F110:Q110) -> 0
E111: % da Meta | F111: =F108/F110 -> #DIV/0! | G111: =G108/G110 -> #DIV/0! | H111: =H108/H110 -> #DIV/0! | I111: =I108/I110 -> #DIV/0! | J111: =J108/J110 -> #DIV/0! | K111: =K108/K110 -> #DIV/0! | L111: =L108/L110 -> #DIV/0! | M111: =M108/M110 -> #DIV/0! | ... R111: =R108/R110 -> #DIV/0!
D113: Ganhos | E113: Total | F113: =Investimentos!F14 -> 0 | G113: =Investimentos!G14 -> 0 | H113: =Investimentos!H14 -> 0 | I113: =Investimentos!I14 -> 0 | J113: =Investimentos!J14 -> 0 | K113: =Investimentos!K14 -> 0 | L113: =Investimentos!L14 -> 0 | M113: =Investimentos!M14 -> 0 | ... Q113: =Investimentos!Q14 -> 0 | R113: =SUM(F113:Q113) -> 0
E114: % da Receita Recebida com Ganhos | F114: =F113/F4 -> #DIV/0! | G114: =G113/G4 -> #DIV/0! | H114: =H113/H4 -> #DIV/0! | I114: =I113/I4 -> #DIV/0! | J114: =J113/J4 -> #DIV/0! | K114: =K113/K4 -> #DIV/0! | L114: =L113/L4 -> #DIV/0! | M114: =M113/M4 -> #DIV/0! | ... R114: =R113/R4 -> #DIV/0!
E115: Meta | R115: =SUM(F115:Q115) -> 0
...

Sheet Receita
D2: Origem/Mês | E2: Janeiro | F2: Fevereiro | G2: Março | H2: Abril | I2: Maio | J2: Junho | K2: Julho | L2: Agosto | M2: Setembro | N2: Outubro | O2: Novembro | P2: Dezembro | Q2: Ano
B3: Receita (pretensão de ganhos no ano) | D3: Salário | Q3: =SUM(E3:P3) -> 0
D4: Bônus | Q4: =SUM(E4:P4) -> 0
D5: Hora Extra | Q5: =SUM(E5:P5) -> 0
D6: Aluguel | Q6: =SUM(E6:P6) -> 0
D7: Pensão | Q7: =SUM(E7:P7) -> 0
D8: Outros | Q8: =SUM(E8:P8) -> 0
D9: Receita Recebida sem Ganhos de Investimento | E9: =SUM(E3:E8) -> 0 | F9: =SUM(F3:F8) -> 0 | G9: =SUM(G3:G8) -> 0 | H9: =SUM(H3:H8) -> 0 | I9: =SUM(I3:I8) -> 0 | J9: =SUM(J3:J8) -> 0 | K9: =SUM(K3:K8) -> 0 | L9: =SUM(L3:L8) -> 0 | ... P9: =SUM(P3:P8) -> 0 | Q9: =SUM(E9:P9) -> 0

Sheet Despesa Fixa
D1: Origem/Mês | E1: Janeiro | F1: Fevereiro | G1: Março | H1: Abril | I1: Maio | J1: Junho | K1: Julho | L1: Agosto | M1: Setembro | N1: Outubro | O1: Novembro | P1: Dezembro | Q1: Ano
B2: Fixa (despesa mensal e que varia pouco) | C2: Habitação | D2: Água | Q2: =SUM(E2:P2) -> 0
D3: Luz | Q3: =SUM(E3:P3) -> 0
D4: Gás | Q4: =SUM(E4:P4) -> 0
D5: Internet | Q5: =SUM(E5:P5) -> 0
D6: Condomínio | Q6: =SUM(E6:P6) -> 0
D7: Aluguel | Q7: =SUM(E7:P7) -> 0
D8: Empregado Doméstico | Q8: =SUM(E8:P8) -> 0
D9: Prestação da casa | Q9: =SUM(E9:P9) -> 0
D10: Seguro da casa | Q10: =SUM(E10:P10) -> 0
D11: Telefone | Q11: =SUM(E11:P11) -> 0
D12: Assinatura TV | Q12: =SUM(E12:P12) -> 0
D13: Outros | Q13: =SUM(E13:P13) -> 0
D14: Total Habitação | E14: =SUM(E2:E13) -> 0 | F14: =SUM(F2:F13) -> 0 | G14: =SUM(G2:G13) -> 0 | H14: =SUM(H2:H13) -> 0 | I14: =SUM(I2:I13) -> 0 | J14: =SUM(J2:J13) -> 0 | K14: =SUM(K2:K13) -> 0 | L14: =SUM(L2:L13) -> 0 | ... P14: =SUM(P2:P13) -> 0 | Q14: =SUM(E14:P14) -> 0
C16: Alimentação | D16: Café da manhã Fora | Q16: =SUM(E16:P16) -> 0
D17: Almoço Fora | Q17: =SUM(E17:P17) -> 0
D18: Lanches Fora | Q18: =SUM(E18:P18) -> 0
D19: Janta Fora | Q19: =SUM(E19:P19) -> 0
D20: Supermercado | Q20: =SUM(E20:P20) -> 0
D21: Feira | Q21: =SUM(E21:P21) -> 0
D22: Padaria | Q22: =SUM(E22:P22) -> 0
D23: Outros | Q23: =SUM(E23:P23) -> 0
D24: Total Alimentação | E24: =SUM(E16:E23) -> 0 | F24: =SUM(F16:F23) -> 0 | G24: =SUM(G16:G23) -> 0 | H24: =SUM(H16:H23) -> 0 | I24: =SUM(I16:I23) -> 0 | J24: =SUM(J16:J23) -> 0 | K24: =SUM(K16:K23) -> 0 | L24: =SUM(L16:L23) -> 0 | ... P24: =SUM(P16:P23) -> 0 | Q24: =SUM(E24:P24) -> 0
C26: Transporte | D26: Prestação do carro | Q26: =SUM(E26:P26) -> 0
D27: Seguro do carro | Q27: =SUM(E27:P27) -> 0
D28: Estacionamento | Q28: =SUM(E28:P28) -> 0
D29: Outros | Q29: =SUM(E29:P29) -> 0
D30: Total Transporte | E30: =SUM(E26:E29) -> 0 | F30: =SUM(F26:F29) -> 0 | G30: =SUM(G26:G29) -> 0 | H30: =SUM(H26:H29) -> 0 | I30: =SUM(I26:I29) -> 0 | J30: =SUM(J26:J29) -> 0 | K30: =SUM(K26:K29) -> 0 | L30: =SUM(L26:L29) -> 0 | ... P30: =SUM(P26:P29) -> 0 | Q30: =SUM(E30:P30) -> 0
C32: Saúde | D32: Seguro saúde | Q32: =SUM(E32:P32) -> 0
D33: Medicamentos | Q33: =SUM(E33:P33) -> 0
D34: Plano de saúde | Q34: =SUM(E34:P34) -> 0
D35: Academia | Q35: =SUM(E35:P35) -> 0
D36: Outros | Q36: =SUM(E36:P36) -> 0
D37: Total Saúde | E37: =SUM(E32:E36) -> 0 | F37: =SUM(F32:F36) -> 0 | G37: =SUM(G32:G36) -> 0 | H37: =SUM(H32:H36) -> 0 | I37: =SUM(I32:I36) -> 0 | J37: =SUM(J32:J36) -> 0 | K37: =SUM(K32:K36) -> 0 | L37: =SUM(L32:L36) -> 0 | ... P37: =SUM(P32:P36) -> 0 | Q37: =SUM(E37:P37) -> 0
C39: Educação | D39: Colégio | Q39: =SUM(E39:P39) -> 0
D40: Faculdade | Q40: =SUM(E40:P40) -> 0
D41: Curso | Q41: =SUM(E41:P41) -> 0
D42: Assinatura Serviço | Q42: =SUM(E42:P42) -> 0
D43: Outros | Q43: =SUM(E43:P43) -> 0
D44: Total Educação | E44: =SUM(E39:E43) -> 0 | F44: =SUM(F39:F43) -> 0 | G44: =SUM(G39:G43) -> 0 | H44: =SUM(H39:H43) -> 0 | I44: =SUM(I39:I43) -> 0 | J44: =SUM(J39:J43) -> 0 | K44: =SUM(K39:K43) -> 0 | L44: =SUM(L39:L43) -> 0 | ... P44: =SUM(P39:P43) -> 0 | Q44: =SUM(E44:P44) -> 0
C46: Lazer | D46: Clube | Q46: =SUM(E46:P46) -> 0
D47: Assinatura Música | Q47: =SUM(E47:P47) -> 0
D48: Assinatura Filme/Série | Q48: =SUM(E48:P48) -> 0
D49: Assinatura Livro | Q49: =SUM(E49:P49) -> 0
D50: Outros | Q50: =SUM(E50:P50) -> 0
D51: Total Lazer | E51: =SUM(E46:E50) -> 0 | F51: =SUM(F46:F50) -> 0 | G51: =SUM(G46:G50) -> 0 | H51: =SUM(H46:H50) -> 0 | I51: =SUM(I46:I50) -> 0 | J51: =SUM(J46:J50) -> 0 | K51: =SUM(K46:K50) -> 0 | L51: =SUM(L46:L50) -> 0 | ... P51: =SUM(P46:P50) -> 0 | Q51: =SUM(E51:P51) -> 0
C53: Impostos | D53: IPTU | Q53: =SUM(E53:P53) -> 0
D54: IPVA | Q54: =SUM(E54:P54) -> 0
D55: IR | Q55: =SUM(E55:P55) -> 0
D56: Outros | Q56: =SUM(E56:P56) -> 0
D57: Total Impostos | E57: =SUM(E53:E56) -> 0 | F57: =SUM(F53:F56) -> 0 | G57: =SUM(G53:G56) -> 0 | H57: =SUM(H53:H56) -> 0 | I57: =SUM(I53:I56) -> 0 | J57: =SUM(J53:J56) -> 0 | K57: =SUM(K53:K56) -> 0 | L57: =SUM(L53:L56) -> 0 | ... P57: =SUM(P53:P56) -> 0 | Q57: =SUM(E57:P57) -> 0
C59: Outros | D59: Seguro de vida | Q59: =SUM(E59:P59) -> 0
D60: Assinatura Cloud | Q60: =SUM(E60:P60) -> 0
D61: Outros | Q61: =SUM(E61:P61) -> 0
D62: Total Outros | E62: =SUM(E59:E61) -> 0 | F62: =SUM(F59:F61) -> 0 | G62: =SUM(G59:G61) -> 0 | H62: =SUM(H59:H61) -> 0 | I62: =SUM(I59:I61) -> 0 | J62: =SUM(J59:J61) -> 0 | K62: =SUM(K59:K61) -> 0 | L62: =SUM(L59:L61) -> 0 | ... P62: =SUM(P59:P61) -> 0 | Q62: =SUM(Q59:Q60) -> 0
D64: Total Fixa | E64: =SUM(E62,E57,E51,E44,E37,E30,E14) -> 0 | F64: =SUM(F62,F57,F51,F44,F37,F30,F14) -> 0 | G64: =SUM(G62,G57,G51,G44,G37,G30,G14) -> 0 | H64: =SUM(H62,H57,H51,H44,H37,H30,H14) -> 0 | I64: =SUM(I62,I57,I51,I44,I37,I30,I14) -> 0 | J64: =SUM(J62,J57,J51,J44,J37,J30,J14) -> 0 | K64: =SUM(K62,K57,K51,K44,K37,K30,K14) -> 0 | L64: =SUM(L62,L57,L51,L44,L37,L30,L14) -> 0 | ... Q64: =SUM(Q62,Q57,Q51,Q44,Q37,Q30,Q14) -> 0

Sheet Investimentos
E1: Origem/Mês | F1: Janeiro | G1: Fevereiro | H1: Março | I1: Abril | J1: Maio | K1: Junho | L1: Julho | M1: Agosto | N1: Setembro | O1: Outubro | P1: Novembro | Q1: Dezembro | R1: Ano
B2: Investimentos | D2: Aportes | E2: Ações | R2: =SUM(F2:Q2) -> 0
E3: Fundos Imobiliários | R3: =SUM(F3:Q3) -> 0
E4: Tesouro Direto | R4: =SUM(F4:Q4) -> 0
E5: Renda fixa | R5: =SUM(F5:Q5) -> 0
E6: Previdência privada | R6: =SUM(F6:Q6) -> 0
E7: Outros | R7: =SUM(F7:Q7) -> 0
E8: Total | F8: =SUM(F2:F7) -> 0 | G8: =SUM(G2:G7) -> 0 | H8: =SUM(H2:H7) -> 0 | I8: =SUM(I2:I7) -> 0 | J8: =SUM(J2:J7) -> 0 | K8: =SUM(K2:K7) -> 0 | L8: =SUM(L2:L7) -> 0 | M8: =SUM(M2:M7) -> 0 | ... Q8: =SUM(Q2:Q7) -> 0 | R8: =SUM(F8:Q8) -> 0
D10: Ganhos | E10: Dividendos | R10: =SUM(F10:Q10) -> 0
E11: JCP | R11: =SUM(F11:Q11) -> 0
E12: Lucro em Vendas | R12: =SUM(F12:Q12) -> 0
E13: Outros | R13: =SUM(F13:Q13) -> 0
E14: Total | F14: =SUM(F10:F12) -> 0 | G14: =SUM(G10:G12) -> 0 | H14: =SUM(H10:H12) -> 0 | I14: =SUM(I10:I12) -> 0 | J14: =SUM(J10:J12) -> 0 | K14: =SUM(K10:K12) -> 0 | L14: =SUM(L10:L12) -> 0 | M14: =SUM(M10:M12) -> 0 | ... Q14: =SUM(Q10:Q12) -> 0 | R14: =SUM(F14:Q14) -> 0
D16: Perdas | E16: Prejuízo em Vendas | R16: =SUM(F16:Q16) -> 0
E17: Outros | R17: =SUM(F17:Q17) -> 0
E18: Total | F18: =SUM(F16:F17) -> 0 | G18: =SUM(G16:G17) -> 0 | H18: =SUM(H16:H17) -> 0 | I18: =SUM(I16:I17) -> 0 | J18: =SUM(J16:J17) -> 0 | K18: =SUM(K16:K17) -> 0 | L18: =SUM(L16:L17) -> 0 | M18: =SUM(M16:M17) -> 0 | ... Q18: =SUM(Q16:Q17) -> 0 | R18: =SUM(F18:Q18) -> 0
E19: Saldo Ganhos e Perdas | F19: =F14-F18 -> 0 | G19: =G14-G18 -> 0 | H19: =H14-H18 -> 0 | I19: =I14-I18 -> 0 | J19: =J14-J18 -> 0 | K19: =K14-K18 -> 0 | L19: =L14-L18 -> 0 | M19: =M14-M18 -> 0 | ... R19: =R14-R18 -> 0

Sheet Janeiro
D2: Destino/Dias | E2: 1 | F2: 2 | G2: 3 | H2: 4 | I2: 5 | J2: 6 | K2: 7 | L2: 8 | M2: 9 | N2: 10 | O2: 11 | P2: 12 | Q2: 13 | R2: 14 | S2: 15 | T2: 16 | U2: 17 | V2: 18 | W2: 19 | X2: 20 | Y2: 21 | Z2: 22 | AA2: 23 | AB2: 24 | AC2: 25 | AD2: 26 | AE2: 27 | AF2: 28 | AG2: 29 | AH2: 30 | AI2: 31 | AJ2: Mês
B3: Despesas Variáveis do Dia-a-Dia | C3: Alimentação | D3: Café da manhã | AJ3: =SUM(E3:AI3) -> 0
D4: Almoço | AJ4: =SUM(E4:AI4) -> 0
D5: Lanches | AJ5: =SUM(E5:AI5) -> 0
D6: Janta | AJ6: =SUM(E6:AI6) -> 0
D7: Supermercado | AJ7: =SUM(E7:AI7) -> 0
D8: Feira | AJ8: =SUM(E8:AI8) -> 0
D9: Padaria | AJ9: =SUM(E9:AI9) -> 0
D10: Outros | AJ10: =SUM(E10:AI10) -> 0
D11: Total | E11: =SUM(E3:E9) -> 0 | F11: =SUM(F3:F9) -> 0 | G11: =SUM(G3:G9) -> 0 | H11: =SUM(H3:H9) -> 0 | I11: =SUM(I3:I9) -> 0 | J11: =SUM(J3:J9) -> 0 | K11: =SUM(K3:K9) -> 0 | L11: =SUM(L3:L9) -> 0 | ... AI11: =SUM(AI3:AI9) -> 0 | AJ11: =SUM(E11:AI11) -> 0
C12: Transporte | D12: Manuntenção Carro | AJ12: =SUM(E12:AI12) -> 0
D13: Gasolina | AJ13: =SUM(E13:AI13) -> 0
D14: Bicicleta | AJ14: =SUM(E14:AI14) -> 0
D15: Metrô | AJ15: =SUM(E15:AI15) -> 0
D16: Ônibus | AJ16: =SUM(E16:AI16) -> 0
D17: Estacionamento | AJ17: =SUM(E17:AI17) -> 0
D18: Serviço App | AJ18: =SUM(E18:AI18) -> 0
D19: Pedágio | AJ19: =SUM(E19:AI19) -> 0
D20: Outros | AJ20: =SUM(E20:AI20) -> 0
D21: Total | E21: =SUM(E12:E19) -> 0 | F21: =SUM(F12:F19) -> 0 | G21: =SUM(G12:G19) -> 0 | H21: =SUM(H12:H19) -> 0 | I21: =SUM(I12:I19) -> 0 | J21: =SUM(J12:J19) -> 0 | K21: =SUM(K12:K19) -> 0 | L21: =SUM(L12:L19) -> 0 | ... AI21: =SUM(AI12:AI19) -> 0 | AJ21: =SUM(E21:AI21) -> 0
C22: Saúde | D22: Medicamentos | AJ22: =SUM(E22:AI22) -> 0
D23: Médico | AJ23: =SUM(E23:AI23) -> 0
D24: Outros
D25: Total | E25: =SUM(E22:E23) -> 0 | F25: =SUM(F22:F23) -> 0 | G25: =SUM(G22:G23) -> 0 | H25: =SUM(H22:H23) -> 0 | I25: =SUM(I22:I23) -> 0 | J25: =SUM(J22:J23) -> 0 | K25: =SUM(K22:K23) -> 0 | L25: =SUM(L22:L23) -> 0 | ... AI25: =SUM(AI22:AI23) -> 0 | AJ25: =SUM(E25:AI25) -> 0
C26: Educação | D26: Livros | AJ26: =SUM(E26:AI26) -> 0
D27: Material | AJ27: =SUM(E27:AI27) -> 0
D28: Curso | AJ28: =SUM(E28:AI28) -> 0
D29: Outros | AJ29: =SUM(E29:AI29) -> 0
D30: Total | E30: =SUM(E26:E28) -> 0 | F30: =SUM(F26:F28) -> 0 | G30: =SUM(G26:G28) -> 0 | H30: =SUM(H26:H28) -> 0 | I30: =SUM(I26:I28) -> 0 | J30: =SUM(J26:J28) -> 0 | K30: =SUM(K26:K28) -> 0 | L30: =SUM(L26:L28) -> 0 | ... AI30: =SUM(AI26:AI28) -> 0 | AJ30: =SUM(E30:AI30) -> 0
C31: Habitação | D31: Conserto | AJ31: =SUM(E31:AI31) -> 0
D32: Aparelho novo | AJ32: =SUM(E32:AI32) -> 0
D33: Outros | AJ33: =SUM(E33:AI33) -> 0
D34: Total | E34: =SUM(E31:E32) -> 0 | F34: =SUM(F31:F32) -> 0 | G34: =SUM(G31:G32) -> 0 | H34: =SUM(H31:H32) -> 0 | I34: =SUM(I31:I32) -> 0 | J34: =SUM(J31:J32) -> 0 | K34: =SUM(K31:K32) -> 0 | L34: =SUM(L31:L32) -> 0 | ... AI34: =SUM(AI31:AI32) -> 0 | AJ34: =SUM(E34:AI34) -> 0
C35: Lazer | D35: Cinema/Teatro | AJ35: =SUM(E35:AI35) -> 0
D36: Hotel | AJ36: =SUM(E36:AI36) -> 0
D37: Bar | AJ37: =SUM(E37:AI37) -> 0
D38: Festas | AJ38: =SUM(E38:AI38) -> 0
D39: Serviço App Bicicleta | AJ39: =SUM(E39:AI39) -> 0
A40: V | D40: Viagem
D41: Outros | AJ41: =SUM(E41:AI41) -> 0
D42: Total | E42: =SUM(E35:E39) -> 0 | F42: =SUM(F35:F39) -> 0 | G42: =SUM(G35:G39) -> 0 | H42: =SUM(H35:H39) -> 0 | I42: =SUM(I35:I39) -> 0 | J42: =SUM(J35:J39) -> 0 | K42: =SUM(K35:K39) -> 0 | L42: =SUM(L35:L39) -> 0 | ... AI42: =SUM(AI35:AI39) -> 0 | AJ42: =SUM(E42:AI42) -> 0
C43: Aparelhos pessoais | D43: Celular | AJ43: =SUM(E43:AI43) -> 0
D44: Notebook | AJ44: =SUM(E44:AI44) -> 0
D45: Outros | AJ45: =SUM(E45:AI45) -> 0
D46: Total | E46: =SUM(E43:E44) -> 0 | F46: =SUM(F43:F44) -> 0 | G46: =SUM(G43:G44) -> 0 | H46: =SUM(H43:H44) -> 0 | I46: =SUM(I43:I44) -> 0 | J46: =SUM(J43:J44) -> 0 | K46: =SUM(K43:K44) -> 0 | L46: =SUM(L43:L44) -> 0 | ... AI46: =SUM(AI43:AI44) -> 0 | AJ46: =SUM(E46:AI46) -> 0
C47: Vestuário | D47: Roupas | AJ47: =SUM(E47:AI47) -> 0
D48: Tênis | AJ48: =SUM(E48:AI48) -> 0
D49: Outros | AJ49: =SUM(E49:AI49) -> 0
D50: Total | E50: =SUM(E47:E48) -> 0 | F50: =SUM(F47:F48) -> 0 | G50: =SUM(G47:G48) -> 0 | H50: =SUM(H47:H48) -> 0 | I50: =SUM(I47:I48) -> 0 | J50: =SUM(J47:J48) -> 0 | K50: =SUM(K47:K48) -> 0 | L50: =SUM(L47:L48) -> 0 | ... AI50: =SUM(AI47:AI48) -> 0 | AJ50: =SUM(E50:AI50) -> 0
C51: Acessórios | D51: Relógio | AJ51: =SUM(E51:AI51) -> 0
D52: Pulseira | AJ52: =SUM(E52:AI52) -> 0
D53: Cordão | AJ53: =SUM(E53:AI53) -> 0
D54: Outros | AJ54: =SUM(E54:AI54) -> 0
D55: Total | E55: =SUM(E51:E53) -> 0 | F55: =SUM(F51:F53) -> 0 | G55: =SUM(G51:G53) -> 0 | H55: =SUM(H51:H53) -> 0 | I55: =SUM(I51:I53) -> 0 | J55: =SUM(J51:J53) -> 0 | K55: =SUM(K51:K53) -> 0 | L55: =SUM(L51:L53) -> 0 | ... AI55: =SUM(AI51:AI53) -> 0 | AJ55: =SUM(E55:AI55) -> 0
C56: Cuidados Estéticos | D56: Produtos de beleza | AJ56: =SUM(E56:AI56) -> 0
D57: Esteticista | AJ57: =SUM(E57:AI57) -> 0
D58: Outros | AJ58: =SUM(E58:AI58) -> 0
D59: Total | E59: =SUM(E56:E57) -> 0 | F59: =SUM(F56:F57) -> 0 | G59: =SUM(G56:G57) -> 0 | H59: =SUM(H56:H57) -> 0 | I59: =SUM(I56:I57) -> 0 | J59: =SUM(J56:J57) -> 0 | K59: =SUM(K56:K57) -> 0 | L59: =SUM(L56:L57) -> 0 | ... AI59: =SUM(AI56:AI57) -> 0 | AJ59: =SUM(E59:AI59) -> 0
C60: Outros | D60: Presentes | AJ60: =SUM(E60:AI60) -> 0
D61: Doação | AJ61: =SUM(E61:AI61) -> 0
A62: O | D62: Outros | AJ62: =SUM(E62:AI62) -> 0
D63: Total | E63: =SUM(E60:E61) -> 0 | F63: =SUM(F60:F61) -> 0 | G63: =SUM(G60:G61) -> 0 | H63: =SUM(H60:H61) -> 0 | I63: =SUM(I60:I61) -> 0 | J63: =SUM(J60:J61) -> 0 | K63: =SUM(K60:K61) -> 0 | L63: =SUM(L60:L61) -> 0 | ... AI63: =SUM(AI60:AI61) -> 0 | AJ63: =SUM(E63:AI63) -> 0
D64: Total Despesa | E64: =SUM(E11,E21,E25,E30,E34,E42,E46,E50,E55,E59,E63) -> 0 | F64: =SUM(F11,F21,F25,F30,F34,F42,F46,F50,F55,F59,F63) -> 0 | G64: =SUM(G11,G21,G25,G30,G34,G42,G46,G50,G55,G59,G63) -> 0 | H64: =SUM(H11,H21,H25,H30,H34,H42,H46,H50,H55,H59,H63) -> 0 | I64: =SUM(I11,I21,I25,I30,I34,I42,I46,I50,I55,I59,I63) -> 0 | J64: =SUM(J11,J21,J25,J30,J34,J42,J46,J50,J55,J59,J63) -> 0 | K64: =SUM(K11,K21,K25,K30,K34,K42,K46,K50,K55,K59,K63) -> 0 | L64: =SUM(L11,L21,L25,L30,L34,L42,L46,L50,L55,L59,L63) -> 0 | ... AI64: =SUM(AI11,AI21,AI25,AI30,AI34,AI42,AI46,AI50,AI55,AI59,AI63) -> 0 | AJ64: =SUM(E64:AI64) -> 0

Sheet Fevereiro
D2: Destino/Dias | E2: 1 | F2: 2 | G2: 3 | H2: 4 | I2: 5 | J2: 6 | K2: 7 | L2: 8 | M2: 9 | N2: 10 | O2: 11 | P2: 12 | Q2: 13 | R2: 14 | S2: 15 | T2: 16 | U2: 17 | V2: 18 | W2: 19 | X2: 20 | Y2: 21 | Z2: 22 | AA2: 23 | AB2: 24 | AC2: 25 | AD2: 26 | AE2: 27 | AF2: 28 | AG2: 29 | AH2: 30 | AI2: 31 | AJ2: Mês
B3: Despesas Variáveis do Dia-a-Dia | C3: Alimentação | D3: Café da manhã | AJ3: =SUM(E3:AI3) -> 0
D4: Almoço | AJ4: =SUM(E4:AI4) -> 0
D5: Lanches | AJ5: =SUM(E5:AI5) -> 0
D6: Janta | AJ6: =SUM(E6:AI6) -> 0
D7: Supermercado | AJ7: =SUM(E7:AI7) -> 0
D8: Feira | AJ8: =SUM(E8:AI8) -> 0
D9: Padaria | AJ9: =SUM(E9:AI9) -> 0
D10: Outros | AJ10: =SUM(E10:AI10) -> 0
D11: Total | E11: =SUM(E3:E9) -> 0 | F11: =SUM(F3:F9) -> 0 | G11: =SUM(G3:G9) -> 0 | H11: =SUM(H3:H9) -> 0 | I11: =SUM(I3:I9) -> 0 | J11: =SUM(J3:J9) -> 0 | K11: =SUM(K3:K9) -> 0 | L11: =SUM(L3:L9) -> 0 | ... AI11: =SUM(AI3:AI9) -> 0 | AJ11: =SUM(E11:AI11) -> 0
C12: Transporte | D12: Manuntenção Carro | AJ12: =SUM(E12:AI12) -> 0
D13: Gasolina | AJ13: =SUM(E13:AI13) -> 0
D14: Bicicleta | AJ14: =SUM(E14:AI14) -> 0
D15: Metrô | AJ15: =SUM(E15:AI15) -> 0
D16: Ônibus | AJ16: =SUM(E16:AI16) -> 0
D17: Estacionamento | AJ17: =SUM(E17:AI17) -> 0
D18: Serviço App | AJ18: =SUM(E18:AI18) -> 0
D19: Pedágio | AJ19: =SUM(E19:AI19) -> 0
D20: Outros | AJ20: =SUM(E20:AI20) -> 0
D21: Total | E21: =SUM(E12:E19) -> 0 | F21: =SUM(F12:F19) -> 0 | G21: =SUM(G12:G19) -> 0 | H21: =SUM(H12:H19) -> 0 | I21: =SUM(I12:I19) -> 0 | J21: =SUM(J12:J19) -> 0 | K21: =SUM(K12:K19) -> 0 | L21: =SUM(L12:L19) -> 0 | ... AI21: =SUM(AI12:AI19) -> 0 | AJ21: =SUM(E21:AI21) -> 0
C22: Saúde | D22: Medicamentos | AJ22: =SUM(E22:AI22) -> 0
D23: Médico | AJ23: =SUM(E23:AI23) -> 0
D24: Outros
D25: Total | E25: =SUM(E22:E23) -> 0 | F25: =SUM(F22:F23) -> 0 | G25: =SUM(G22:G23) -> 0 | H25: =SUM(H22:H23) -> 0 | I25: =SUM(I22:I23) -> 0 | J25: =SUM(J22:J23) -> 0 | K25: =SUM(K22:K23) -> 0 | L25: =SUM(L22:L23) -> 0 | ... AI25: =SUM(AI22:AI23) -> 0 | AJ25: =SUM(E25:AI25) -> 0
C26: Educação | D26: Livros | AJ26: =SUM(E26:AI26) -> 0
D27: Material | AJ27: =SUM(E27:AI27) -> 0
D28: Curso | AJ28: =SUM(E28:AI28) -> 0
D29: Outros | AJ29: =SUM(E29:AI29) -> 0
D30: Total | E30: =SUM(E26:E28) -> 0 | F30: =SUM(F26:F28) -> 0 | G30: =SUM(G26:G28) -> 0 | H30: =SUM(H26:H28) -> 0 | I30: =SUM(I26:I28) -> 0 | J30: =SUM(J26:J28) -> 0 | K30: =SUM(K26:K28) -> 0 | L30: =SUM(L26:L28) -> 0 | ... AI30: =SUM(AI26:AI28) -> 0 | AJ30: =SUM(E30:AI30) -> 0
C31: Habitação | D31: Conserto | AJ31: =SUM(E31:AI31) -> 0
D32: Aparelho novo | AJ32: =SUM(E32:AI32) -> 0
D33: Outros | AJ33: =SUM(E33:AI33) -> 0
D34: Total | E34: =SUM(E31:E32) -> 0 | F34: =SUM(F31:F32) -> 0 | G34: =SUM(G31:G32) -> 0 | H34: =SUM(H31:H32) -> 0 | I34: =SUM(I31:I32) -> 0 | J34: =SUM(J31:J32) -> 0 | K34: =SUM(K31:K32) -> 0 | L34: =SUM(L31:L32) -> 0 | ... AI34: =SUM(AI31:AI32) -> 0 | AJ34: =SUM(E34:AI34) -> 0
C35: Lazer | D35: Cinema/Teatro | AJ35: =SUM(E35:AI35) -> 0
D36: Hotel | AJ36: =SUM(E36:AI36) -> 0
D37: Bar | AJ37: =SUM(E37:AI37) -> 0
D38: Festas | AJ38: =SUM(E38:AI38) -> 0
D39: Serviço App Bicicleta | AJ39: =SUM(E39:AI39) -> 0
D40: Viagem
D41: Outros | AJ41: =SUM(E41:AI41) -> 0
D42: Total | E42: =SUM(E35:E39) -> 0 | F42: =SUM(F35:F39) -> 0 | G42: =SUM(G35:G39) -> 0 | H42: =SUM(H35:H39) -> 0 | I42: =SUM(I35:I39) -> 0 | J42: =SUM(J35:J39) -> 0 | K42: =SUM(K35:K39) -> 0 | L42: =SUM(L35:L39) -> 0 | ... AI42: =SUM(AI35:AI39) -> 0 | AJ42: =SUM(E42:AI42) -> 0
C43: Aparelhos pessoais | D43: Celular | AJ43: =SUM(E43:AI43) -> 0
D44: Notebook | AJ44: =SUM(E44:AI44) -> 0
D45: Outros | AJ45: =SUM(E45:AI45) -> 0
D46: Total | E46: =SUM(E43:E44) -> 0 | F46: =SUM(F43:F44) -> 0 | G46: =SUM(G43:G44) -> 0 | H46: =SUM(H43:H44) -> 0 | I46: =SUM(I43:I44) -> 0 | J46: =SUM(J43:J44) -> 0 | K46: =SUM(K43:K44) -> 0 | L46: =SUM(L43:L44) -> 0 | ... AI46: =SUM(AI43:AI44) -> 0 | AJ46: =SUM(E46:AI46) -> 0
C47: Vestuário | D47: Roupas | AJ47: =SUM(E47:AI47) -> 0
D48: Tênis | AJ48: =SUM(E48:AI48) -> 0
D49: Outros | AJ49: =SUM(E49:AI49) -> 0
D50: Total | E50: =SUM(E47:E48) -> 0 | F50: =SUM(F47:F48) -> 0 | G50: =SUM(G47:G48) -> 0 | H50: =SUM(H47:H48) -> 0 | I50: =SUM(I47:I48) -> 0 | J50: =SUM(J47:J48) -> 0 | K50: =SUM(K47:K48) -> 0 | L50: =SUM(L47:L48) -> 0 | ... AI50: =SUM(AI47:AI48) -> 0 | AJ50: =SUM(E50:AI50) -> 0
C51: Acessórios | D51: Relógio | AJ51: =SUM(E51:AI51) -> 0
D52: Pulseira | AJ52: =SUM(E52:AI52) -> 0
D53: Cordão | AJ53: =SUM(E53:AI53) -> 0
D54: Outros | AJ54: =SUM(E54:AI54) -> 0
D55: Total | E55: =SUM(E51:E53) -> 0 | F55: =SUM(F51:F53) -> 0 | G55: =SUM(G51:G53) -> 0 | H55: =SUM(H51:H53) -> 0 | I55: =SUM(I51:I53) -> 0 | J55: =SUM(J51:J53) -> 0 | K55: =SUM(K51:K53) -> 0 | L55: =SUM(L51:L53) -> 0 | ... AI55: =SUM(AI51:AI53) -> 0 | AJ55: =SUM(E55:AI55) -> 0
C56: Cuidados Estéticos | D56: Produtos de beleza | AJ56: =SUM(E56:AI56) -> 0
D57: Esteticista | AJ57: =SUM(E57:AI57) -> 0
D58: Outros | AJ58: =SUM(E58:AI58) -> 0
D59: Total | E59: =SUM(E56:E57) -> 0 | F59: =SUM(F56:F57) -> 0 | G59: =SUM(G56:G57) -> 0 | H59: =SUM(H56:H57) -> 0 | I59: =SUM(I56:I57) -> 0 | J59: =SUM(J56:J57) -> 0 | K59: =SUM(K56:K57) -> 0 | L59: =SUM(L56:L57) -> 0 | ... AI59: =SUM(AI56:AI57) -> 0 | AJ59: =SUM(E59:AI59) -> 0
C60: Outros | D60: Presentes | AJ60: =SUM(E60:AI60) -> 0
D61: Doação | AJ61: =SUM(E61:AI61) -> 0
D62: Outros | AJ62: =SUM(E62:AI62) -> 0
D63: Total | E63: =SUM(E60:E61) -> 0 | F63: =SUM(F60:F61) -> 0 | G63: =SUM(G60:G61) -> 0 | H63: =SUM(H60:H61) -> 0 | I63: =SUM(I60:I61) -> 0 | J63: =SUM(J60:J61) -> 0 | K63: =SUM(K60:K61) -> 0 | L63: =SUM(L60:L61) -> 0 | ... AI63: =SUM(AI60:AI61) -> 0 | AJ63: =SUM(E63:AI63) -> 0
D64: Total Despesa | E64: =SUM(E11,E21,E25,E30,E34,E42,E46,E50,E55,E59,E63) -> 0 | F64: =SUM(F11,F21,F25,F30,F34,F42,F46,F50,F55,F59,F63) -> 0 | G64: =SUM(G11,G21,G25,G30,G34,G42,G46,G50,G55,G59,G63) -> 0 | H64: =SUM(H11,H21,H25,H30,H34,H42,H46,H50,H55,H59,H63) -> 0 | I64: =SUM(I11,I21,I25,I30,I34,I42,I46,I50,I55,I59,I63) -> 0 | J64: =SUM(J11,J21,J25,J30,J34,J42,J46,J50,J55,J59,J63) -> 0 | K64: =SUM(K11,K21,K25,K30,K34,K42,K46,K50,K55,K59,K63) -> 0 | L64: =SUM(L11,L21,L25,L30,L34,L42,L46,L50,L55,L59,L63) -> 0 | ... AI64: =SUM(AI11,AI21,AI25,AI30,AI34,AI42,AI46,AI50,AI55,AI59,AI63) -> 0 | AJ64: =SUM(E64:AI64) -> 0

Sheet Março
D2: Destino/Dias | E2: 1 | F2: 2 | G2: 3 | H2: 4 | I2: 5 | J2: 6 | K2: 7 | L2: 8 | M2: 9 | N2: 10 | O2: 11 | P2: 12 | Q2: 13 | R2: 14 | S2: 15 | T2: 16 | U2: 17 | V2: 18 | W2: 19 | X2: 20 | Y2: 21 | Z2: 22 | AA2: 23 | AB2: 24 | AC2: 25 | AD2: 26 | AE2: 27 | AF2: 28 | AG2: 29 | AH2: 30 | AI2: 31 | AJ2: Mês
B3: Despesas Variáveis do Dia-a-Dia | C3: Alimentação | D3: Café da manhã | AJ3: =SUM(E3:AI3) -> 0
D4: Almoço | AJ4: =SUM(E4:AI4) -> 0
D5: Lanches | AJ5: =SUM(E5:AI5) -> 0
D6: Janta | AJ6: =SUM(E6:AI6) -> 0
D7: Supermercado | AJ7: =SUM(E7:AI7) -> 0
D8: Feira | AJ8: =SUM(E8:AI8) -> 0
D9: Padaria | AJ9: =SUM(E9:AI9) -> 0
D10: Outros | AJ10: =SUM(E10:AI10) -> 0
D11: Total | E11: =SUM(E3:E9) -> 0 | F11: =SUM(F3:F9) -> 0 | G11: =SUM(G3:G9) -> 0 | H11: =SUM(H3:H9) -> 0 | I11: =SUM(I3:I9) -> 0 | J11: =SUM(J3:J9) -> 0 | K11: =SUM(K3:K9) -> 0 | L11: =SUM(L3:L9) -> 0 | ... AI11: =SUM(AI3:AI9) -> 0 | AJ11: =SUM(E11:AI11) -> 0
C12: Transporte | D12: Manuntenção Carro | AJ12: =SUM(E12:AI12) -> 0
D13: Gasolina | AJ13: =SUM(E13:AI13) -> 0
D14: Bicicleta | AJ14: =SUM(E14:AI14) -> 0
D15: Metrô | AJ15: =SUM(E15:AI15) -> 0
D16: Ônibus | AJ16: =SUM(E16:AI16) -> 0
D17: Estacionamento | AJ17: =SUM(E17:AI17) -> 0
D18: Serviço App | AJ18: =SUM(E18:AI18) -> 0
D19: Pedágio | AJ19: =SUM(E19:AI19) -> 0
D20: Outros | AJ20: =SUM(E20:AI20) -> 0
D21: Total | E21: =SUM(E12:E19) -> 0 | F21: =SUM(F12:F19) -> 0 | G21: =SUM(G12:G19) -> 0 | H21: =SUM(H12:H19) -> 0 | I21: =SUM(I12:I19) -> 0 | J21: =SUM(J12:J19) -> 0 | K21: =SUM(K12:K19) -> 0 | L21: =SUM(L12:L19) -> 0 | ... AI21: =SUM(AI12:AI19) -> 0 | AJ21: =SUM(E21:AI21) -> 0
C22: Saúde | D22: Medicamentos | AJ22: =SUM(E22:AI22) -> 0
D23: Médico | AJ23: =SUM(E23:AI23) -> 0
D24: Outros
D25: Total | E25: =SUM(E22:E23) -> 0 | F25: =SUM(F22:F23) -> 0 | G25: =SUM(G22:G23) -> 0 | H25: =SUM(H22:H23) -> 0 | I25: =SUM(I22:I23) -> 0 | J25: =SUM(J22:J23) -> 0 | K25: =SUM(K22:K23) -> 0 | L25: =SUM(L22:L23) -> 0 | ... AI25: =SUM(AI22:AI23) -> 0 | AJ25: =SUM(E25:AI25) -> 0
C26: Educação | D26: Livros | AJ26: =SUM(E26:AI26) -> 0
D27: Material | AJ27: =SUM(E27:AI27) -> 0
D28: Curso | AJ28: =SUM(E28:AI28) -> 0
D29: Outros | AJ29: =SUM(E29:AI29) -> 0
D30: Total | E30: =SUM(E26:E28) -> 0 | F30: =SUM(F26:F28) -> 0 | G30: =SUM(G26:G28) -> 0 | H30: =SUM(H26:H28) -> 0 | I30: =SUM(I26:I28) -> 0 | J30: =SUM(J26:J28) -> 0 | K30: =SUM(K26:K28) -> 0 | L30: =SUM(L26:L28) -> 0 | ... AI30: =SUM(AI26:AI28) -> 0 | AJ30: =SUM(E30:AI30) -> 0
C31: Habitação | D31: Conserto | AJ31: =SUM(E31:AI31) -> 0
D32: Aparelho novo | AJ32: =SUM(E32:AI32) -> 0
D33: Outros | AJ33: =SUM(E33:AI33) -> 0
D34: Total | E34: =SUM(E31:E32) -> 0 | F34: =SUM(F31:F32) -> 0 | G34: =SUM(G31:G32) -> 0 | H34: =SUM(H31:H32) -> 0 | I34: =SUM(I31:I32) -> 0 | J34: =SUM(J31:J32) -> 0 | K34: =SUM(K31:K32) -> 0 | L34: =SUM(L31:L32) -> 0 | ... AI34: =SUM(AI31:AI32) -> 0 | AJ34: =SUM(E34:AI34) -> 0
C35: Lazer | D35: Cinema/Teatro | AJ35: =SUM(E35:AI35) -> 0
D36: Hotel | AJ36: =SUM(E36:AI36) -> 0
D37: Bar | AJ37: =SUM(E37:AI37) -> 0
D38: Festas | AJ38: =SUM(E38:AI38) -> 0
D39: Serviço App Bicicleta | AJ39: =SUM(E39:AI39) -> 0
D40: Viagem
D41: Outros | AJ41: =SUM(E41:AI41) -> 0
D42: Total | E42: =SUM(E35:E39) -> 0 | F42: =SUM(F35:F39) -> 0 | G42: =SUM(G35:G39) -> 0 | H42: =SUM(H35:H39) -> 0 | I42: =SUM(I35:I39) -> 0 | J42: =SUM(J35:J39) -> 0 | K42: =SUM(K35:K39) -> 0 | L42: =SUM(L35:L39) -> 0 | ... AI42: =SUM(AI35:AI39) -> 0 | AJ42: =SUM(E42:AI42) -> 0
C43: Aparelhos pessoais | D43: Celular | AJ43: =SUM(E43:AI43) -> 0
D44: Notebook | AJ44: =SUM(E44:AI44) -> 0
D45: Outros | AJ45: =SUM(E45:AI45) -> 0
D46: Total | E46: =SUM(E43:E44) -> 0 | F46: =SUM(F43:F44) -> 0 | G46: =SUM(G43:G44) -> 0 | H46: =SUM(H43:H44) -> 0 | I46: =SUM(I43:I44) -> 0 | J46: =SUM(J43:J44) -> 0 | K46: =SUM(K43:K44) -> 0 | L46: =SUM(L43:L44) -> 0 | ... AI46: =SUM(AI43:AI44) -> 0 | AJ46: =SUM(E46:AI46) -> 0
C47: Vestuário | D47: Roupas | AJ47: =SUM(E47:AI47) -> 0
D48: Tênis | AJ48: =SUM(E48:AI48) -> 0
D49: Outros | AJ49: =SUM(E49:AI49) -> 0
D50: Total | E50: =SUM(E47:E48) -> 0 | F50: =SUM(F47:F48) -> 0 | G50: =SUM(G47:G48) -> 0 | H50: =SUM(H47:H48) -> 0 | I50: =SUM(I47:I48) -> 0 | J50: =SUM(J47:J48) -> 0 | K50: =SUM(K47:K48) -> 0 | L50: =SUM(L47:L48) -> 0 | ... AI50: =SUM(AI47:AI48) -> 0 | AJ50: =SUM(E50:AI50) -> 0
C51: Acessórios | D51: Relógio | AJ51: =SUM(E51:AI51) -> 0
D52: Pulseira | AJ52: =SUM(E52:AI52) -> 0
D53: Cordão | AJ53: =SUM(E53:AI53) -> 0
D54: Outros | AJ54: =SUM(E54:AI54) -> 0
D55: Total | E55: =SUM(E51:E53) -> 0 | F55: =SUM(F51:F53) -> 0 | G55: =SUM(G51:G53) -> 0 | H55: =SUM(H51:H53) -> 0 | I55: =SUM(I51:I53) -> 0 | J55: =SUM(J51:J53) -> 0 | K55: =SUM(K51:K53) -> 0 | L55: =SUM(L51:L53) -> 0 | ... AI55: =SUM(AI51:AI53) -> 0 | AJ55: =SUM(E55:AI55) -> 0
C56: Cuidados Estéticos | D56: Produtos de beleza | AJ56: =SUM(E56:AI56) -> 0
D57: Esteticista | AJ57: =SUM(E57:AI57) -> 0
D58: Outros | AJ58: =SUM(E58:AI58) -> 0
D59: Total | E59: =SUM(E56:E57) -> 0 | F59: =SUM(F56:F57) -> 0 | G59: =SUM(G56:G57) -> 0 | H59: =SUM(H56:H57) -> 0 | I59: =SUM(I56:I57) -> 0 | J59: =SUM(J56:J57) -> 0 | K59: =SUM(K56:K57) -> 0 | L59: =SUM(L56:L57) -> 0 | ... AI59: =SUM(AI56:AI57) -> 0 | AJ59: =SUM(E59:AI59) -> 0
C60: Outros | D60: Presentes | AJ60: =SUM(E60:AI60) -> 0
D61: Doação | AJ61: =SUM(E61:AI61) -> 0
D62: Outros | AJ62: =SUM(E62:AI62) -> 0
D63: Total | E63: =SUM(E60:E61) -> 0 | F63: =SUM(F60:F61) -> 0 | G63: =SUM(G60:G61) -> 0 | H63: =SUM(H60:H61) -> 0 | I63: =SUM(I60:I61) -> 0 | J63: =SUM(J60:J61) -> 0 | K63: =SUM(K60:K61) -> 0 | L63: =SUM(L60:L61) -> 0 | ... AI63: =SUM(AI60:AI61) -> 0 | AJ63: =SUM(E63:AI63) -> 0
D64: Total Despesa | E64: =SUM(E11,E21,E25,E30,E34,E42,E46,E50,E55,E59,E63) -> 0 | F64: =SUM(F11,F21,F25,F30,F34,F42,F46,F50,F55,F59,F63) -> 0 | G64: =SUM(G11,G21,G25,G30,G34,G42,G46,G50,G55,G59,G63) -> 0 | H64: =SUM(H11,H21,H25,H30,H34,H42,H46,H50,H55,H59,H63) -> 0 | I64: =SUM(I11,I21,I25,I30,I34,I42,I46,I50,I55,I59,I63) -> 0 | J64: =SUM(J11,J21,J25,J30,J34,J42,J46,J50,J55,J59,J63) -> 0 | K64: =SUM(K11,K21,K25,K30,K34,K42,K46,K50,K55,K59,K63) -> 0 | L64: =SUM(L11,L21,L25,L30,L34,L42,L46,L50,L55,L59,L63) -> 0 | ... AI64: =SUM(AI11,AI21,AI25,AI30,AI34,AI42,AI46,AI50,AI55,AI59,AI63) -> 0 | AJ64: =SUM(E64:AI64) -> 0

Sheet Abril
D2: Destino/Dias | E2: 1 | F2: 2 | G2: 3 | H2: 4 | I2: 5 | J2: 6 | K2: 7 | L2: 8 | M2: 9 | N2: 10 | O2: 11 | P2: 12 | Q2: 13 | R2: 14 | S2: 15 | T2: 16 | U2: 17 | V2: 18 | W2: 19 | X2: 20 | Y2: 21 | Z2: 22 | AA2: 23 | AB2: 24 | AC2: 25 | AD2: 26 | AE2: 27 | AF2: 28 | AG2: 29 | AH2: 30 | AI2: 31 | AJ2: Mês
B3: Despesas Variáveis do Dia-a-Dia | C3: Alimentação | D3: Café da manhã | AJ3: =SUM(E3:AI3) -> 0
D4: Almoço | AJ4: =SUM(E4:AI4) -> 0
D5: Lanches | AJ5: =SUM(E5:AI5) -> 0
D6: Janta | AJ6: =SUM(E6:AI6) -> 0
D7: Supermercado | AJ7: =SUM(E7:AI7) -> 0
D8: Feira | AJ8: =SUM(E8:AI8) -> 0
D9: Padaria | AJ9: =SUM(E9:AI9) -> 0
D10: Outros | AJ10: =SUM(E10:AI10) -> 0
D11: Total | E11: =SUM(E3:E9) -> 0 | F11: =SUM(F3:F9) -> 0 | G11: =SUM(G3:G9) -> 0 | H11: =SUM(H3:H9) -> 0 | I11: =SUM(I3:I9) -> 0 | J11: =SUM(J3:J9) -> 0 | K11: =SUM(K3:K9) -> 0 | L11: =SUM(L3:L9) -> 0 | ... AI11: =SUM(AI3:AI9) -> 0 | AJ11: =SUM(E11:AI11) -> 0
C12: Transporte | D12: Manuntenção Carro | AJ12: =SUM(E12:AI12) -> 0
D13: Gasolina | AJ13: =SUM(E13:AI13) -> 0
D14: Bicicleta | AJ14: =SUM(E14:AI14) -> 0
D15: Metrô | AJ15: =SUM(E15:AI15) -> 0
D16: Ônibus | AJ16: =SUM(E16:AI16) -> 0
D17: Estacionamento | AJ17: =SUM(E17:AI17) -> 0
D18: Serviço App | AJ18: =SUM(E18:AI18) -> 0
D19: Pedágio | AJ19: =SUM(E19:AI19) -> 0
D20: Outros | AJ20: =SUM(E20:AI20) -> 0
D21: Total | E21: =SUM(E12:E19) -> 0 | F21: =SUM(F12:F19) -> 0 | G21: =SUM(G12:G19) -> 0 | H21: =SUM(H12:H19) -> 0 | I21: =SUM(I12:I19) -> 0 | J21: =SUM(J12:J19) -> 0 | K21: =SUM(K12:K19) -> 0 | L21: =SUM(L12:L19) -> 0 | ... AI21: =SUM(AI12:AI19) -> 0 | AJ21: =SUM(E21:AI21) -> 0
C22: Saúde | D22: Medicamentos | AJ22: =SUM(E22:AI22) -> 0
D23: Médico | AJ23: =SUM(E23:AI23) -> 0
D24: Outros
D25: Total | E25: =SUM(E22:E23) -> 0 | F25: =SUM(F22:F23) -> 0 | G25: =SUM(G22:G23) -> 0 | H25: =SUM(H22:H23) -> 0 | I25: =SUM(I22:I23) -> 0 | J25: =SUM(J22:J23) -> 0 | K25: =SUM(K22:K23) -> 0 | L25: =SUM(L22:L23) -> 0 | ... AI25: =SUM(AI22:AI23) -> 0 | AJ25: =SUM(E25:AI25) -> 0
C26: Educação | D26: Livros | AJ26: =SUM(E26:AI26) -> 0
D27: Material | AJ27: =SUM(E27:AI27) -> 0
D28: Curso | AJ28: =SUM(E28:AI28) -> 0
D29: Outros | AJ29: =SUM(E29:AI29) -> 0
D30: Total | E30: =SUM(E26:E28) -> 0 | F30: =SUM(F26:F28) -> 0 | G30: =SUM(G26:G28) -> 0 | H30: =SUM(H26:H28) -> 0 | I30: =SUM(I26:I28) -> 0 | J30: =SUM(J26:J28) -> 0 | K30: =SUM(K26:K28) -> 0 | L30: =SUM(L26:L28) -> 0 | ... AI30: =SUM(AI26:AI28) -> 0 | AJ30: =SUM(E30:AI30) -> 0
C31: Habitação | D31: Conserto | AJ31: =SUM(E31:AI31) -> 0
D32: Aparelho novo | AJ32: =SUM(E32:AI32) -> 0
D33: Outros | AJ33: =SUM(E33:AI33) -> 0
D34: Total | E34: =SUM(E31:E32) -> 0 | F34: =SUM(F31:F32) -> 0 | G34: =SUM(G31:G32) -> 0 | H34: =SUM(H31:H32) -> 0 | I34: =SUM(I31:I32) -> 0 | J34: =SUM(J31:J32) -> 0 | K34: =SUM(K31:K32) -> 0 | L34: =SUM(L31:L32) -> 0 | ... AI34: =SUM(AI31:AI32) -> 0 | AJ34: =SUM(E34:AI34) -> 0
C35: Lazer | D35: Cinema/Teatro | AJ35: =SUM(E35:AI35) -> 0
D36: Hotel | AJ36: =SUM(E36:AI36) -> 0
D37: Bar | AJ37: =SUM(E37:AI37) -> 0
D38: Festas | AJ38: =SUM(E38:AI38) -> 0
D39: Serviço App Bicicleta | AJ39: =SUM(E39:AI39) -> 0
D40: Viagem
D41: Outros | AJ41: =SUM(E41:AI41) -> 0
D42: Total | E42: =SUM(E35:E39) -> 0 | F42: =SUM(F35:F39) -> 0 | G42: =SUM(G35:G39) -> 0 | H42: =SUM(H35:H39) -> 0 | I42: =SUM(I35:I39) -> 0 | J42: =SUM(J35:J39) -> 0 | K42: =SUM(K35:K39) -> 0 | L42: =SUM(L35:L39) -> 0 | ... AI42: =SUM(AI35:AI39) -> 0 | AJ42: =SUM(E42:AI42) -> 0
C43: Aparelhos pessoais | D43: Celular | AJ43: =SUM(E43:AI43) -> 0
D44: Notebook | AJ44: =SUM(E44:AI44) -> 0
D45: Outros | AJ45: =SUM(E45:AI45) -> 0
D46: Total | E46: =SUM(E43:E44) -> 0 | F46: =SUM(F43:F44) -> 0 | G46: =SUM(G43:G44) -> 0 | H46: =SUM(H43:H44) -> 0 | I46: =SUM(I43:I44) -> 0 | J46: =SUM(J43:J44) -> 0 | K46: =SUM(K43:K44) -> 0 | L46: =SUM(L43:L44) -> 0 | ... AI46: =SUM(AI43:AI44) -> 0 | AJ46: =SUM(E46:AI46) -> 0
C47: Vestuário | D47: Roupas | AJ47: =SUM(E47:AI47) -> 0
D48: Tênis | AJ48: =SUM(E48:AI48) -> 0
D49: Outros | AJ49: =SUM(E49:AI49) -> 0
D50: Total | E50: =SUM(E47:E48) -> 0 | F50: =SUM(F47:F48) -> 0 | G50: =SUM(G47:G48) -> 0 | H50: =SUM(H47:H48) -> 0 | I50: =SUM(I47:I48) -> 0 | J50: =SUM(J47:J48) -> 0 | K50: =SUM(K47:K48) -> 0 | L50: =SUM(L47:L48) -> 0 | ... AI50: =SUM(AI47:AI48) -> 0 | AJ50: =SUM(E50:AI50) -> 0
C51: Acessórios | D51: Relógio | AJ51: =SUM(E51:AI51) -> 0
D52: Pulseira | AJ52: =SUM(E52:AI52) -> 0
D53: Cordão | AJ53: =SUM(E53:AI53) -> 0
D54: Outros | AJ54: =SUM(E54:AI54) -> 0
D55: Total | E55: =SUM(E51:E53) -> 0 | F55: =SUM(F51:F53) -> 0 | G55: =SUM(G51:G53) -> 0 | H55: =SUM(H51:H53) -> 0 | I55: =SUM(I51:I53) -> 0 | J55: =SUM(J51:J53) -> 0 | K55: =SUM(K51:K53) -> 0 | L55: =SUM(L51:L53) -> 0 | ... AI55: =SUM(AI51:AI53) -> 0 | AJ55: =SUM(E55:AI55) -> 0
C56: Cuidados Estéticos | D56: Produtos de beleza | AJ56: =SUM(E56:AI56) -> 0
D57: Esteticista | AJ57: =SUM(E57:AI57) -> 0
D58: Outros | AJ58: =SUM(E58:AI58) -> 0
D59: Total | E59: =SUM(E56:E57) -> 0 | F59: =SUM(F56:F57) -> 0 | G59: =SUM(G56:G57) -> 0 | H59: =SUM(H56:H57) -> 0 | I59: =SUM(I56:I57) -> 0 | J59: =SUM(J56:J57) -> 0 | K59: =SUM(K56:K57) -> 0 | L59: =SUM(L56:L57) -> 0 | ... AI59: =SUM(AI56:AI57) -> 0 | AJ59: =SUM(E59:AI59) -> 0
C60: Outros | D60: Presentes | AJ60: =SUM(E60:AI60) -> 0
D61: Doação | AJ61: =SUM(E61:AI61) -> 0
D62: Outros | AJ62: =SUM(E62:AI62) -> 0
D63: Total | E63: =SUM(E60:E61) -> 0 | F63: =SUM(F60:F61) -> 0 | G63: =SUM(G60:G61) -> 0 | H63: =SUM(H60:H61) -> 0 | I63: =SUM(I60:I61) -> 0 | J63: =SUM(J60:J61) -> 0 | K63: =SUM(K60:K61) -> 0 | L63: =SUM(L60:L61) -> 0 | ... AI63: =SUM(AI60:AI61) -> 0 | AJ63: =SUM(E63:AI63) -> 0
D64: Total Despesa | E64: =SUM(E11,E21,E25,E30,E34,E42,E46,E50,E55,E59,E63) -> 0 | F64: =SUM(F11,F21,F25,F30,F34,F42,F46,F50,F55,F59,F63) -> 0 | G64: =SUM(G11,G21,G25,G30,G34,G42,G46,G50,G55,G59,G63) -> 0 | H64: =SUM(H11,H21,H25,H30,H34,H42,H46,H50,H55,H59,H63) -> 0 | I64: =SUM(I11,I21,I25,I30,I34,I42,I46,I50,I55,I59,I63) -> 0 | J64: =SUM(J11,J21,J25,J30,J34,J42,J46,J50,J55,J59,J63) -> 0 | K64: =SUM(K11,K21,K25,K30,K34,K42,K46,K50,K55,K59,K63) -> 0 | L64: =SUM(L11,L21,L25,L30,L34,L42,L46,L50,L55,L59,L63) -> 0 | ... AI64: =SUM(AI11,AI21,AI25,AI30,AI34,AI42,AI46,AI50,AI55,AI59,AI63) -> 0 | AJ64: =SUM(E64:AI64) -> 0

Sheet Maio
D2: Destino/Dias | E2: 1 | F2: 2 | G2: 3 | H2: 4 | I2: 5 | J2: 6 | K2: 7 | L2: 8 | M2: 9 | N2: 10 | O2: 11 | P2: 12 | Q2: 13 | R2: 14 | S2: 15 | T2: 16 | U2: 17 | V2: 18 | W2: 19 | X2: 20 | Y2: 21 | Z2: 22 | AA2: 23 | AB2: 24 | AC2: 25 | AD2: 26 | AE2: 27 | AF2: 28 | AG2: 29 | AH2: 30 | AI2: 31 | AJ2: Mês
B3: Despesas Variáveis do Dia-a-Dia | C3: Alimentação | D3: Café da manhã | AJ3: =SUM(E3:AI3) -> 0 | AK3: 31
D4: Almoço | AJ4: =SUM(E4:AI4) -> 0
D5: Lanches | AJ5: =SUM(E5:AI5) -> 0
D6: Janta | AJ6: =SUM(E6:AI6) -> 0
D7: Supermercado | AJ7: =SUM(E7:AI7) -> 0
D8: Feira | AJ8: =SUM(E8:AI8) -> 0
D9: Padaria | AJ9: =SUM(E9:AI9) -> 0
D10: Outros | AJ10: =SUM(E10:AI10) -> 0
D11: Total | E11: =SUM(E3:E9) -> 0 | F11: =SUM(F3:F9) -> 0 | G11: =SUM(G3:G9) -> 0 | H11: =SUM(H3:H9) -> 0 | I11: =SUM(I3:I9) -> 0 | J11: =SUM(J3:J9) -> 0 | K11: =SUM(K3:K9) -> 0 | L11: =SUM(L3:L9) -> 0 | ... AI11: =SUM(AI3:AI9) -> 0 | AJ11: =SUM(E11:AI11) -> 0
C12: Transporte | D12: Manuntenção Carro | AJ12: =SUM(E12:AI12) -> 0
D13: Gasolina | AJ13: =SUM(E13:AI13) -> 0
D14: Bicicleta | AJ14: =SUM(E14:AI14) -> 0
D15: Metrô | AJ15: =SUM(E15:AI15) -> 0
D16: Ônibus | AJ16: =SUM(E16:AI16) -> 0
D17: Estacionamento | AJ17: =SUM(E17:AI17) -> 0
D18: Serviço App | AJ18: =SUM(E18:AI18) -> 0
D19: Pedágio | AJ19: =SUM(E19:AI19) -> 0
D20: Outros | AJ20: =SUM(E20:AI20) -> 0
D21: Total | E21: =SUM(E12:E19) -> 0 | F21: =SUM(F12:F19) -> 0 | G21: =SUM(G12:G19) -> 0 | H21: =SUM(H12:H19) -> 0 | I21: =SUM(I12:I19) -> 0 | J21: =SUM(J12:J19) -> 0 | K21: =SUM(K12:K19) -> 0 | L21: =SUM(L12:L19) -> 0 | ... AI21: =SUM(AI12:AI19) -> 0 | AJ21: =SUM(E21:AI21) -> 0
C22: Saúde | D22: Medicamentos | AJ22: =SUM(E22:AI22) -> 0
D23: Médico | AJ23: =SUM(E23:AI23) -> 0
D24: Outros
D25: Total | E25: =SUM(E22:E23) -> 0 | F25: =SUM(F22:F23) -> 0 | G25: =SUM(G22:G23) -> 0 | H25: =SUM(H22:H23) -> 0 | I25: =SUM(I22:I23) -> 0 | J25: =SUM(J22:J23) -> 0 | K25: =SUM(K22:K23) -> 0 | L25: =SUM(L22:L23) -> 0 | ... AI25: =SUM(AI22:AI23) -> 0 | AJ25: =SUM(E25:AI25) -> 0
C26: Educação | D26: Livros | AJ26: =SUM(E26:AI26) -> 0
D27: Material | AJ27: =SUM(E27:AI27) -> 0
D28: Curso | AJ28: =SUM(E28:AI28) -> 0
D29: Outros | AJ29: =SUM(E29:AI29) -> 0
D30: Total | E30: =SUM(E26:E28) -> 0 | F30: =SUM(F26:F28) -> 0 | G30: =SUM(G26:G28) -> 0 | H30: =SUM(H26:H28) -> 0 | I30: =SUM(I26:I28) -> 0 | J30: =SUM(J26:J28) -> 0 | K30: =SUM(K26:K28) -> 0 | L30: =SUM(L26:L28) -> 0 | ... AI30: =SUM(AI26:AI28) -> 0 | AJ30: =SUM(E30:AI30) -> 0
C31: Habitação | D31: Conserto | AJ31: =SUM(E31:AI31) -> 0
D32: Aparelho novo | AJ32: =SUM(E32:AI32) -> 0
D33: Outros | AJ33: =SUM(E33:AI33) -> 0
D34: Total | E34: =SUM(E31:E32) -> 0 | F34: =SUM(F31:F32) -> 0 | G34: =SUM(G31:G32) -> 0 | H34: =SUM(H31:H32) -> 0 | I34: =SUM(I31:I32) -> 0 | J34: =SUM(J31:J32) -> 0 | K34: =SUM(K31:K32) -> 0 | L34: =SUM(L31:L32) -> 0 | ... AI34: =SUM(AI31:AI32) -> 0 | AJ34: =SUM(E34:AI34) -> 0
C35: Lazer | D35: Cinema/Teatro | AJ35: =SUM(E35:AI35) -> 0
D36: Hotel | AJ36: =SUM(E36:AI36) -> 0
D37: Bar | AJ37: =SUM(E37:AI37) -> 0
D38: Festas | AJ38: =SUM(E38:AI38) -> 0
D39: Serviço App Bicicleta | AJ39: =SUM(E39:AI39) -> 0
D40: Viagem
D41: Outros | AJ41: =SUM(E41:AI41) -> 0
D42: Total | E42: =SUM(E35:E39) -> 0 | F42: =SUM(F35:F39) -> 0 | G42: =SUM(G35:G39) -> 0 | H42: =SUM(H35:H39) -> 0 | I42: =SUM(I35:I39) -> 0 | J42: =SUM(J35:J39) -> 0 | K42: =SUM(K35:K39) -> 0 | L42: =SUM(L35:L39) -> 0 | ... AI42: =SUM(AI35:AI39) -> 0 | AJ42: =SUM(E42:AI42) -> 0
C43: Aparelhos pessoais | D43: Celular | AJ43: =SUM(E43:AI43) -> 0
D44: Notebook | AJ44: =SUM(E44:AI44) -> 0
D45: Outros | AJ45: =SUM(E45:AI45) -> 0
D46: Total | E46: =SUM(E43:E44) -> 0 | F46: =SUM(F43:F44) -> 0 | G46: =SUM(G43:G44) -> 0 | H46: =SUM(H43:H44) -> 0 | I46: =SUM(I43:I44) -> 0 | J46: =SUM(J43:J44) -> 0 | K46: =SUM(K43:K44) -> 0 | L46: =SUM(L43:L44) -> 0 | ... AI46: =SUM(AI43:AI44) -> 0 | AJ46: =SUM(E46:AI46) -> 0
C47: Vestuário | D47: Roupas | AJ47: =SUM(E47:AI47) -> 0
D48: Tênis | AJ48: =SUM(E48:AI48) -> 0
D49: Outros | AJ49: =SUM(E49:AI49) -> 0
D50: Total | E50: =SUM(E47:E48) -> 0 | F50: =SUM(F47:F48) -> 0 | G50: =SUM(G47:G48) -> 0 | H50: =SUM(H47:H48) -> 0 | I50: =SUM(I47:I48) -> 0 | J50: =SUM(J47:J48) -> 0 | K50: =SUM(K47:K48) -> 0 | L50: =SUM(L47:L48) -> 0 | ... AI50: =SUM(AI47:AI48) -> 0 | AJ50: =SUM(E50:AI50) -> 0
C51: Acessórios | D51: Relógio | AJ51: =SUM(E51:AI51) -> 0
D52: Pulseira | AJ52: =SUM(E52:AI52) -> 0
D53: Cordão | AJ53: =SUM(E53:AI53) -> 0
D54: Outros | AJ54: =SUM(E54:AI54) -> 0
D55: Total | E55: =SUM(E51:E53) -> 0 | F55: =SUM(F51:F53) -> 0 | G55: =SUM(G51:G53) -> 0 | H55: =SUM(H51:H53) -> 0 | I55: =SUM(I51:I53) -> 0 | J55: =SUM(J51:J53) -> 0 | K55: =SUM(K51:K53) -> 0 | L55: =SUM(L51:L53) -> 0 | ... AI55: =SUM(AI51:AI53) -> 0 | AJ55: =SUM(E55:AI55) -> 0
C56: Cuidados Estéticos | D56: Produtos de beleza | AJ56: =SUM(E56:AI56) -> 0
D57: Esteticista | AJ57: =SUM(E57:AI57) -> 0
D58: Outros | AJ58: =SUM(E58:AI58) -> 0
D59: Total | E59: =SUM(E56:E57) -> 0 | F59: =SUM(F56:F57) -> 0 | G59: =SUM(G56:G57) -> 0 | H59: =SUM(H56:H57) -> 0 | I59: =SUM(I56:I57) -> 0 | J59: =SUM(J56:J57) -> 0 | K59: =SUM(K56:K57) -> 0 | L59: =SUM(L56:L57) -> 0 | ... AI59: =SUM(AI56:AI57) -> 0 | AJ59: =SUM(E59:AI59) -> 0
C60: Outros | D60: Presentes | AJ60: =SUM(E60:AI60) -> 0
D61: Doação | AJ61: =SUM(E61:AI61) -> 0
D62: Outros | AJ62: =SUM(E62:AI62) -> 0
D63: Total | E63: =SUM(E60:E61) -> 0 | F63: =SUM(F60:F61) -> 0 | G63: =SUM(G60:G61) -> 0 | H63: =SUM(H60:H61) -> 0 | I63: =SUM(I60:I61) -> 0 | J63: =SUM(J60:J61) -> 0 | K63: =SUM(K60:K61) -> 0 | L63: =SUM(L60:L61) -> 0 | ... AI63: =SUM(AI60:AI61) -> 0 | AJ63: =SUM(E63:AI63) -> 0
D64: Total Despesa | E64: =SUM(E11,E21,E25,E30,E34,E42,E46,E50,E55,E59,E63) -> 0 | F64: =SUM(F11,F21,F25,F30,F34,F42,F46,F50,F55,F59,F63) -> 0 | G64: =SUM(G11,G21,G25,G30,G34,G42,G46,G50,G55,G59,G63) -> 0 | H64: =SUM(H11,H21,H25,H30,H34,H42,H46,H50,H55,H59,H63) -> 0 | I64: =SUM(I11,I21,I25,I30,I34,I42,I46,I50,I55,I59,I63) -> 0 | J64: =SUM(J11,J21,J25,J30,J34,J42,J46,J50,J55,J59,J63) -> 0 | K64: =SUM(K11,K21,K25,K30,K34,K42,K46,K50,K55,K59,K63) -> 0 | L64: =SUM(L11,L21,L25,L30,L34,L42,L46,L50,L55,L59,L63) -> 0 | ... AI64: =SUM(AI11,AI21,AI25,AI30,AI34,AI42,AI46,AI50,AI55,AI59,AI63) -> 0 | AJ64: =SUM(E64:AI64) -> 0

Sheet Junho
D2: Destino/Dias | E2: 1 | F2: 2 | G2: 3 | H2: 4 | I2: 5 | J2: 6 | K2: 7 | L2: 8 | M2: 9 | N2: 10 | O2: 11 | P2: 12 | Q2: 13 | R2: 14 | S2: 15 | T2: 16 | U2: 17 | V2: 18 | W2: 19 | X2: 20 | Y2: 21 | Z2: 22 | AA2: 23 | AB2: 24 | AC2: 25 | AD2: 26 | AE2: 27 | AF2: 28 | AG2: 29 | AH2: 30 | AI2: 31 | AJ2: Mês
B3: Despesas Variáveis do Dia-a-Dia | C3: Alimentação | D3: Café da manhã | AJ3: =SUM(E3:AI3) -> 0 | AK3: 31
D4: Almoço | AJ4: =SUM(E4:AI4) -> 0
D5: Lanches | AJ5: =SUM(E5:AI5) -> 0
D6: Janta | AJ6: =SUM(E6:AI6) -> 0
D7: Supermercado | AJ7: =SUM(E7:AI7) -> 0
D8: Feira | AJ8: =SUM(E8:AI8) -> 0
D9: Padaria | AJ9: =SUM(E9:AI9) -> 0
D10: Outros | AJ10: =SUM(E10:AI10) -> 0
D11: Total | E11: =SUM(E3:E9) -> 0 | F11: =SUM(F3:F9) -> 0 | G11: =SUM(G3:G9) -> 0 | H11: =SUM(H3:H9) -> 0 | I11: =SUM(I3:I9) -> 0 | J11: =SUM(J3:J9) -> 0 | K11: =SUM(K3:K9) -> 0 | L11: =SUM(L3:L9) -> 0 | ... AI11: =SUM(AI3:AI9) -> 0 | AJ11: =SUM(E11:AI11) -> 0
C12: Transporte | D12: Manuntenção Carro | AJ12: =SUM(E12:AI12) -> 0
D13: Gasolina | AJ13: =SUM(E13:AI13) -> 0
D14: Bicicleta | AJ14: =SUM(E14:AI14) -> 0
D15: Metrô | AJ15: =SUM(E15:AI15) -> 0
D16: Ônibus | AJ16: =SUM(E16:AI16) -> 0
D17: Estacionamento | AJ17: =SUM(E17:AI17) -> 0
D18: Serviço App | AJ18: =SUM(E18:AI18) -> 0
D19: Pedágio | AJ19: =SUM(E19:AI19) -> 0
D20: Outros | AJ20: =SUM(E20:AI20) -> 0
D21: Total | E21: =SUM(E12:E19) -> 0 | F21: =SUM(F12:F19) -> 0 | G21: =SUM(G12:G19) -> 0 | H21: =SUM(H12:H19) -> 0 | I21: =SUM(I12:I19) -> 0 | J21: =SUM(J12:J19) -> 0 | K21: =SUM(K12:K19) -> 0 | L21: =SUM(L12:L19) -> 0 | ... AI21: =SUM(AI12:AI19) -> 0 | AJ21: =SUM(E21:AI21) -> 0
C22: Saúde | D22: Medicamentos | AJ22: =SUM(E22:AI22) -> 0
D23: Médico | AJ23: =SUM(E23:AI23) -> 0
D24: Outros
D25: Total | E25: =SUM(E22:E23) -> 0 | F25: =SUM(F22:F23) -> 0 | G25: =SUM(G22:G23) -> 0 | H25: =SUM(H22:H23) -> 0 | I25: =SUM(I22:I23) -> 0 | J25: =SUM(J22:J23) -> 0 | K25: =SUM(K22:K23) -> 0 | L25: =SUM(L22:L23) -> 0 | ... AI25: =SUM(AI22:AI23) -> 0 | AJ25: =SUM(E25:AI25) -> 0
C26: Educação | D26: Livros | AJ26: =SUM(E26:AI26) -> 0
D27: Material | AJ27: =SUM(E27:AI27) -> 0
D28: Curso | AJ28: =SUM(E28:AI28) -> 0
D29: Outros | AJ29: =SUM(E29:AI29) -> 0
D30: Total | E30: =SUM(E26:E28) -> 0 | F30: =SUM(F26:F28) -> 0 | G30: =SUM(G26:G28) -> 0 | H30: =SUM(H26:H28) -> 0 | I30: =SUM(I26:I28) -> 0 | J30: =SUM(J26:J28) -> 0 | K30: =SUM(K26:K28) -> 0 | L30: =SUM(L26:L28) -> 0 | ... AI30: =SUM(AI26:AI28) -> 0 | AJ30: =SUM(E30:AI30) -> 0
C31: Habitação | D31: Conserto | AJ31: =SUM(E31:AI31) -> 0
D32: Aparelho novo | AJ32: =SUM(E32:AI32) -> 0
D33: Outros | AJ33: =SUM(E33:AI33) -> 0
D34: Total | E34: =SUM(E31:E32) -> 0 | F34: =SUM(F31:F32) -> 0 | G34: =SUM(G31:G32) -> 0 | H34: =SUM(H31:H32) -> 0 | I34: =SUM(I31:I32) -> 0 | J34: =SUM(J31:J32) -> 0 | K34: =SUM(K31:K32) -> 0 | L34: =SUM(L31:L32) -> 0 | ... AI34: =SUM(AI31:AI32) -> 0 | AJ34: =SUM(E34:AI34) -> 0
C35: Lazer | D35: Cinema/Teatro | AJ35: =SUM(E35:AI35) -> 0
D36: Hotel | AJ36: =SUM(E36:AI36) -> 0
D37: Bar | AJ37: =SUM(E37:AI37) -> 0
D38: Festas | AJ38: =SUM(E38:AI38) -> 0
D39: Serviço App Bicicleta | AJ39: =SUM(E39:AI39) -> 0
D40: Viagem
D41: Outros | AJ41: =SUM(E41:AI41) -> 0
D42: Total | E42: =SUM(E35:E39) -> 0 | F42: =SUM(F35:F39) -> 0 | G42: =SUM(G35:G39) -> 0 | H42: =SUM(H35:H39) -> 0 | I42: =SUM(I35:I39) -> 0 | J42: =SUM(J35:J39) -> 0 | K42: =SUM(K35:K39) -> 0 | L42: =SUM(L35:L39) -> 0 | ... AI42: =SUM(AI35:AI39) -> 0 | AJ42: =SUM(E42:AI42) -> 0
C43: Aparelhos pessoais | D43: Celular | AJ43: =SUM(E43:AI43) -> 0
D44: Notebook | AJ44: =SUM(E44:AI44) -> 0
D45: Outros | AJ45: =SUM(E45:AI45) -> 0
D46: Total | E46: =SUM(E43:E44) -> 0 | F46: =SUM(F43:F44) -> 0 | G46: =SUM(G43:G44) -> 0 | H46: =SUM(H43:H44) -> 0 | I46: =SUM(I43:I44) -> 0 | J46: =SUM(J43:J44) -> 0 | K46: =SUM(K43:K44) -> 0 | L46: =SUM(L43:L44) -> 0 | ... AI46: =SUM(AI43:AI44) -> 0 | AJ46: =SUM(E46:AI46) -> 0
C47: Vestuário | D47: Roupas | AJ47: =SUM(E47:AI47) -> 0
D48: Tênis | AJ48: =SUM(E48:AI48) -> 0
D49: Outros | AJ49: =SUM(E49:AI49) -> 0
D50: Total | E50: =SUM(E47:E48) -> 0 | F50: =SUM(F47:F48) -> 0 | G50: =SUM(G47:G48) -> 0 | H50: =SUM(H47:H48) -> 0 | I50: =SUM(I47:I48) -> 0 | J50: =SUM(J47:J48) -> 0 | K50: =SUM(K47:K48) -> 0 | L50: =SUM(L47:L48) -> 0 | ... AI50: =SUM(AI47:AI48) -> 0 | AJ50: =SUM(E50:AI50) -> 0
C51: Acessórios | D51: Relógio | AJ51: =SUM(E51:AI51) -> 0
D52: Pulseira | AJ52: =SUM(E52:AI52) -> 0
D53: Cordão | AJ53: =SUM(E53:AI53) -> 0
D54: Outros | AJ54: =SUM(E54:AI54) -> 0
D55: Total | E55: =SUM(E51:E53) -> 0 | F55: =SUM(F51:F53) -> 0 | G55: =SUM(G51:G53) -> 0 | H55: =SUM(H51:H53) -> 0 | I55: =SUM(I51:I53) -> 0 | J55: =SUM(J51:J53) -> 0 | K55: =SUM(K51:K53) -> 0 | L55: =SUM(L51:L53) -> 0 | ... AI55: =SUM(AI51:AI53) -> 0 | AJ55: =SUM(E55:AI55) -> 0
C56: Cuidados Estéticos | D56: Produtos de beleza | AJ56: =SUM(E56:AI56) -> 0
D57: Esteticista | AJ57: =SUM(E57:AI57) -> 0
D58: Outros | AJ58: =SUM(E58:AI58) -> 0
D59: Total | E59: =SUM(E56:E57) -> 0 | F59: =SUM(F56:F57) -> 0 | G59: =SUM(G56:G57) -> 0 | H59: =SUM(H56:H57) -> 0 | I59: =SUM(I56:I57) -> 0 | J59: =SUM(J56:J57) -> 0 | K59: =SUM(K56:K57) -> 0 | L59: =SUM(L56:L57) -> 0 | ... AI59: =SUM(AI56:AI57) -> 0 | AJ59: =SUM(E59:AI59) -> 0
C60: Outros | D60: Presentes | AJ60: =SUM(E60:AI60) -> 0
D61: Doação | AJ61: =SUM(E61:AI61) -> 0
D62: Outros | AJ62: =SUM(E62:AI62) -> 0
D63: Total | E63: =SUM(E60:E61) -> 0 | F63: =SUM(F60:F61) -> 0 | G63: =SUM(G60:G61) -> 0 | H63: =SUM(H60:H61) -> 0 | I63: =SUM(I60:I61) -> 0 | J63: =SUM(J60:J61) -> 0 | K63: =SUM(K60:K61) -> 0 | L63: =SUM(L60:L61) -> 0 | ... AI63: =SUM(AI60:AI61) -> 0 | AJ63: =SUM(E63:AI63) -> 0
D64: Total Despesa | E64: =SUM(E11,E21,E25,E30,E34,E42,E46,E50,E55,E59,E63) -> 0 | F64: =SUM(F11,F21,F25,F30,F34,F42,F46,F50,F55,F59,F63) -> 0 | G64: =SUM(G11,G21,G25,G30,G34,G42,G46,G50,G55,G59,G63) -> 0 | H64: =SUM(H11,H21,H25,H30,H34,H42,H46,H50,H55,H59,H63) -> 0 | I64: =SUM(I11,I21,I25,I30,I34,I42,I46,I50,I55,I59,I63) -> 0 | J64: =SUM(J11,J21,J25,J30,J34,J42,J46,J50,J55,J59,J63) -> 0 | K64: =SUM(K11,K21,K25,K30,K34,K42,K46,K50,K55,K59,K63) -> 0 | L64: =SUM(L11,L21,L25,L30,L34,L42,L46,L50,L55,L59,L63) -> 0 | ... AI64: =SUM(AI11,AI21,AI25,AI30,AI34,AI42,AI46,AI50,AI55,AI59,AI63) -> 0 | AJ64: =SUM(E64:AI64) -> 0

Sheet Julho
D2: Destino/Dias | E2: 1 | F2: 2 | G2: 3 | H2: 4 | I2: 5 | J2: 6 | K2: 7 | L2: 8 | M2: 9 | N2: 10 | O2: 11 | P2: 12 | Q2: 13 | R2: 14 | S2: 15 | T2: 16 | U2: 17 | V2: 18 | W2: 19 | X2: 20 | Y2: 21 | Z2: 22 | AA2: 23 | AB2: 24 | AC2: 25 | AD2: 26 | AE2: 27 | AF2: 28 | AG2: 29 | AH2: 30 | AI2: 31 | AJ2: Mês
B3: Despesas Variáveis do Dia-a-Dia | C3: Alimentação | D3: Café da manhã | AJ3: =SUM(E3:AI3) -> 0
D4: Almoço | AJ4: =SUM(E4:AI4) -> 0 | AK4: 31
D5: Lanches | AJ5: =SUM(E5:AI5) -> 0
D6: Janta | AJ6: =SUM(E6:AI6) -> 0
D7: Supermercado | AJ7: =SUM(E7:AI7) -> 0
D8: Feira | AJ8: =SUM(E8:AI8) -> 0
D9: Padaria | AJ9: =SUM(E9:AI9) -> 0
D10: Outros | AJ10: =SUM(E10:AI10) -> 0
D11: Total | E11: =SUM(E3:E9) -> 0 | F11: =SUM(F3:F9) -> 0 | G11: =SUM(G3:G9) -> 0 | H11: =SUM(H3:H9) -> 0 | I11: =SUM(I3:I9) -> 0 | J11: =SUM(J3:J9) -> 0 | K11: =SUM(K3:K9) -> 0 | L11: =SUM(L3:L9) -> 0 | ... AI11: =SUM(AI3:AI9) -> 0 | AJ11: =SUM(E11:AI11) -> 0
C12: Transporte | D12: Manuntenção Carro | AJ12: =SUM(E12:AI12) -> 0
D13: Gasolina | AJ13: =SUM(E13:AI13) -> 0
D14: Bicicleta | AJ14: =SUM(E14:AI14) -> 0
D15: Metrô | AJ15: =SUM(E15:AI15) -> 0
D16: Ônibus | AJ16: =SUM(E16:AI16) -> 0
D17: Estacionamento | AJ17: =SUM(E17:AI17) -> 0
D18: Serviço App | AJ18: =SUM(E18:AI18) -> 0
D19: Pedágio | AJ19: =SUM(E19:AI19) -> 0
D20: Outros | AJ20: =SUM(E20:AI20) -> 0
D21: Total | E21: =SUM(E12:E19) -> 0 | F21: =SUM(F12:F19) -> 0 | G21: =SUM(G12:G19) -> 0 | H21: =SUM(H12:H19) -> 0 | I21: =SUM(I12:I19) -> 0 | J21: =SUM(J12:J19) -> 0 | K21: =SUM(K12:K19) -> 0 | L21: =SUM(L12:L19) -> 0 | ... AI21: =SUM(AI12:AI19) -> 0 | AJ21: =SUM(E21:AI21) -> 0
C22: Saúde | D22: Medicamentos | AJ22: =SUM(E22:AI22) -> 0
D23: Médico | AJ23: =SUM(E23:AI23) -> 0
D24: Outros
D25: Total | E25: =SUM(E22:E23) -> 0 | F25: =SUM(F22:F23) -> 0 | G25: =SUM(G22:G23) -> 0 | H25: =SUM(H22:H23) -> 0 | I25: =SUM(I22:I23) -> 0 | J25: =SUM(J22:J23) -> 0 | K25: =SUM(K22:K23) -> 0 | L25: =SUM(L22:L23) -> 0 | ... AI25: =SUM(AI22:AI23) -> 0 | AJ25: =SUM(E25:AI25) -> 0
C26: Educação | D26: Livros | AJ26: =SUM(E26:AI26) -> 0
D27: Material | AJ27: =SUM(E27:AI27) -> 0
D28: Curso | AJ28: =SUM(E28:AI28) -> 0
D29: Outros | AJ29: =SUM(E29:AI29) -> 0
D30: Total | E30: =SUM(E26:E28) -> 0 | F30: =SUM(F26:F28) -> 0 | G30: =SUM(G26:G28) -> 0 | H30: =SUM(H26:H28) -> 0 | I30: =SUM(I26:I28) -> 0 | J30: =SUM(J26:J28) -> 0 | K30: =SUM(K26:K28) -> 0 | L30: =SUM(L26:L28) -> 0 | ... AI30: =SUM(AI26:AI28) -> 0 | AJ30: =SUM(E30:AI30) -> 0
C31: Habitação | D31: Conserto | AJ31: =SUM(E31:AI31) -> 0
D32: Aparelho novo | AJ32: =SUM(E32:AI32) -> 0
D33: Outros | AJ33: =SUM(E33:AI33) -> 0
D34: Total | E34: =SUM(E31:E32) -> 0 | F34: =SUM(F31:F32) -> 0 | G34: =SUM(G31:G32) -> 0 | H34: =SUM(H31:H32) -> 0 | I34: =SUM(I31:I32) -> 0 | J34: =SUM(J31:J32) -> 0 | K34: =SUM(K31:K32) -> 0 | L34: =SUM(L31:L32) -> 0 | ... AI34: =SUM(AI31:AI32) -> 0 | AJ34: =SUM(E34:AI34) -> 0
C35: Lazer | D35: Cinema/Teatro | AJ35: =SUM(E35:AI35) -> 0
D36: Hotel | AJ36: =SUM(E36:AI36) -> 0
D37: Bar | AJ37: =SUM(E37:AI37) -> 0
D38: Festas | AJ38: =SUM(E38:AI38) -> 0
D39: Serviço App Bicicleta | AJ39: =SUM(E39:AI39) -> 0
D40: Viagem
D41: Outros | AJ41: =SUM(E41:AI41) -> 0
D42: Total | E42: =SUM(E35:E39) -> 0 | F42: =SUM(F35:F39) -> 0 | G42: =SUM(G35:G39) -> 0 | H42: =SUM(H35:H39) -> 0 | I42: =SUM(I35:I39) -> 0 | J42: =SUM(J35:J39) -> 0 | K42: =SUM(K35:K39) -> 0 | L42: =SUM(L35:L39) -> 0 | ... AI42: =SUM(AI35:AI39) -> 0 | AJ42: =SUM(E42:AI42) -> 0
C43: Aparelhos pessoais | D43: Celular | AJ43: =SUM(E43:AI43) -> 0
D44: Notebook | AJ44: =SUM(E44:AI44) -> 0
D45: Outros | AJ45: =SUM(E45:AI45) -> 0
D46: Total | E46: =SUM(E43:E44) -> 0 | F46: =SUM(F43:F44) -> 0 | G46: =SUM(G43:G44) -> 0 | H46: =SUM(H43:H44) -> 0 | I46: =SUM(I43:I44) -> 0 | J46: =SUM(J43:J44) -> 0 | K46: =SUM(K43:K44) -> 0 | L46: =SUM(L43:L44) -> 0 | ... AI46: =SUM(AI43:AI44) -> 0 | AJ46: =SUM(E46:AI46) -> 0
C47: Vestuário | D47: Roupas | AJ47: =SUM(E47:AI47) -> 0
D48: Tênis | AJ48: =SUM(E48:AI48) -> 0
D49: Outros | AJ49: =SUM(E49:AI49) -> 0
D50: Total | E50: =SUM(E47:E48) -> 0 | F50: =SUM(F47:F48) -> 0 | G50: =SUM(G47:G48) -> 0 | H50: =SUM(H47:H48) -> 0 | I50: =SUM(I47:I48) -> 0 | J50: =SUM(J47:J48) -> 0 | K50: =SUM(K47:K48) -> 0 | L50: =SUM(L47:L48) -> 0 | ... AI50: =SUM(AI47:AI48) -> 0 | AJ50: =SUM(E50:AI50) -> 0
C51: Acessórios | D51: Relógio | AJ51: =SUM(E51:AI51) -> 0
D52: Pulseira | AJ52: =SUM(E52:AI52) -> 0
D53: Cordão | AJ53: =SUM(E53:AI53) -> 0
D54: Outros | AJ54: =SUM(E54:AI54) -> 0
D55: Total | E55: =SUM(E51:E53) -> 0 | F55: =SUM(F51:F53) -> 0 | G55: =SUM(G51:G53) -> 0 | H55: =SUM(H51:H53) -> 0 | I55: =SUM(I51:I53) -> 0 | J55: =SUM(J51:J53) -> 0 | K55: =SUM(K51:K53) -> 0 | L55: =SUM(L51:L53) -> 0 | ... AI55: =SUM(AI51:AI53) -> 0 | AJ55: =SUM(E55:AI55) -> 0
C56: Cuidados Estéticos | D56: Produtos de beleza | AJ56: =SUM(E56:AI56) -> 0
D57: Esteticista | AJ57: =SUM(E57:AI57) -> 0
D58: Outros | AJ58: =SUM(E58:AI58) -> 0
D59: Total | E59: =SUM(E56:E57) -> 0 | F59: =SUM(F56:F57) -> 0 | G59: =SUM(G56:G57) -> 0 | H59: =SUM(H56:H57) -> 0 | I59: =SUM(I56:I57) -> 0 | J59: =SUM(J56:J57) -> 0 | K59: =SUM(K56:K57) -> 0 | L59: =SUM(L56:L57) -> 0 | ... AI59: =SUM(AI56:AI57) -> 0 | AJ59: =SUM(E59:AI59) -> 0
C60: Outros | D60: Presentes | AJ60: =SUM(E60:AI60) -> 0
D61: Doação | AJ61: =SUM(E61:AI61) -> 0
D62: Outros | AJ62: =SUM(E62:AI62) -> 0
D63: Total | E63: =SUM(E60:E61) -> 0 | F63: =SUM(F60:F61) -> 0 | G63: =SUM(G60:G61) -> 0 | H63: =SUM(H60:H61) -> 0 | I63: =SUM(I60:I61) -> 0 | J63: =SUM(J60:J61) -> 0 | K63: =SUM(K60:K61) -> 0 | L63: =SUM(L60:L61) -> 0 | ... AI63: =SUM(AI60:AI61) -> 0 | AJ63: =SUM(E63:AI63) -> 0
D64: Total Despesa | E64: =SUM(E11,E21,E25,E30,E34,E42,E46,E50,E55,E59,E63) -> 0 | F64: =SUM(F11,F21,F25,F30,F34,F42,F46,F50,F55,F59,F63) -> 0 | G64: =SUM(G11,G21,G25,G30,G34,G42,G46,G50,G55,G59,G63) -> 0 | H64: =SUM(H11,H21,H25,H30,H34,H42,H46,H50,H55,H59,H63) -> 0 | I64: =SUM(I11,I21,I25,I30,I34,I42,I46,I50,I55,I59,I63) -> 0 | J64: =SUM(J11,J21,J25,J30,J34,J42,J46,J50,J55,J59,J63) -> 0 | K64: =SUM(K11,K21,K25,K30,K34,K42,K46,K50,K55,K59,K63) -> 0 | L64: =SUM(L11,L21,L25,L30,L34,L42,L46,L50,L55,L59,L63) -> 0 | ... AI64: =SUM(AI11,AI21,AI25,AI30,AI34,AI42,AI46,AI50,AI55,AI59,AI63) -> 0 | AJ64: =SUM(E64:AI64) -> 0

Sheet Agosto
D2: Destino/Dias | E2: 1 | F2: 2 | G2: 3 | H2: 4 | I2: 5 | J2: 6 | K2: 7 | L2: 8 | M2: 9 | N2: 10 | O2: 11 | P2: 12 | Q2: 13 | R2: 14 | S2: 15 | T2: 16 | U2: 17 | V2: 18 | W2: 19 | X2: 20 | Y2: 21 | Z2: 22 | AA2: 23 | AB2: 24 | AC2: 25 | AD2: 26 | AE2: 27 | AF2: 28 | AG2: 29 | AH2: 30 | AI2: 31 | AJ2: Mês
B3: Despesas Variáveis do Dia-a-Dia | C3: Alimentação | D3: Café da manhã | AJ3: =SUM(E3:AI3) -> 0
D4: Almoço | AJ4: =SUM(E4:AI4) -> 0 | AK4: 31
D5: Lanches | AJ5: =SUM(E5:AI5) -> 0
D6: Janta | AJ6: =SUM(E6:AI6) -> 0
D7: Supermercado | AJ7: =SUM(E7:AI7) -> 0
D8: Feira | AJ8: =SUM(E8:AI8) -> 0
D9: Padaria | AJ9: =SUM(E9:AI9) -> 0
D10: Outros | AJ10: =SUM(E10:AI10) -> 0
D11: Total | E11: =SUM(E3:E9) -> 0 | F11: =SUM(F3:F9) -> 0 | G11: =SUM(G3:G9) -> 0 | H11: =SUM(H3:H9) -> 0 | I11: =SUM(I3:I9) -> 0 | J11: =SUM(J3:J9) -> 0 | K11: =SUM(K3:K9) -> 0 | L11: =SUM(L3:L9) -> 0 | ... AI11: =SUM(AI3:AI9) -> 0 | AJ11: =SUM(E11:AI11) -> 0
C12: Transporte | D12: Manuntenção Carro | AJ12: =SUM(E12:AI12) -> 0
D13: Gasolina | AJ13: =SUM(E13:AI13) -> 0
D14: Bicicleta | AJ14: =SUM(E14:AI14) -> 0
D15: Metrô | AJ15: =SUM(E15:AI15) -> 0
D16: Ônibus | AJ16: =SUM(E16:AI16) -> 0
D17: Estacionamento | AJ17: =SUM(E17:AI17) -> 0
D18: Serviço App | AJ18: =SUM(E18:AI18) -> 0
D19: Pedágio | AJ19: =SUM(E19:AI19) -> 0
D20: Outros | AJ20: =SUM(E20:AI20) -> 0
D21: Total | E21: =SUM(E12:E19) -> 0 | F21: =SUM(F12:F19) -> 0 | G21: =SUM(G12:G19) -> 0 | H21: =SUM(H12:H19) -> 0 | I21: =SUM(I12:I19) -> 0 | J21: =SUM(J12:J19) -> 0 | K21: =SUM(K12:K19) -> 0 | L21: =SUM(L12:L19) -> 0 | ... AI21: =SUM(AI12:AI19) -> 0 | AJ21: =SUM(E21:AI21) -> 0
C22: Saúde | D22: Medicamentos | AJ22: =SUM(E22:AI22) -> 0
D23: Médico | AJ23: =SUM(E23:AI23) -> 0
D24: Outros
D25: Total | E25: =SUM(E22:E23) -> 0 | F25: =SUM(F22:F23) -> 0 | G25: =SUM(G22:G23) -> 0 | H25: =SUM(H22:H23) -> 0 | I25: =SUM(I22:I23) -> 0 | J25: =SUM(J22:J23) -> 0 | K25: =SUM(K22:K23) -> 0 | L25: =SUM(L22:L23) -> 0 | ... AI25: =SUM(AI22:AI23) -> 0 | AJ25: =SUM(E25:AI25) -> 0
C26: Educação | D26: Livros | AJ26: =SUM(E26:AI26) -> 0
D27: Material | AJ27: =SUM(E27:AI27) -> 0
D28: Curso | AJ28: =SUM(E28:AI28) -> 0
D29: Outros | AJ29: =SUM(E29:AI29) -> 0
D30: Total | E30: =SUM(E26:E28) -> 0 | F30: =SUM(F26:F28) -> 0 | G30: =SUM(G26:G28) -> 0 | H30: =SUM(H26:H28) -> 0 | I30: =SUM(I26:I28) -> 0 | J30: =SUM(J26:J28) -> 0 | K30: =SUM(K26:K28) -> 0 | L30: =SUM(L26:L28) -> 0 | ... AI30: =SUM(AI26:AI28) -> 0 | AJ30: =SUM(E30:AI30) -> 0
C31: Habitação | D31: Conserto | AJ31: =SUM(E31:AI31) -> 0
D32: Aparelho novo | AJ32: =SUM(E32:AI32) -> 0
D33: Outros | AJ33: =SUM(E33:AI33) -> 0
D34: Total | E34: =SUM(E31:E32) -> 0 | F34: =SUM(F31:F32) -> 0 | G34: =SUM(G31:G32) -> 0 | H34: =SUM(H31:H32) -> 0 | I34: =SUM(I31:I32) -> 0 | J34: =SUM(J31:J32) -> 0 | K34: =SUM(K31:K32) -> 0 | L34: =SUM(L31:L32) -> 0 | ... AI34: =SUM(AI31:AI32) -> 0 | AJ34: =SUM(E34:AI34) -> 0
C35: Lazer | D35: Cinema/Teatro | AJ35: =SUM(E35:AI35) -> 0
D36: Hotel | AJ36: =SUM(E36:AI36) -> 0
D37: Bar | AJ37: =SUM(E37:AI37) -> 0
D38: Festas | AJ38: =SUM(E38:AI38) -> 0
D39: Serviço App Bicicleta | AJ39: =SUM(E39:AI39) -> 0
D40: Viagem
D41: Outros | AJ41: =SUM(E41:AI41) -> 0
D42: Total | E42: =SUM(E35:E39) -> 0 | F42: =SUM(F35:F39) -> 0 | G42: =SUM(G35:G39) -> 0 | H42: =SUM(H35:H39) -> 0 | I42: =SUM(I35:I39) -> 0 | J42: =SUM(J35:J39) -> 0 | K42: =SUM(K35:K39) -> 0 | L42: =SUM(L35:L39) -> 0 | ... AI42: =SUM(AI35:AI39) -> 0 | AJ42: =SUM(E42:AI42) -> 0
C43: Aparelhos pessoais | D43: Celular | AJ43: =SUM(E43:AI43) -> 0
D44: Notebook | AJ44: =SUM(E44:AI44) -> 0
D45: Outros | AJ45: =SUM(E45:AI45) -> 0
D46: Total | E46: =SUM(E43:E44) -> 0 | F46: =SUM(F43:F44) -> 0 | G46: =SUM(G43:G44) -> 0 | H46: =SUM(H43:H44) -> 0 | I46: =SUM(I43:I44) -> 0 | J46: =SUM(J43:J44) -> 0 | K46: =SUM(K43:K44) -> 0 | L46: =SUM(L43:L44) -> 0 | ... AI46: =SUM(AI43:AI44) -> 0 | AJ46: =SUM(E46:AI46) -> 0
C47: Vestuário | D47: Roupas | AJ47: =SUM(E47:AI47) -> 0
D48: Tênis | AJ48: =SUM(E48:AI48) -> 0
D49: Outros | AJ49: =SUM(E49:AI49) -> 0
D50: Total | E50: =SUM(E47:E48) -> 0 | F50: =SUM(F47:F48) -> 0 | G50: =SUM(G47:G48) -> 0 | H50: =SUM(H47:H48) -> 0 | I50: =SUM(I47:I48) -> 0 | J50: =SUM(J47:J48) -> 0 | K50: =SUM(K47:K48) -> 0 | L50: =SUM(L47:L48) -> 0 | ... AI50: =SUM(AI47:AI48) -> 0 | AJ50: =SUM(E50:AI50) -> 0
C51: Acessórios | D51: Relógio | AJ51: =SUM(E51:AI51) -> 0
D52: Pulseira | AJ52: =SUM(E52:AI52) -> 0
D53: Cordão | AJ53: =SUM(E53:AI53) -> 0
D54: Outros | AJ54: =SUM(E54:AI54) -> 0
D55: Total | E55: =SUM(E51:E53) -> 0 | F55: =SUM(F51:F53) -> 0 | G55: =SUM(G51:G53) -> 0 | H55: =SUM(H51:H53) -> 0 | I55: =SUM(I51:I53) -> 0 | J55: =SUM(J51:J53) -> 0 | K55: =SUM(K51:K53) -> 0 | L55: =SUM(L51:L53) -> 0 | ... AI55: =SUM(AI51:AI53) -> 0 | AJ55: =SUM(E55:AI55) -> 0
C56: Cuidados Estéticos | D56: Produtos de beleza | AJ56: =SUM(E56:AI56) -> 0
D57: Esteticista | AJ57: =SUM(E57:AI57) -> 0
D58: Outros | AJ58: =SUM(E58:AI58) -> 0
D59: Total | E59: =SUM(E56:E57) -> 0 | F59: =SUM(F56:F57) -> 0 | G59: =SUM(G56:G57) -> 0 | H59: =SUM(H56:H57) -> 0 | I59: =SUM(I56:I57) -> 0 | J59: =SUM(J56:J57) -> 0 | K59: =SUM(K56:K57) -> 0 | L59: =SUM(L56:L57) -> 0 | ... AI59: =SUM(AI56:AI57) -> 0 | AJ59: =SUM(E59:AI59) -> 0
C60: Outros | D60: Presentes | AJ60: =SUM(E60:AI60) -> 0
D61: Doação | AJ61: =SUM(E61:AI61) -> 0
D62: Outros | AJ62: =SUM(E62:AI62) -> 0
D63: Total | E63: =SUM(E60:E61) -> 0 | F63: =SUM(F60:F61) -> 0 | G63: =SUM(G60:G61) -> 0 | H63: =SUM(H60:H61) -> 0 | I63: =SUM(I60:I61) -> 0 | J63: =SUM(J60:J61) -> 0 | K63: =SUM(K60:K61) -> 0 | L63: =SUM(L60:L61) -> 0 | ... AI63: =SUM(AI60:AI61) -> 0 | AJ63: =SUM(E63:AI63) -> 0
D64: Total Despesa | E64: =SUM(E11,E21,E25,E30,E34,E42,E46,E50,E55,E59,E63) -> 0 | F64: =SUM(F11,F21,F25,F30,F34,F42,F46,F50,F55,F59,F63) -> 0 | G64: =SUM(G11,G21,G25,G30,G34,G42,G46,G50,G55,G59,G63) -> 0 | H64: =SUM(H11,H21,H25,H30,H34,H42,H46,H50,H55,H59,H63) -> 0 | I64: =SUM(I11,I21,I25,I30,I34,I42,I46,I50,I55,I59,I63) -> 0 | J64: =SUM(J11,J21,J25,J30,J34,J42,J46,J50,J55,J59,J63) -> 0 | K64: =SUM(K11,K21,K25,K30,K34,K42,K46,K50,K55,K59,K63) -> 0 | L64: =SUM(L11,L21,L25,L30,L34,L42,L46,L50,L55,L59,L63) -> 0 | ... AI64: =SUM(AI11,AI21,AI25,AI30,AI34,AI42,AI46,AI50,AI55,AI59,AI63) -> 0 | AJ64: =SUM(E64:AI64) -> 0

Sheet Setembro
D2: Destino/Dias | E2: 1 | F2: 2 | G2: 3 | H2: 4 | I2: 5 | J2: 6 | K2: 7 | L2: 8 | M2: 9 | N2: 10 | O2: 11 | P2: 12 | Q2: 13 | R2: 14 | S2: 15 | T2: 16 | U2: 17 | V2: 18 | W2: 19 | X2: 20 | Y2: 21 | Z2: 22 | AA2: 23 | AB2: 24 | AC2: 25 | AD2: 26 | AE2: 27 | AF2: 28 | AG2: 29 | AH2: 30 | AI2: 31 | AJ2: Mês
B3: Despesas Variáveis do Dia-a-Dia | C3: Alimentação | D3: Café da manhã | AJ3: =SUM(E3:AI3) -> 0
D4: Almoço | AJ4: =SUM(E4:AI4) -> 0 | AK4: 31
D5: Lanches | AJ5: =SUM(E5:AI5) -> 0
D6: Janta | AJ6: =SUM(E6:AI6) -> 0
D7: Supermercado | AJ7: =SUM(E7:AI7) -> 0
D8: Feira | AJ8: =SUM(E8:AI8) -> 0
D9: Padaria | AJ9: =SUM(E9:AI9) -> 0
D10: Outros | AJ10: =SUM(E10:AI10) -> 0
D11: Total | E11: =SUM(E3:E9) -> 0 | F11: =SUM(F3:F9) -> 0 | G11: =SUM(G3:G9) -> 0 | H11: =SUM(H3:H9) -> 0 | I11: =SUM(I3:I9) -> 0 | J11: =SUM(J3:J9) -> 0 | K11: =SUM(K3:K9) -> 0 | L11: =SUM(L3:L9) -> 0 | ... AI11: =SUM(AI3:AI9) -> 0 | AJ11: =SUM(E11:AI11) -> 0
C12: Transporte | D12: Manuntenção Carro | AJ12: =SUM(E12:AI12) -> 0
D13: Gasolina | AJ13: =SUM(E13:AI13) -> 0
D14: Bicicleta | AJ14: =SUM(E14:AI14) -> 0
D15: Metrô | AJ15: =SUM(E15:AI15) -> 0
D16: Ônibus | AJ16: =SUM(E16:AI16) -> 0
D17: Estacionamento | AJ17: =SUM(E17:AI17) -> 0
D18: Serviço App | AJ18: =SUM(E18:AI18) -> 0
D19: Pedágio | AJ19: =SUM(E19:AI19) -> 0
D20: Outros | AJ20: =SUM(E20:AI20) -> 0
D21: Total | E21: =SUM(E12:E19) -> 0 | F21: =SUM(F12:F19) -> 0 | G21: =SUM(G12:G19) -> 0 | H21: =SUM(H12:H19) -> 0 | I21: =SUM(I12:I19) -> 0 | J21: =SUM(J12:J19) -> 0 | K21: =SUM(K12:K19) -> 0 | L21: =SUM(L12:L19) -> 0 | ... AI21: =SUM(AI12:AI19) -> 0 | AJ21: =SUM(E21:AI21) -> 0
C22: Saúde | D22: Medicamentos | AJ22: =SUM(E22:AI22) -> 0
D23: Médico | AJ23: =SUM(E23:AI23) -> 0
D24: Outros
D25: Total | E25: =SUM(E22:E23) -> 0 | F25: =SUM(F22:F23) -> 0 | G25: =SUM(G22:G23) -> 0 | H25: =SUM(H22:H23) -> 0 | I25: =SUM(I22:I23) -> 0 | J25: =SUM(J22:J23) -> 0 | K25: =SUM(K22:K23) -> 0 | L25: =SUM(L22:L23) -> 0 | ... AI25: =SUM(AI22:AI23) -> 0 | AJ25: =SUM(E25:AI25) -> 0
C26: Educação | D26: Livros | AJ26: =SUM(E26:AI26) -> 0
D27: Material | AJ27: =SUM(E27:AI27) -> 0
D28: Curso | AJ28: =SUM(E28:AI28) -> 0
D29: Outros | AJ29: =SUM(E29:AI29) -> 0
D30: Total | E30: =SUM(E26:E28) -> 0 | F30: =SUM(F26:F28) -> 0 | G30: =SUM(G26:G28) -> 0 | H30: =SUM(H26:H28) -> 0 | I30: =SUM(I26:I28) -> 0 | J30: =SUM(J26:J28) -> 0 | K30: =SUM(K26:K28) -> 0 | L30: =SUM(L26:L28) -> 0 | ... AI30: =SUM(AI26:AI28) -> 0 | AJ30: =SUM(E30:AI30) -> 0
C31: Habitação | D31: Conserto | AJ31: =SUM(E31:AI31) -> 0
D32: Aparelho novo | AJ32: =SUM(E32:AI32) -> 0
D33: Outros | AJ33: =SUM(E33:AI33) -> 0
D34: Total | E34: =SUM(E31:E32) -> 0 | F34: =SUM(F31:F32) -> 0 | G34: =SUM(G31:G32) -> 0 | H34: =SUM(H31:H32) -> 0 | I34: =SUM(I31:I32) -> 0 | J34: =SUM(J31:J32) -> 0 | K34: =SUM(K31:K32) -> 0 | L34: =SUM(L31:L32) -> 0 | ... AI34: =SUM(AI31:AI32) -> 0 | AJ34: =SUM(E34:AI34) -> 0
C35: Lazer | D35: Cinema/Teatro | AJ35: =SUM(E35:AI35) -> 0
D36: Hotel | AJ36: =SUM(E36:AI36) -> 0
D37: Bar | AJ37: =SUM(E37:AI37) -> 0
D38: Festas | AJ38: =SUM(E38:AI38) -> 0
D39: Serviço App Bicicleta | AJ39: =SUM(E39:AI39) -> 0
D40: Viagem
D41: Outros | AJ41: =SUM(E41:AI41) -> 0
D42: Total | E42: =SUM(E35:E39) -> 0 | F42: =SUM(F35:F39) -> 0 | G42: =SUM(G35:G39) -> 0 | H42: =SUM(H35:H39) -> 0 | I42: =SUM(I35:I39) -> 0 | J42: =SUM(J35:J39) -> 0 | K42: =SUM(K35:K39) -> 0 | L42: =SUM(L35:L39) -> 0 | ... AI42: =SUM(AI35:AI39) -> 0 | AJ42: =SUM(E42:AI42) -> 0
C43: Aparelhos pessoais | D43: Celular | AJ43: =SUM(E43:AI43) -> 0
D44: Notebook | AJ44: =SUM(E44:AI44) -> 0
D45: Outros | AJ45: =SUM(E45:AI45) -> 0
D46: Total | E46: =SUM(E43:E44) -> 0 | F46: =SUM(F43:F44) -> 0 | G46: =SUM(G43:G44) -> 0 | H46: =SUM(H43:H44) -> 0 | I46: =SUM(I43:I44) -> 0 | J46: =SUM(J43:J44) -> 0 | K46: =SUM(K43:K44) -> 0 | L46: =SUM(L43:L44) -> 0 | ... AI46: =SUM(AI43:AI44) -> 0 | AJ46: =SUM(E46:AI46) -> 0
C47: Vestuário | D47: Roupas | AJ47: =SUM(E47:AI47) -> 0
D48: Tênis | AJ48: =SUM(E48:AI48) -> 0
D49: Outros | AJ49: =SUM(E49:AI49) -> 0
D50: Total | E50: =SUM(E47:E48) -> 0 | F50: =SUM(F47:F48) -> 0 | G50: =SUM(G47:G48) -> 0 | H50: =SUM(H47:H48) -> 0 | I50: =SUM(I47:I48) -> 0 | J50: =SUM(J47:J48) -> 0 | K50: =SUM(K47:K48) -> 0 | L50: =SUM(L47:L48) -> 0 | ... AI50: =SUM(AI47:AI48) -> 0 | AJ50: =SUM(E50:AI50) -> 0
C51: Acessórios | D51: Relógio | AJ51: =SUM(E51:AI51) -> 0
D52: Pulseira | AJ52: =SUM(E52:AI52) -> 0
D53: Cordão | AJ53: =SUM(E53:AI53) -> 0
D54: Outros | AJ54: =SUM(E54:AI54) -> 0
D55: Total | E55: =SUM(E51:E53) -> 0 | F55: =SUM(F51:F53) -> 0 | G55: =SUM(G51:G53) -> 0 | H55: =SUM(H51:H53) -> 0 | I55: =SUM(I51:I53) -> 0 | J55: =SUM(J51:J53) -> 0 | K55: =SUM(K51:K53) -> 0 | L55: =SUM(L51:L53) -> 0 | ... AI55: =SUM(AI51:AI53) -> 0 | AJ55: =SUM(E55:AI55) -> 0
C56: Cuidados Estéticos | D56: Produtos de beleza | AJ56: =SUM(E56:AI56) -> 0
D57: Esteticista | AJ57: =SUM(E57:AI57) -> 0
D58: Outros | AJ58: =SUM(E58:AI58) -> 0
D59: Total | E59: =SUM(E56:E57) -> 0 | F59: =SUM(F56:F57) -> 0 | G59: =SUM(G56:G57) -> 0 | H59: =SUM(H56:H57) -> 0 | I59: =SUM(I56:I57) -> 0 | J59: =SUM(J56:J57) -> 0 | K59: =SUM(K56:K57) -> 0 | L59: =SUM(L56:L57) -> 0 | ... AI59: =SUM(AI56:AI57) -> 0 | AJ59: =SUM(E59:AI59) -> 0
C60: Outros | D60: Presentes | AJ60: =SUM(E60:AI60) -> 0
D61: Doação | AJ61: =SUM(E61:AI61) -> 0
D62: Outros | AJ62: =SUM(E62:AI62) -> 0
D63: Total | E63: =SUM(E60:E61) -> 0 | F63: =SUM(F60:F61) -> 0 | G63: =SUM(G60:G61) -> 0 | H63: =SUM(H60:H61) -> 0 | I63: =SUM(I60:I61) -> 0 | J63: =SUM(J60:J61) -> 0 | K63: =SUM(K60:K61) -> 0 | L63: =SUM(L60:L61) -> 0 | ... AI63: =SUM(AI60:AI61) -> 0 | AJ63: =SUM(E63:AI63) -> 0
D64: Total Despesa | E64: =SUM(E11,E21,E25,E30,E34,E42,E46,E50,E55,E59,E63) -> 0 | F64: =SUM(F11,F21,F25,F30,F34,F42,F46,F50,F55,F59,F63) -> 0 | G64: =SUM(G11,G21,G25,G30,G34,G42,G46,G50,G55,G59,G63) -> 0 | H64: =SUM(H11,H21,H25,H30,H34,H42,H46,H50,H55,H59,H63) -> 0 | I64: =SUM(I11,I21,I25,I30,I34,I42,I46,I50,I55,I59,I63) -> 0 | J64: =SUM(J11,J21,J25,J30,J34,J42,J46,J50,J55,J59,J63) -> 0 | K64: =SUM(K11,K21,K25,K30,K34,K42,K46,K50,K55,K59,K63) -> 0 | L64: =SUM(L11,L21,L25,L30,L34,L42,L46,L50,L55,L59,L63) -> 0 | ... AI64: =SUM(AI11,AI21,AI25,AI30,AI34,AI42,AI46,AI50,AI55,AI59,AI63) -> 0 | AJ64: =SUM(E64:AI64) -> 0

Sheet Outubro
D2: Destino/Dias | E2: 1 | F2: 2 | G2: 3 | H2: 4 | I2: 5 | J2: 6 | K2: 7 | L2: 8 | M2: 9 | N2: 10 | O2: 11 | P2: 12 | Q2: 13 | R2: 14 | S2: 15 | T2: 16 | U2: 17 | V2: 18 | W2: 19 | X2: 20 | Y2: 21 | Z2: 22 | AA2: 23 | AB2: 24 | AC2: 25 | AD2: 26 | AE2: 27 | AF2: 28 | AG2: 29 | AH2: 30 | AI2: 31 | AJ2: Mês
B3: Despesas Variáveis do Dia-a-Dia | C3: Alimentação | D3: Café da manhã | AJ3: =SUM(E3:AI3) -> 0
D4: Almoço | AJ4: =SUM(E4:AI4) -> 0
D5: Lanches | AJ5: =SUM(E5:AI5) -> 0
D6: Janta | AJ6: =SUM(E6:AI6) -> 0
D7: Supermercado | AJ7: =SUM(E7:AI7) -> 0
D8: Feira | AJ8: =SUM(E8:AI8) -> 0
D9: Padaria | AJ9: =SUM(E9:AI9) -> 0
D10: Outros | AJ10: =SUM(E10:AI10) -> 0
D11: Total | E11: =SUM(E3:E9) -> 0 | F11: =SUM(F3:F9) -> 0 | G11: =SUM(G3:G9) -> 0 | H11: =SUM(H3:H9) -> 0 | I11: =SUM(I3:I9) -> 0 | J11: =SUM(J3:J9) -> 0 | K11: =SUM(K3:K9) -> 0 | L11: =SUM(L3:L9) -> 0 | ... AI11: =SUM(AI3:AI9) -> 0 | AJ11: =SUM(E11:AI11) -> 0
C12: Transporte | D12: Manuntenção Carro | AJ12: =SUM(E12:AI12) -> 0
D13: Gasolina | AJ13: =SUM(E13:AI13) -> 0
D14: Bicicleta | AJ14: =SUM(E14:AI14) -> 0
D15: Metrô | AJ15: =SUM(E15:AI15) -> 0
D16: Ônibus | AJ16: =SUM(E16:AI16) -> 0
D17: Estacionamento | AJ17: =SUM(E17:AI17) -> 0
D18: Serviço App | AJ18: =SUM(E18:AI18) -> 0
D19: Pedágio | AJ19: =SUM(E19:AI19) -> 0
D20: Outros | AJ20: =SUM(E20:AI20) -> 0
D21: Total | E21: =SUM(E12:E19) -> 0 | F21: =SUM(F12:F19) -> 0 | G21: =SUM(G12:G19) -> 0 | H21: =SUM(H12:H19) -> 0 | I21: =SUM(I12:I19) -> 0 | J21: =SUM(J12:J19) -> 0 | K21: =SUM(K12:K19) -> 0 | L21: =SUM(L12:L19) -> 0 | ... AI21: =SUM(AI12:AI19) -> 0 | AJ21: =SUM(E21:AI21) -> 0
C22: Saúde | D22: Medicamentos | AJ22: =SUM(E22:AI22) -> 0
D23: Médico | AJ23: =SUM(E23:AI23) -> 0
D24: Outros
D25: Total | E25: =SUM(E22:E23) -> 0 | F25: =SUM(F22:F23) -> 0 | G25: =SUM(G22:G23) -> 0 | H25: =SUM(H22:H23) -> 0 | I25: =SUM(I22:I23) -> 0 | J25: =SUM(J22:J23) -> 0 | K25: =SUM(K22:K23) -> 0 | L25: =SUM(L22:L23) -> 0 | ... AI25: =SUM(AI22:AI23) -> 0 | AJ25: =SUM(E25:AI25) -> 0
C26: Educação | D26: Livros | AJ26: =SUM(E26:AI26) -> 0
D27: Material | AJ27: =SUM(E27:AI27) -> 0
D28: Curso | AJ28: =SUM(E28:AI28) -> 0
D29: Outros | AJ29: =SUM(E29:AI29) -> 0
D30: Total | E30: =SUM(E26:E28) -> 0 | F30: =SUM(F26:F28) -> 0 | G30: =SUM(G26:G28) -> 0 | H30: =SUM(H26:H28) -> 0 | I30: =SUM(I26:I28) -> 0 | J30: =SUM(J26:J28) -> 0 | K30: =SUM(K26:K28) -> 0 | L30: =SUM(L26:L28) -> 0 | ... AI30: =SUM(AI26:AI28) -> 0 | AJ30: =SUM(E30:AI30) -> 0
C31: Habitação | D31: Conserto | AJ31: =SUM(E31:AI31) -> 0
D32: Aparelho novo | AJ32: =SUM(E32:AI32) -> 0
D33: Outros | AJ33: =SUM(E33:AI33) -> 0
D34: Total | E34: =SUM(E31:E32) -> 0 | F34: =SUM(F31:F32) -> 0 | G34: =SUM(G31:G32) -> 0 | H34: =SUM(H31:H32) -> 0 | I34: =SUM(I31:I32) -> 0 | J34: =SUM(J31:J32) -> 0 | K34: =SUM(K31:K32) -> 0 | L34: =SUM(L31:L32) -> 0 | ... AI34: =SUM(AI31:AI32) -> 0 | AJ34: =SUM(E34:AI34) -> 0
C35: Lazer | D35: Cinema/Teatro | AJ35: =SUM(E35:AI35) -> 0
D36: Hotel | AJ36: =SUM(E36:AI36) -> 0
D37: Bar | AJ37: =SUM(E37:AI37) -> 0
D38: Festas | AJ38: =SUM(E38:AI38) -> 0
D39: Serviço App Bicicleta | AJ39: =SUM(E39:AI39) -> 0
D40: Viagem
D41: Outros | AJ41: =SUM(E41:AI41) -> 0
D42: Total | E42: =SUM(E35:E39) -> 0 | F42: =SUM(F35:F39) -> 0 | G42: =SUM(G35:G39) -> 0 | H42: =SUM(H35:H39) -> 0 | I42: =SUM(I35:I39) -> 0 | J42: =SUM(J35:J39) -> 0 | K42: =SUM(K35:K39) -> 0 | L42: =SUM(L35:L39) -> 0 | ... AI42: =SUM(AI35:AI39) -> 0 | AJ42: =SUM(E42:AI42) -> 0
C43: Aparelhos pessoais | D43: Celular | AJ43: =SUM(E43:AI43) -> 0
D44: Notebook | AJ44: =SUM(E44:AI44) -> 0
D45: Outros | AJ45: =SUM(E45:AI45) -> 0
D46: Total | E46: =SUM(E43:E44) -> 0 | F46: =SUM(F43:F44) -> 0 | G46: =SUM(G43:G44) -> 0 | H46: =SUM(H43:H44) -> 0 | I46: =SUM(I43:I44) -> 0 | J46: =SUM(J43:J44) -> 0 | K46: =SUM(K43:K44) -> 0 | L46: =SUM(L43:L44) -> 0 | ... AI46: =SUM(AI43:AI44) -> 0 | AJ46: =SUM(E46:AI46) -> 0
C47: Vestuário | D47: Roupas | AJ47: =SUM(E47:AI47) -> 0
D48: Tênis | AJ48: =SUM(E48:AI48) -> 0
D49: Outros | AJ49: =SUM(E49:AI49) -> 0
D50: Total | E50: =SUM(E47:E48) -> 0 | F50: =SUM(F47:F48) -> 0 | G50: =SUM(G47:G48) -> 0 | H50: =SUM(H47:H48) -> 0 | I50: =SUM(I47:I48) -> 0 | J50: =SUM(J47:J48) -> 0 | K50: =SUM(K47:K48) -> 0 | L50: =SUM(L47:L48) -> 0 | ... AI50: =SUM(AI47:AI48) -> 0 | AJ50: =SUM(E50:AI50) -> 0
C51: Acessórios | D51: Relógio | AJ51: =SUM(E51:AI51) -> 0
D52: Pulseira | AJ52: =SUM(E52:AI52) -> 0
D53: Cordão | AJ53: =SUM(E53:AI53) -> 0
D54: Outros | AJ54: =SUM(E54:AI54) -> 0
D55: Total | E55: =SUM(E51:E53) -> 0 | F55: =SUM(F51:F53) -> 0 | G55: =SUM(G51:G53) -> 0 | H55: =SUM(H51:H53) -> 0 | I55: =SUM(I51:I53) -> 0 | J55: =SUM(J51:J53) -> 0 | K55: =SUM(K51:K53) -> 0 | L55: =SUM(L51:L53) -> 0 | ... AI55: =SUM(AI51:AI53) -> 0 | AJ55: =SUM(E55:AI55) -> 0
C56: Cuidados Estéticos | D56: Produtos de beleza | AJ56: =SUM(E56:AI56) -> 0
D57: Esteticista | AJ57: =SUM(E57:AI57) -> 0
D58: Outros | AJ58: =SUM(E58:AI58) -> 0
D59: Total | E59: =SUM(E56:E57) -> 0 | F59: =SUM(F56:F57) -> 0 | G59: =SUM(G56:G57) -> 0 | H59: =SUM(H56:H57) -> 0 | I59: =SUM(I56:I57) -> 0 | J59: =SUM(J56:J57) -> 0 | K59: =SUM(K56:K57) -> 0 | L59: =SUM(L56:L57) -> 0 | ... AI59: =SUM(AI56:AI57) -> 0 | AJ59: =SUM(E59:AI59) -> 0
C60: Outros | D60: Presentes | AJ60: =SUM(E60:AI60) -> 0
D61: Doação | AJ61: =SUM(E61:AI61) -> 0
D62: Outros | AJ62: =SUM(E62:AI62) -> 0
D63: Total | E63: =SUM(E60:E61) -> 0 | F63: =SUM(F60:F61) -> 0 | G63: =SUM(G60:G61) -> 0 | H63: =SUM(H60:H61) -> 0 | I63: =SUM(I60:I61) -> 0 | J63: =SUM(J60:J61) -> 0 | K63: =SUM(K60:K61) -> 0 | L63: =SUM(L60:L61) -> 0 | ... AI63: =SUM(AI60:AI61) -> 0 | AJ63: =SUM(E63:AI63) -> 0
D64: Total Despesa | E64: =SUM(E11,E21,E25,E30,E34,E42,E46,E50,E55,E59,E63) -> 0 | F64: =SUM(F11,F21,F25,F30,F34,F42,F46,F50,F55,F59,F63) -> 0 | G64: =SUM(G11,G21,G25,G30,G34,G42,G46,G50,G55,G59,G63) -> 0 | H64: =SUM(H11,H21,H25,H30,H34,H42,H46,H50,H55,H59,H63) -> 0 | I64: =SUM(I11,I21,I25,I30,I34,I42,I46,I50,I55,I59,I63) -> 0 | J64: =SUM(J11,J21,J25,J30,J34,J42,J46,J50,J55,J59,J63) -> 0 | K64: =SUM(K11,K21,K25,K30,K34,K42,K46,K50,K55,K59,K63) -> 0 | L64: =SUM(L11,L21,L25,L30,L34,L42,L46,L50,L55,L59,L63) -> 0 | ... AI64: =SUM(AI11,AI21,AI25,AI30,AI34,AI42,AI46,AI50,AI55,AI59,AI63) -> 0 | AJ64: =SUM(E64:AI64) -> 0

Sheet Novembro
D2: Destino/Dias | E2: 1 | F2: 2 | G2: 3 | H2: 4 | I2: 5 | J2: 6 | K2: 7 | L2: 8 | M2: 9 | N2: 10 | O2: 11 | P2: 12 | Q2: 13 | R2: 14 | S2: 15 | T2: 16 | U2: 17 | V2: 18 | W2: 19 | X2: 20 | Y2: 21 | Z2: 22 | AA2: 23 | AB2: 24 | AC2: 25 | AD2: 26 | AE2: 27 | AF2: 28 | AG2: 29 | AH2: 30 | AI2: 31 | AJ2: Mês
B3: Despesas Variáveis do Dia-a-Dia | C3: Alimentação | D3: Café da manhã | AJ3: =SUM(E3:AI3) -> 0 | AK3: 31
D4: Almoço | AJ4: =SUM(E4:AI4) -> 0
D5: Lanches | AJ5: =SUM(E5:AI5) -> 0
D6: Janta | AJ6: =SUM(E6:AI6) -> 0
D7: Supermercado | AJ7: =SUM(E7:AI7) -> 0
D8: Feira | AJ8: =SUM(E8:AI8) -> 0
D9: Padaria | AJ9: =SUM(E9:AI9) -> 0
D10: Outros | AJ10: =SUM(E10:AI10) -> 0
D11: Total | E11: =SUM(E3:E9) -> 0 | F11: =SUM(F3:F9) -> 0 | G11: =SUM(G3:G9) -> 0 | H11: =SUM(H3:H9) -> 0 | I11: =SUM(I3:I9) -> 0 | J11: =SUM(J3:J9) -> 0 | K11: =SUM(K3:K9) -> 0 | L11: =SUM(L3:L9) -> 0 | ... AI11: =SUM(AI3:AI9) -> 0 | AJ11: =SUM(E11:AI11) -> 0
C12: Transporte | D12: Manuntenção Carro | AJ12: =SUM(E12:AI12) -> 0
D13: Gasolina | AJ13: =SUM(E13:AI13) -> 0
D14: Bicicleta | AJ14: =SUM(E14:AI14) -> 0
D15: Metrô | AJ15: =SUM(E15:AI15) -> 0
D16: Ônibus | AJ16: =SUM(E16:AI16) -> 0
D17: Estacionamento | AJ17: =SUM(E17:AI17) -> 0
D18: Serviço App | AJ18: =SUM(E18:AI18) -> 0
D19: Pedágio | AJ19: =SUM(E19:AI19) -> 0
D20: Outros | AJ20: =SUM(E20:AI20) -> 0
D21: Total | E21: =SUM(E12:E19) -> 0 | F21: =SUM(F12:F19) -> 0 | G21: =SUM(G12:G19) -> 0 | H21: =SUM(H12:H19) -> 0 | I21: =SUM(I12:I19) -> 0 | J21: =SUM(J12:J19) -> 0 | K21: =SUM(K12:K19) -> 0 | L21: =SUM(L12:L19) -> 0 | ... AI21: =SUM(AI12:AI19) -> 0 | AJ21: =SUM(E21:AI21) -> 0
C22: Saúde | D22: Medicamentos | AJ22: =SUM(E22:AI22) -> 0
D23: Médico | AJ23: =SUM(E23:AI23) -> 0
D24: Outros
D25: Total | E25: =SUM(E22:E23) -> 0 | F25: =SUM(F22:F23) -> 0 | G25: =SUM(G22:G23) -> 0 | H25: =SUM(H22:H23) -> 0 | I25: =SUM(I22:I23) -> 0 | J25: =SUM(J22:J23) -> 0 | K25: =SUM(K22:K23) -> 0 | L25: =SUM(L22:L23) -> 0 | ... AI25: =SUM(AI22:AI23) -> 0 | AJ25: =SUM(E25:AI25) -> 0
C26: Educação | D26: Livros | AJ26: =SUM(E26:AI26) -> 0
D27: Material | AJ27: =SUM(E27:AI27) -> 0
D28: Curso | AJ28: =SUM(E28:AI28) -> 0
D29: Outros | AJ29: =SUM(E29:AI29) -> 0
D30: Total | E30: =SUM(E26:E28) -> 0 | F30: =SUM(F26:F28) -> 0 | G30: =SUM(G26:G28) -> 0 | H30: =SUM(H26:H28) -> 0 | I30: =SUM(I26:I28) -> 0 | J30: =SUM(J26:J28) -> 0 | K30: =SUM(K26:K28) -> 0 | L30: =SUM(L26:L28) -> 0 | ... AI30: =SUM(AI26:AI28) -> 0 | AJ30: =SUM(E30:AI30) -> 0
C31: Habitação | D31: Conserto | AJ31: =SUM(E31:AI31) -> 0
D32: Aparelho novo | AJ32: =SUM(E32:AI32) -> 0
D33: Outros | AJ33: =SUM(E33:AI33) -> 0
D34: Total | E34: =SUM(E31:E32) -> 0 | F34: =SUM(F31:F32) -> 0 | G34: =SUM(G31:G32) -> 0 | H34: =SUM(H31:H32) -> 0 | I34: =SUM(I31:I32) -> 0 | J34: =SUM(J31:J32) -> 0 | K34: =SUM(K31:K32) -> 0 | L34: =SUM(L31:L32) -> 0 | ... AI34: =SUM(AI31:AI32) -> 0 | AJ34: =SUM(E34:AI34) -> 0
C35: Lazer | D35: Cinema/Teatro | AJ35: =SUM(E35:AI35) -> 0
D36: Hotel | AJ36: =SUM(E36:AI36) -> 0
D37: Bar | AJ37: =SUM(E37:AI37) -> 0
D38: Festas | AJ38: =SUM(E38:AI38) -> 0
D39: Serviço App Bicicleta | AJ39: =SUM(E39:AI39) -> 0
D40: Viagem
D41: Outros | AJ41: =SUM(E41:AI41) -> 0
D42: Total | E42: =SUM(E35:E39) -> 0 | F42: =SUM(F35:F39) -> 0 | G42: =SUM(G35:G39) -> 0 | H42: =SUM(H35:H39) -> 0 | I42: =SUM(I35:I39) -> 0 | J42: =SUM(J35:J39) -> 0 | K42: =SUM(K35:K39) -> 0 | L42: =SUM(L35:L39) -> 0 | ... AI42: =SUM(AI35:AI39) -> 0 | AJ42: =SUM(E42:AI42) -> 0
C43: Aparelhos pessoais | D43: Celular | AJ43: =SUM(E43:AI43) -> 0
D44: Notebook | AJ44: =SUM(E44:AI44) -> 0
D45: Outros | AJ45: =SUM(E45:AI45) -> 0
D46: Total | E46: =SUM(E43:E44) -> 0 | F46: =SUM(F43:F44) -> 0 | G46: =SUM(G43:G44) -> 0 | H46: =SUM(H43:H44) -> 0 | I46: =SUM(I43:I44) -> 0 | J46: =SUM(J43:J44) -> 0 | K46: =SUM(K43:K44) -> 0 | L46: =SUM(L43:L44) -> 0 | ... AI46: =SUM(AI43:AI44) -> 0 | AJ46: =SUM(E46:AI46) -> 0
C47: Vestuário | D47: Roupas | AJ47: =SUM(E47:AI47) -> 0
D48: Tênis | AJ48: =SUM(E48:AI48) -> 0
D49: Outros | AJ49: =SUM(E49:AI49) -> 0
D50: Total | E50: =SUM(E47:E48) -> 0 | F50: =SUM(F47:F48) -> 0 | G50: =SUM(G47:G48) -> 0 | H50: =SUM(H47:H48) -> 0 | I50: =SUM(I47:I48) -> 0 | J50: =SUM(J47:J48) -> 0 | K50: =SUM(K47:K48) -> 0 | L50: =SUM(L47:L48) -> 0 | ... AI50: =SUM(AI47:AI48) -> 0 | AJ50: =SUM(E50:AI50) -> 0
C51: Acessórios | D51: Relógio | AJ51: =SUM(E51:AI51) -> 0
D52: Pulseira | AJ52: =SUM(E52:AI52) -> 0
D53: Cordão | AJ53: =SUM(E53:AI53) -> 0
D54: Outros | AJ54: =SUM(E54:AI54) -> 0
D55: Total | E55: =SUM(E51:E53) -> 0 | F55: =SUM(F51:F53) -> 0 | G55: =SUM(G51:G53) -> 0 | H55: =SUM(H51:H53) -> 0 | I55: =SUM(I51:I53) -> 0 | J55: =SUM(J51:J53) -> 0 | K55: =SUM(K51:K53) -> 0 | L55: =SUM(L51:L53) -> 0 | ... AI55: =SUM(AI51:AI53) -> 0 | AJ55: =SUM(E55:AI55) -> 0
C56: Cuidados Estéticos | D56: Produtos de beleza | AJ56: =SUM(E56:AI56) -> 0
D57: Esteticista | AJ57: =SUM(E57:AI57) -> 0
D58: Outros | AJ58: =SUM(E58:AI58) -> 0
D59: Total | E59: =SUM(E56:E57) -> 0 | F59: =SUM(F56:F57) -> 0 | G59: =SUM(G56:G57) -> 0 | H59: =SUM(H56:H57) -> 0 | I59: =SUM(I56:I57) -> 0 | J59: =SUM(J56:J57) -> 0 | K59: =SUM(K56:K57) -> 0 | L59: =SUM(L56:L57) -> 0 | ... AI59: =SUM(AI56:AI57) -> 0 | AJ59: =SUM(E59:AI59) -> 0
C60: Outros | D60: Presentes | AJ60: =SUM(E60:AI60) -> 0
D61: Doação | AJ61: =SUM(E61:AI61) -> 0
D62: Outros | AJ62: =SUM(E62:AI62) -> 0
D63: Total | E63: =SUM(E60:E61) -> 0 | F63: =SUM(F60:F61) -> 0 | G63: =SUM(G60:G61) -> 0 | H63: =SUM(H60:H61) -> 0 | I63: =SUM(I60:I61) -> 0 | J63: =SUM(J60:J61) -> 0 | K63: =SUM(K60:K61) -> 0 | L63: =SUM(L60:L61) -> 0 | ... AI63: =SUM(AI60:AI61) -> 0 | AJ63: =SUM(E63:AI63) -> 0
D64: Total Despesa | E64: =SUM(E11,E21,E25,E30,E34,E42,E46,E50,E55,E59,E63) -> 0 | F64: =SUM(F11,F21,F25,F30,F34,F42,F46,F50,F55,F59,F63) -> 0 | G64: =SUM(G11,G21,G25,G30,G34,G42,G46,G50,G55,G59,G63) -> 0 | H64: =SUM(H11,H21,H25,H30,H34,H42,H46,H50,H55,H59,H63) -> 0 | I64: =SUM(I11,I21,I25,I30,I34,I42,I46,I50,I55,I59,I63) -> 0 | J64: =SUM(J11,J21,J25,J30,J34,J42,J46,J50,J55,J59,J63) -> 0 | K64: =SUM(K11,K21,K25,K30,K34,K42,K46,K50,K55,K59,K63) -> 0 | L64: =SUM(L11,L21,L25,L30,L34,L42,L46,L50,L55,L59,L63) -> 0 | ... AI64: =SUM(AI11,AI21,AI25,AI30,AI34,AI42,AI46,AI50,AI55,AI59,AI63) -> 0 | AJ64: =SUM(E64:AI64) -> 0

Sheet Dezembro
D2: Destino/Dias | E2: 1 | F2: 2 | G2: 3 | H2: 4 | I2: 5 | J2: 6 | K2: 7 | L2: 8 | M2: 9 | N2: 10 | O2: 11 | P2: 12 | Q2: 13 | R2: 14 | S2: 15 | T2: 16 | U2: 17 | V2: 18 | W2: 19 | X2: 20 | Y2: 21 | Z2: 22 | AA2: 23 | AB2: 24 | AC2: 25 | AD2: 26 | AE2: 27 | AF2: 28 | AG2: 29 | AH2: 30 | AI2: 31 | AJ2: Mês
B3: Despesas Variáveis do Dia-a-Dia | C3: Alimentação | D3: Café da manhã | AJ3: =SUM(E3:AI3) -> 0
D4: Almoço | AJ4: =SUM(E4:AI4) -> 0
D5: Lanches | AJ5: =SUM(E5:AI5) -> 0
D6: Janta | AJ6: =SUM(E6:AI6) -> 0
D7: Supermercado | AJ7: =SUM(E7:AI7) -> 0
D8: Feira | AJ8: =SUM(E8:AI8) -> 0
D9: Padaria | AJ9: =SUM(E9:AI9) -> 0
D10: Outros | AJ10: =SUM(E10:AI10) -> 0
D11: Total | E11: =SUM(E3:E9) -> 0 | F11: =SUM(F3:F9) -> 0 | G11: =SUM(G3:G9) -> 0 | H11: =SUM(H3:H9) -> 0 | I11: =SUM(I3:I9) -> 0 | J11: =SUM(J3:J9) -> 0 | K11: =SUM(K3:K9) -> 0 | L11: =SUM(L3:L9) -> 0 | ... AI11: =SUM(AI3:AI9) -> 0 | AJ11: =SUM(E11:AI11) -> 0
C12: Transporte | D12: Manuntenção Carro | AJ12: =SUM(E12:AI12) -> 0
D13: Gasolina | AJ13: =SUM(E13:AI13) -> 0
D14: Bicicleta | AJ14: =SUM(E14:AI14) -> 0
D15: Metrô | AJ15: =SUM(E15:AI15) -> 0
D16: Ônibus | AJ16: =SUM(E16:AI16) -> 0
D17: Estacionamento | AJ17: =SUM(E17:AI17) -> 0
D18: Serviço App | AJ18: =SUM(E18:AI18) -> 0
D19: Pedágio | AJ19: =SUM(E19:AI19) -> 0
D20: Outros | AJ20: =SUM(E20:AI20) -> 0
D21: Total | E21: =SUM(E12:E19) -> 0 | F21: =SUM(F12:F19) -> 0 | G21: =SUM(G12:G19) -> 0 | H21: =SUM(H12:H19) -> 0 | I21: =SUM(I12:I19) -> 0 | J21: =SUM(J12:J19) -> 0 | K21: =SUM(K12:K19) -> 0 | L21: =SUM(L12:L19) -> 0 | ... AI21: =SUM(AI12:AI19) -> 0 | AJ21: =SUM(E21:AI21) -> 0
C22: Saúde | D22: Medicamentos | AJ22: =SUM(E22:AI22) -> 0
D23: Médico | AJ23: =SUM(E23:AI23) -> 0
D24: Outros
D25: Total | E25: =SUM(E22:E23) -> 0 | F25: =SUM(F22:F23) -> 0 | G25: =SUM(G22:G23) -> 0 | H25: =SUM(H22:H23) -> 0 | I25: =SUM(I22:I23) -> 0 | J25: =SUM(J22:J23) -> 0 | K25: =SUM(K22:K23) -> 0 | L25: =SUM(L22:L23) -> 0 | ... AI25: =SUM(AI22:AI23) -> 0 | AJ25: =SUM(E25:AI25) -> 0
C26: Educação | D26: Livros | AJ26: =SUM(E26:AI26) -> 0
D27: Material | AJ27: =SUM(E27:AI27) -> 0
D28: Curso | AJ28: =SUM(E28:AI28) -> 0
D29: Outros | AJ29: =SUM(E29:AI29) -> 0
D30: Total | E30: =SUM(E26:E28) -> 0 | F30: =SUM(F26:F28) -> 0 | G30: =SUM(G26:G28) -> 0 | H30: =SUM(H26:H28) -> 0 | I30: =SUM(I26:I28) -> 0 | J30: =SUM(J26:J28) -> 0 | K30: =SUM(K26:K28) -> 0 | L30: =SUM(L26:L28) -> 0 | ... AI30: =SUM(AI26:AI28) -> 0 | AJ30: =SUM(E30:AI30) -> 0
C31: Habitação | D31: Conserto | AJ31: =SUM(E31:AI31) -> 0
D32: Aparelho novo | AJ32: =SUM(E32:AI32) -> 0
D33: Outros | AJ33: =SUM(E33:AI33) -> 0
D34: Total | E34: =SUM(E31:E32) -> 0 | F34: =SUM(F31:F32) -> 0 | G34: =SUM(G31:G32) -> 0 | H34: =SUM(H31:H32) -> 0 | I34: =SUM(I31:I32) -> 0 | J34: =SUM(J31:J32) -> 0 | K34: =SUM(K31:K32) -> 0 | L34: =SUM(L31:L32) -> 0 | ... AI34: =SUM(AI31:AI32) -> 0 | AJ34: =SUM(E34:AI34) -> 0
C35: Lazer | D35: Cinema/Teatro | AJ35: =SUM(E35:AI35) -> 0
D36: Hotel | AJ36: =SUM(E36:AI36) -> 0
D37: Bar | AJ37: =SUM(E37:AI37) -> 0
D38: Festas | AJ38: =SUM(E38:AI38) -> 0
D39: Serviço App Bicicleta | AJ39: =SUM(E39:AI39) -> 0
D40: Viagem
D41: Outros | AJ41: =SUM(E41:AI41) -> 0
D42: Total | E42: =SUM(E35:E39) -> 0 | F42: =SUM(F35:F39) -> 0 | G42: =SUM(G35:G39) -> 0 | H42: =SUM(H35:H39) -> 0 | I42: =SUM(I35:I39) -> 0 | J42: =SUM(J35:J39) -> 0 | K42: =SUM(K35:K39) -> 0 | L42: =SUM(L35:L39) -> 0 | ... AI42: =SUM(AI35:AI39) -> 0 | AJ42: =SUM(E42:AI42) -> 0
C43: Aparelhos pessoais | D43: Celular | AJ43: =SUM(E43:AI43) -> 0
D44: Notebook | AJ44: =SUM(E44:AI44) -> 0
D45: Outros | AJ45: =SUM(E45:AI45) -> 0
D46: Total | E46: =SUM(E43:E44) -> 0 | F46: =SUM(F43:F44) -> 0 | G46: =SUM(G43:G44) -> 0 | H46: =SUM(H43:H44) -> 0 | I46: =SUM(I43:I44) -> 0 | J46: =SUM(J43:J44) -> 0 | K46: =SUM(K43:K44) -> 0 | L46: =SUM(L43:L44) -> 0 | ... AI46: =SUM(AI43:AI44) -> 0 | AJ46: =SUM(E46:AI46) -> 0
C47: Vestuário | D47: Roupas | AJ47: =SUM(E47:AI47) -> 0
D48: Tênis | AJ48: =SUM(E48:AI48) -> 0
D49: Outros | AJ49: =SUM(E49:AI49) -> 0
D50: Total | E50: =SUM(E47:E48) -> 0 | F50: =SUM(F47:F48) -> 0 | G50: =SUM(G47:G48) -> 0 | H50: =SUM(H47:H48) -> 0 | I50: =SUM(I47:I48) -> 0 | J50: =SUM(J47:J48) -> 0 | K50: =SUM(K47:K48) -> 0 | L50: =SUM(L47:L48) -> 0 | ... AI50: =SUM(AI47:AI48) -> 0 | AJ50: =SUM(E50:AI50) -> 0
C51: Acessórios | D51: Relógio | AJ51: =SUM(E51:AI51) -> 0
D52: Pulseira | AJ52: =SUM(E52:AI52) -> 0
D53: Cordão | AJ53: =SUM(E53:AI53) -> 0
D54: Outros | AJ54: =SUM(E54:AI54) -> 0
D55: Total | E55: =SUM(E51:E53) -> 0 | F55: =SUM(F51:F53) -> 0 | G55: =SUM(G51:G53) -> 0 | H55: =SUM(H51:H53) -> 0 | I55: =SUM(I51:I53) -> 0 | J55: =SUM(J51:J53) -> 0 | K55: =SUM(K51:K53) -> 0 | L55: =SUM(L51:L53) -> 0 | ... AI55: =SUM(AI51:AI53) -> 0 | AJ55: =SUM(E55:AI55) -> 0
C56: Cuidados Estéticos | D56: Produtos de beleza | AJ56: =SUM(E56:AI56) -> 0
D57: Esteticista | AJ57: =SUM(E57:AI57) -> 0
D58: Outros | AJ58: =SUM(E58:AI58) -> 0
D59: Total | E59: =SUM(E56:E57) -> 0 | F59: =SUM(F56:F57) -> 0 | G59: =SUM(G56:G57) -> 0 | H59: =SUM(H56:H57) -> 0 | I59: =SUM(I56:I57) -> 0 | J59: =SUM(J56:J57) -> 0 | K59: =SUM(K56:K57) -> 0 | L59: =SUM(L56:L57) -> 0 | ... AI59: =SUM(AI56:AI57) -> 0 | AJ59: =SUM(E59:AI59) -> 0
C60: Outros | D60: Presentes | AJ60: =SUM(E60:AI60) -> 0
D61: Doação | AJ61: =SUM(E61:AI61) -> 0
D62: Outros | AJ62: =SUM(E62:AI62) -> 0
D63: Total | E63: =SUM(E60:E61) -> 0 | F63: =SUM(F60:F61) -> 0 | G63: =SUM(G60:G61) -> 0 | H63: =SUM(H60:H61) -> 0 | I63: =SUM(I60:I61) -> 0 | J63: =SUM(J60:J61) -> 0 | K63: =SUM(K60:K61) -> 0 | L63: =SUM(L60:L61) -> 0 | ... AI63: =SUM(AI60:AI61) -> 0 | AJ63: =SUM(E63:AI63) -> 0
D64: Total Despesa | E64: =SUM(E11,E21,E25,E30,E34,E42,E46,E50,E55,E59,E63) -> 0 | F64: =SUM(F11,F21,F25,F30,F34,F42,F46,F50,F55,F59,F63) -> 0 | G64: =SUM(G11,G21,G25,G30,G34,G42,G46,G50,G55,G59,G63) -> 0 | H64: =SUM(H11,H21,H25,H30,H34,H42,H46,H50,H55,H59,H63) -> 0 | I64: =SUM(I11,I21,I25,I30,I34,I42,I46,I50,I55,I59,I63) -> 0 | J64: =SUM(J11,J21,J25,J30,J34,J42,J46,J50,J55,J59,J63) -> 0 | K64: =SUM(K11,K21,K25,K30,K34,K42,K46,K50,K55,K59,K63) -> 0 | L64: =SUM(L11,L21,L25,L30,L34,L42,L46,L50,L55,L59,L63) -> 0 | ... AI64: =SUM(AI11,AI21,AI25,AI30,AI34,AI42,AI46,AI50,AI55,AI59,AI63) -> 0 | AJ64: =SUM(E64:AI64) -> 0
